Workbook

Sheet 1_手取り
A1: 賞与の手取り。黄色を埋める（協会けんぽ・雇用保険は令和8年度、所得税は令和8年分の税額表）
A2: 入れるもの | B2: 値 | C2: メモ | E2: 計算 | F2: 値 | G2: メモ
A3: 賞与の額（税引き前の総支給） | B3: 500000 | C3: 通勤手当は含まない | E3: 標準賞与額 | F3: =ROUNDDOWN($B$3,-3) | G3: 千円未満を切り捨て
A4: 都道府県（協会けんぽの支部） | B4: 東京都 | C4: 健康保険組合の人は料率が違う | E4: 健康保険・介護・支援金の対象額 | F4: =MAX(0,MIN($F$3,料率!$E$11-$B$12)) | G4: 年度累計573万円まで
A5: 40歳から64歳か | B5: いいえ | C5: はいなら介護保険料がかかる | E5: 厚生年金の対象額 | F5: =MIN($F$3,料率!$E$12) | G5: 1か月150万円まで
A6: 事業の種類 | B6: 一般の事業 | C6: 雇用保険の料率が変わる | E6: 健康保険料率 | F6: =INDEX(料率!$B$4:$B$50,MATCH($B$4,料率!$A$4:$A$50,0))
A7: 扶養親族等の数 | B7: 0 | C7: 扶養控除等申告書に書いた人数（0〜7） | E7: 介護保険料率 | F7: =IF($B$5="はい",料率!$E$4,0)
A8: 前月に給与の支払があったか | B8: あり | C8: 賞与を払う月の前の月に払った給与 | E8: 健康保険料（介護を含む） | F8: =IF(ROUND($F$4*($F$6+$F$7)/2,4)<=0.5,0,ROUNDUP(ROUND($F$4*($F$6+$F$7)/2,4)-0.5,0)) | G8: 折半。50銭以下は切り捨て
A9: 前月の給与（非課税の通勤手当を除く） | B9: 300000 | C9: 給与明細の課税対象額 | E9: 子ども・子育て支援金 | F9: =IF(ROUND($F$4*料率!$E$5/2,4)<=0.5,0,ROUNDUP(ROUND($F$4*料率!$E$5/2,4)-0.5,0)) | G9: 令和8年4月分から
A10: 前月の給与から引いた社会保険料等 | B10: 44070 | C10: 健康保険・介護・支援金・厚生年金・雇用保険の計 | E10: 厚生年金保険料 | F10: =IF(ROUND($F$5*料率!$E$6/2,4)<=0.5,0,ROUNDUP(ROUND($F$5*料率!$E$6/2,4)-0.5,0))
A11: 賞与の計算期間が6か月を超えるか | B11: いいえ | C11: はいなら12で割る | E11: 雇用保険料 | F11: =IF(ROUND($B$3*INDEX(料率!$E$8:$E$10,MATCH($B$6,料率!$D$8:$D$10,0)),4)<=0.5,0,ROUNDUP(ROUND($B$3*INDEX(料率!$E$8:$E$10,MATCH($B$6,料率!$D$8:$D$10,0)),4)-0.5,0)) | G11: 支給額に掛ける（千円未満を切り捨てない）
A12: 今年度すでに出た標準賞与額の累計 | B12: 0 | C12: 4月からの累計。健康保険の573万円の上限に使う | E12: 社会保険料の計 | F12: =SUM($F$8:$F$11)
E13: 社会保険料を引いた賞与 | F13: =$B$3-$F$12 | G13: 税率を掛けるのはこの額
E14: 前月の社会保険料等控除後の給与 | F14: =IF($B$8="なし",0,$B$9-$B$10) | G14: 税率の行を決める額
E15: 計算のしかた | F15: =IF(OR($B$8="なし",$F$14<=0),"前月の給与なし",IF($F$13>$F$14*10,"10倍超","算出率の表")) | G15: 国税庁 No.2523 の3通り
E16: 割る数 | F16: =IF($B$11="はい",12,6) | G16: 前月の給与なし・10倍超で使う
E17: 算出率の表の率 | F17: =IF($F$15="算出率の表",INDEX(算出率!$A$4:$A$24,MATCH($F$14,INDEX(算出率!$B$4:$I$24,0,$B$7+1),1)),"")
E18: 月額表に当てる額 | F18: =IF($F$15="算出率の表","",ROUNDDOWN($F$13/$F$16,0)+IF($F$15="10倍超",$F$14,0)) | G18: 賞与を6（12）で割った額。10倍超は前月の給与を足す
E19: その額の月額表の税額 | F19: =IF($F$18="","",IF($F$18<105000,0,IF($F$18<740000,INDEX(月額表!$B$4:$I$234,MATCH($F$18,月額表!$A$4:$A$234,1),$B$7+1),INDEX(月額表!$M$4:$T$12,MATCH($F$18,月額表!$K$4:$K$12,1),$B$7+1)+ROUNDDOWN(ROUND(($F$18-INDEX(月額表!$K$4:$K$12,MATCH($F$18,月額表!$K$4:$K$12,1)))*INDEX(月額表!$L$4:$L$12,MATCH($F$18,月額表!$K$4:$K$12,1)),4),0))))
E20: 前月の給与の月額表の税額 | F20: =IF($F$15="10倍超",IF($F$14<105000,0,IF($F$14<740000,INDEX(月額表!$B$4:$I$234,MATCH($F$14,月額表!$A$4:$A$234,1),$B$7+1),INDEX(月額表!$M$4:$T$12,MATCH($F$14,月額表!$K$4:$K$12,1),$B$7+1)+ROUNDDOWN(ROUND(($F$14-INDEX(月額表!$K$4:$K$12,MATCH($F$14,月額表!$K$4:$K$12,1)))*INDEX(月額表!$L$4:$L$12,MATCH($F$14,月額表!$K$4:$K$12,1)),4),0))),IF($F$15="前月の給与なし",0,"")) | G20: 10倍超のときだけ引く
E21: 源泉所得税 | F21: =IF($F$15="算出率の表",ROUNDDOWN(ROUND($F$13*$F$17,4),0),($F$19-$F$20)*$F$16) | G21: 1円未満は切り捨て
E22: 手取り | F22: =$B$3-$F$12-$F$21
E23: 手取りの割合 | F23: =$F$22/$B$3
E24: 住民税 | F24: 引かない | G24: 毎月の給与から12分の1ずつ引く（地方税法第321条の5）
E28: 取り違えたとき | F28: 源泉所得税 | G28: 正しい額との差
E29: 社会保険料を引く前の前月の給与で税率の行を引いた | F29: =IF($F$15<>"算出率の表","",ROUNDDOWN(ROUND($F$13*INDEX(算出率!$A$4:$A$24,MATCH($B$9,INDEX(算出率!$B$4:$I$24,0,$B$7+1),1)),4),0)) | G29: =IF(F29="","この場合は起きない",F29-$F$21)
E30: 社会保険料を引く前の賞与に税率を掛けた | F30: =IF($F$15<>"算出率の表","",ROUNDDOWN(ROUND($B$3*$F$17,4),0)) | G30: =IF(F30="","この場合は起きない",F30-$F$21)
E31: 前月の給与なし・10倍超を算出率の表で出した | F31: =IF($F$15="算出率の表","",ROUNDDOWN(ROUND($F$13*INDEX(算出率!$A$4:$A$24,MATCH(MAX(0,$F$14),INDEX(算出率!$B$4:$I$24,0,$B$7+1),1)),4),0)) | G31: =IF(F31="","この場合は起きない",F31-$F$21)

Sheet 2_前月の給与別
A1: 前月の給与が違うと、同じ賞与の所得税と手取りがどう変わるか。賞与・都道府県・年齢・扶養・事業は1_手取りの値を使う
A2: 前月の社会保険料は、前月の総支給と同じ水準で標準報酬月額が決まっている人として出した。通勤手当はない人とした。0は前月の給与なし
A4: 前月の総支給 | B4: 標準報酬月額 | C4: 健康保険料（介護を含む） | D4: 支援金 | E4: 厚生年金 | F4: 雇用保険 | G4: 前月の社会保険料の計 | H4: 前月の社会保険料等控除後 | I4: 計算のしかた | J4: 率 | K4: 源泉所得税 | L4: 手取り | M4: 1行上との差
A5: 0 | B5: =IF(OR($A5="",$A5=0),"",INDEX(標準報酬!$B$4:$B$53,MATCH($A5,標準報酬!$A$4:$A$53,1))) | C5: =IF(OR($A5="",$A5=0),"",IF(ROUND($B5*('1_手取り'!$F$6+'1_手取り'!$F$7)/2,4)<=0.5,0,ROUNDUP(ROUND($B5*('1_手取り'!$F$6+'1_手取り'!$F$7)/2,4)-0.5,0))) | D5: =IF(OR($A5="",$A5=0),"",IF(ROUND($B5*料率!$E$5/2,4)<=0.5,0,ROUNDUP(ROUND($B5*料率!$E$5/2,4)-0.5,0))) | E5: =IF(OR($A5="",$A5=0),"",IF(ROUND(MIN(MAX($B5,88000),650000)*料率!$E$6/2,4)<=0.5,0,ROUNDUP(ROUND(MIN(MAX($B5,88000),650000)*料率!$E$6/2,4)-0.5,0))) | F5: =IF(OR($A5="",$A5=0),"",IF(ROUND($A5*INDEX(料率!$E$8:$E$10,MATCH('1_手取り'!$B$6,料率!$D$8:$D$10,0)),4)<=0.5,0,ROUNDUP(ROUND($A5*INDEX(料率!$E$8:$E$10,MATCH('1_手取り'!$B$6,料率!$D$8:$D$10,0)),4)-0.5,0))) | G5: =IF(OR($A5="",$A5=0),"",SUM($C5:$F5)) | H5: =IF($A5="","",IF($A5=0,0,$A5-$G5)) | I5: =IF($A5="","",IF(OR($A5=0,$H5<=0),"前月の給与なし",IF('1_手取り'!$F$13>$H5*10,"10倍超","算出率の表"))) | J5: =IF($A5="","",IF($I5="算出率の表",INDEX(算出率!$A$4:$A$24,MATCH($H5,INDEX(算出率!$B$4:$I$24,0,'1_手取り'!$B$7+1),1)),"")) | K5: =IF($A5="","",IF($I5="算出率の表",ROUNDDOWN(ROUND('1_手取り'!$F$13*$J5,4),0),IF($I5="前月の給与なし",IF(ROUNDDOWN('1_手取り'!$F$13/'1_手取り'!$F$16,0)<105000,0,IF(ROUNDDOWN('1_手取り'!$F$13/'1_手取り'!$F$16,0)<740000,INDEX(月額表!$B$4:$I$234,MATCH(ROUNDDOWN('1_手取り'!$F$13/'1_手取り'!$F$16,0),月額表!$A$4:$A$234,1),'1_手取り'!$B$7+1),INDEX(月額表!$M$4:$T$12,MATCH(ROUNDDOWN('1_手取り'!$F$13/'1_手取り'!$F$16,0),月額表!$K$4:$K$12,1),'1_手取り'!$B$7+1)+ROUNDDOWN(ROUND((ROUNDDOWN('1_手取り'!$F$13/'1_手取り'!$F$16,0)-INDEX(月額表!$K$4:$K$12,MATCH(ROUNDDOWN('1_手取り'!$F$13/'1_手取り'!$F$16,0),月額表!$K$4:$K$12,1)))*INDEX(月額表!$L$4:$L$12,MATCH(ROUNDDOWN('1_手取り'!$F$13/'1_手取り'!$F$16,0),月額表!$K$4:$K$12,1)),4),0)))*'1_手取り'!$F$16,(IF((ROUNDDOWN('1_手取り'!$F$13/'1_手取り'!$F$16,0)+$H5)<105000,0,IF((ROUNDDOWN('1_手取り'!$F$13/'1_手取り'!$F$16,0)+$H5)<740000,INDEX(月額表!$B$4:$I$234,MATCH((ROUNDDOWN('1_手取り'!$F$13/'1_手取り'!$F$16,0)+$H5),月額表!$A$4:$A$234,1),'1_手取り'!$B$7+1),INDEX(月額表!$M$4:$T$12,MATCH((ROUNDDOWN('1_手取り'!$F$13/'1_手取り'!$F$16,0)+$H5),月額表!$K$4:$K$12,1),'1_手取り'!$B$7+1)+ROUNDDOWN(ROUND(((ROUNDDOWN('1_手取り'!$F$13/'1_手取り'!$F$16,0)+$H5)-INDEX(月額表!$K$4:$K$12,MATCH((ROUNDDOWN('1_手取り'!$F$13/'1_手取り'!$F$16,0)+$H5),月額表!$K$4:$K$12,1)))*INDEX(月額表!$L$4:$L$12,MATCH((ROUNDDOWN('1_手取り'!$F$13/'1_手取り'!$F$16,0)+$H5),月額表!$K$4:$K$12,1)),4),0)))-IF($H5<105000,0,IF($H5<740000,INDEX(月額表!$B$4:$I$234,MATCH($H5,月額表!$A$4:$A$234,1),'1_手取り'!$B$7+1),INDEX(月額表!$M$4:$T$12,MATCH($H5,月額表!$K$4:$K$12,1),'1_手取り'!$B$7+1)+ROUNDDOWN(ROUND(($H5-INDEX(月額表!$K$4:$K$12,MATCH($H5,月額表!$K$4:$K$12,1)))*INDEX(月額表!$L$4:$L$12,MATCH($H5,月額表!$K$4:$K$12,1)),4),0))))*'1_手取り'!$F$16))) | L5: =IF($A5="","",'1_手取り'!$B$3-'1_手取り'!$F$12-$K5) | M5: =""
A6: 150000 | B6: =IF(OR($A6="",$A6=0),"",INDEX(標準報酬!$B$4:$B$53,MATCH($A6,標準報酬!$A$4:$A$53,1))) | C6: =IF(OR($A6="",$A6=0),"",IF(ROUND($B6*('1_手取り'!$F$6+'1_手取り'!$F$7)/2,4)<=0.5,0,ROUNDUP(ROUND($B6*('1_手取り'!$F$6+'1_手取り'!$F$7)/2,4)-0.5,0))) | D6: =IF(OR($A6="",$A6=0),"",IF(ROUND($B6*料率!$E$5/2,4)<=0.5,0,ROUNDUP(ROUND($B6*料率!$E$5/2,4)-0.5,0))) | E6: =IF(OR($A6="",$A6=0),"",IF(ROUND(MIN(MAX($B6,88000),650000)*料率!$E$6/2,4)<=0.5,0,ROUNDUP(ROUND(MIN(MAX($B6,88000),650000)*料率!$E$6/2,4)-0.5,0))) | F6: =IF(OR($A6="",$A6=0),"",IF(ROUND($A6*INDEX(料率!$E$8:$E$10,MATCH('1_手取り'!$B$6,料率!$D$8:$D$10,0)),4)<=0.5,0,ROUNDUP(ROUND($A6*INDEX(料率!$E$8:$E$10,MATCH('1_手取り'!$B$6,料率!$D$8:$D$10,0)),4)-0.5,0))) | G6: =IF(OR($A6="",$A6=0),"",SUM($C6:$F6)) | H6: =IF($A6="","",IF($A6=0,0,$A6-$G6)) | I6: =IF($A6="","",IF(OR($A6=0,$H6<=0),"前月の給与なし",IF('1_手取り'!$F$13>$H6*10,"10倍超","算出率の表"))) | J6: =IF($A6="","",IF($I6="算出率の表",INDEX(算出率!$A$4:$A$24,MATCH($H6,INDEX(算出率!$B$4:$I$24,0,'1_手取り'!$B$7+1),1)),"")) | K6: =IF($A6="","",IF($I6="算出率の表",ROUNDDOWN(ROUND('1_手取り'!$F$13*$J6,4),0),IF($I6="前月の給与なし",IF(ROUNDDOWN('1_手取り'!$F$13/'1_手取り'!$F$16,0)<105000,0,IF(ROUNDDOWN('1_手取り'!$F$13/'1_手取り'!$F$16,0)<740000,INDEX(月額表!$B$4:$I$234,MATCH(ROUNDDOWN('1_手取り'!$F$13/'1_手取り'!$F$16,0),月額表!$A$4:$A$234,1),'1_手取り'!$B$7+1),INDEX(月額表!$M$4:$T$12,MATCH(ROUNDDOWN('1_手取り'!$F$13/'1_手取り'!$F$16,0),月額表!$K$4:$K$12,1),'1_手取り'!$B$7+1)+ROUNDDOWN(ROUND((ROUNDDOWN('1_手取り'!$F$13/'1_手取り'!$F$16,0)-INDEX(月額表!$K$4:$K$12,MATCH(ROUNDDOWN('1_手取り'!$F$13/'1_手取り'!$F$16,0),月額表!$K$4:$K$12,1)))*INDEX(月額表!$L$4:$L$12,MATCH(ROUNDDOWN('1_手取り'!$F$13/'1_手取り'!$F$16,0),月額表!$K$4:$K$12,1)),4),0)))*'1_手取り'!$F$16,(IF((ROUNDDOWN('1_手取り'!$F$13/'1_手取り'!$F$16,0)+$H6)<105000,0,IF((ROUNDDOWN('1_手取り'!$F$13/'1_手取り'!$F$16,0)+$H6)<740000,INDEX(月額表!$B$4:$I$234,MATCH((ROUNDDOWN('1_手取り'!$F$13/'1_手取り'!$F$16,0)+$H6),月額表!$A$4:$A$234,1),'1_手取り'!$B$7+1),INDEX(月額表!$M$4:$T$12,MATCH((ROUNDDOWN('1_手取り'!$F$13/'1_手取り'!$F$16,0)+$H6),月額表!$K$4:$K$12,1),'1_手取り'!$B$7+1)+ROUNDDOWN(ROUND(((ROUNDDOWN('1_手取り'!$F$13/'1_手取り'!$F$16,0)+$H6)-INDEX(月額表!$K$4:$K$12,MATCH((ROUNDDOWN('1_手取り'!$F$13/'1_手取り'!$F$16,0)+$H6),月額表!$K$4:$K$12,1)))*INDEX(月額表!$L$4:$L$12,MATCH((ROUNDDOWN('1_手取り'!$F$13/'1_手取り'!$F$16,0)+$H6),月額表!$K$4:$K$12,1)),4),0)))-IF($H6<105000,0,IF($H6<740000,INDEX(月額表!$B$4:$I$234,MATCH($H6,月額表!$A$4:$A$234,1),'1_手取り'!$B$7+1),INDEX(月額表!$M$4:$T$12,MATCH($H6,月額表!$K$4:$K$12,1),'1_手取り'!$B$7+1)+ROUNDDOWN(ROUND(($H6-INDEX(月額表!$K$4:$K$12,MATCH($H6,月額表!$K$4:$K$12,1)))*INDEX(月額表!$L$4:$L$12,MATCH($H6,月額表!$K$4:$K$12,1)),4),0))))*'1_手取り'!$F$16))) | L6: =IF($A6="","",'1_手取り'!$B$3-'1_手取り'!$F$12-$K6) | M6: =IF(OR($A6="",$A5="",ROW()=5),"",$L6-$L5)
A7: 200000 | B7: =IF(OR($A7="",$A7=0),"",INDEX(標準報酬!$B$4:$B$53,MATCH($A7,標準報酬!$A$4:$A$53,1))) | C7: =IF(OR($A7="",$A7=0),"",IF(ROUND($B7*('1_手取り'!$F$6+'1_手取り'!$F$7)/2,4)<=0.5,0,ROUNDUP(ROUND($B7*('1_手取り'!$F$6+'1_手取り'!$F$7)/2,4)-0.5,0))) | D7: =IF(OR($A7="",$A7=0),"",IF(ROUND($B7*料率!$E$5/2,4)<=0.5,0,ROUNDUP(ROUND($B7*料率!$E$5/2,4)-0.5,0))) | E7: =IF(OR($A7="",$A7=0),"",IF(ROUND(MIN(MAX($B7,88000),650000)*料率!$E$6/2,4)<=0.5,0,ROUNDUP(ROUND(MIN(MAX($B7,88000),650000)*料率!$E$6/2,4)-0.5,0))) | F7: =IF(OR($A7="",$A7=0),"",IF(ROUND($A7*INDEX(料率!$E$8:$E$10,MATCH('1_手取り'!$B$6,料率!$D$8:$D$10,0)),4)<=0.5,0,ROUNDUP(ROUND($A7*INDEX(料率!$E$8:$E$10,MATCH('1_手取り'!$B$6,料率!$D$8:$D$10,0)),4)-0.5,0))) | G7: =IF(OR($A7="",$A7=0),"",SUM($C7:$F7)) | H7: =IF($A7="","",IF($A7=0,0,$A7-$G7)) | I7: =IF($A7="","",IF(OR($A7=0,$H7<=0),"前月の給与なし",IF('1_手取り'!$F$13>$H7*10,"10倍超","算出率の表"))) | J7: =IF($A7="","",IF($I7="算出率の表",INDEX(算出率!$A$4:$A$24,MATCH($H7,INDEX(算出率!$B$4:$I$24,0,'1_手取り'!$B$7+1),1)),"")) | K7: =IF($A7="","",IF($I7="算出率の表",ROUNDDOWN(ROUND('1_手取り'!$F$13*$J7,4),0),IF($I7="前月の給与なし",IF(ROUNDDOWN('1_手取り'!$F$13/'1_手取り'!$F$16,0)<105000,0,IF(ROUNDDOWN('1_手取り'!$F$13/'1_手取り'!$F$16,0)<740000,INDEX(月額表!$B$4:$I$234,MATCH(ROUNDDOWN('1_手取り'!$F$13/'1_手取り'!$F$16,0),月額表!$A$4:$A$234,1),'1_手取り'!$B$7+1),INDEX(月額表!$M$4:$T$12,MATCH(ROUNDDOWN('1_手取り'!$F$13/'1_手取り'!$F$16,0),月額表!$K$4:$K$12,1),'1_手取り'!$B$7+1)+ROUNDDOWN(ROUND((ROUNDDOWN('1_手取り'!$F$13/'1_手取り'!$F$16,0)-INDEX(月額表!$K$4:$K$12,MATCH(ROUNDDOWN('1_手取り'!$F$13/'1_手取り'!$F$16,0),月額表!$K$4:$K$12,1)))*INDEX(月額表!$L$4:$L$12,MATCH(ROUNDDOWN('1_手取り'!$F$13/'1_手取り'!$F$16,0),月額表!$K$4:$K$12,1)),4),0)))*'1_手取り'!$F$16,(IF((ROUNDDOWN('1_手取り'!$F$13/'1_手取り'!$F$16,0)+$H7)<105000,0,IF((ROUNDDOWN('1_手取り'!$F$13/'1_手取り'!$F$16,0)+$H7)<740000,INDEX(月額表!$B$4:$I$234,MATCH((ROUNDDOWN('1_手取り'!$F$13/'1_手取り'!$F$16,0)+$H7),月額表!$A$4:$A$234,1),'1_手取り'!$B$7+1),INDEX(月額表!$M$4:$T$12,MATCH((ROUNDDOWN('1_手取り'!$F$13/'1_手取り'!$F$16,0)+$H7),月額表!$K$4:$K$12,1),'1_手取り'!$B$7+1)+ROUNDDOWN(ROUND(((ROUNDDOWN('1_手取り'!$F$13/'1_手取り'!$F$16,0)+$H7)-INDEX(月額表!$K$4:$K$12,MATCH((ROUNDDOWN('1_手取り'!$F$13/'1_手取り'!$F$16,0)+$H7),月額表!$K$4:$K$12,1)))*INDEX(月額表!$L$4:$L$12,MATCH((ROUNDDOWN('1_手取り'!$F$13/'1_手取り'!$F$16,0)+$H7),月額表!$K$4:$K$12,1)),4),0)))-IF($H7<105000,0,IF($H7<740000,INDEX(月額表!$B$4:$I$234,MATCH($H7,月額表!$A$4:$A$234,1),'1_手取り'!$B$7+1),INDEX(月額表!$M$4:$T$12,MATCH($H7,月額表!$K$4:$K$12,1),'1_手取り'!$B$7+1)+ROUNDDOWN(ROUND(($H7-INDEX(月額表!$K$4:$K$12,MATCH($H7,月額表!$K$4:$K$12,1)))*INDEX(月額表!$L$4:$L$12,MATCH($H7,月額表!$K$4:$K$12,1)),4),0))))*'1_手取り'!$F$16))) | L7: =IF($A7="","",'1_手取り'!$B$3-'1_手取り'!$F$12-$K7) | M7: =IF(OR($A7="",$A6="",ROW()=5),"",$L7-$L6)
A8: 250000 | B8: =IF(OR($A8="",$A8=0),"",INDEX(標準報酬!$B$4:$B$53,MATCH($A8,標準報酬!$A$4:$A$53,1))) | C8: =IF(OR($A8="",$A8=0),"",IF(ROUND($B8*('1_手取り'!$F$6+'1_手取り'!$F$7)/2,4)<=0.5,0,ROUNDUP(ROUND($B8*('1_手取り'!$F$6+'1_手取り'!$F$7)/2,4)-0.5,0))) | D8: =IF(OR($A8="",$A8=0),"",IF(ROUND($B8*料率!$E$5/2,4)<=0.5,0,ROUNDUP(ROUND($B8*料率!$E$5/2,4)-0.5,0))) | E8: =IF(OR($A8="",$A8=0),"",IF(ROUND(MIN(MAX($B8,88000),650000)*料率!$E$6/2,4)<=0.5,0,ROUNDUP(ROUND(MIN(MAX($B8,88000),650000)*料率!$E$6/2,4)-0.5,0))) | F8: =IF(OR($A8="",$A8=0),"",IF(ROUND($A8*INDEX(料率!$E$8:$E$10,MATCH('1_手取り'!$B$6,料率!$D$8:$D$10,0)),4)<=0.5,0,ROUNDUP(ROUND($A8*INDEX(料率!$E$8:$E$10,MATCH('1_手取り'!$B$6,料率!$D$8:$D$10,0)),4)-0.5,0))) | G8: =IF(OR($A8="",$A8=0),"",SUM($C8:$F8)) | H8: =IF($A8="","",IF($A8=0,0,$A8-$G8)) | I8: =IF($A8="","",IF(OR($A8=0,$H8<=0),"前月の給与なし",IF('1_手取り'!$F$13>$H8*10,"10倍超","算出率の表"))) | J8: =IF($A8="","",IF($I8="算出率の表",INDEX(算出率!$A$4:$A$24,MATCH($H8,INDEX(算出率!$B$4:$I$24,0,'1_手取り'!$B$7+1),1)),"")) | K8: =IF($A8="","",IF($I8="算出率の表",ROUNDDOWN(ROUND('1_手取り'!$F$13*$J8,4),0),IF($I8="前月の給与なし",IF(ROUNDDOWN('1_手取り'!$F$13/'1_手取り'!$F$16,0)<105000,0,IF(ROUNDDOWN('1_手取り'!$F$13/'1_手取り'!$F$16,0)<740000,INDEX(月額表!$B$4:$I$234,MATCH(ROUNDDOWN('1_手取り'!$F$13/'1_手取り'!$F$16,0),月額表!$A$4:$A$234,1),'1_手取り'!$B$7+1),INDEX(月額表!$M$4:$T$12,MATCH(ROUNDDOWN('1_手取り'!$F$13/'1_手取り'!$F$16,0),月額表!$K$4:$K$12,1),'1_手取り'!$B$7+1)+ROUNDDOWN(ROUND((ROUNDDOWN('1_手取り'!$F$13/'1_手取り'!$F$16,0)-INDEX(月額表!$K$4:$K$12,MATCH(ROUNDDOWN('1_手取り'!$F$13/'1_手取り'!$F$16,0),月額表!$K$4:$K$12,1)))*INDEX(月額表!$L$4:$L$12,MATCH(ROUNDDOWN('1_手取り'!$F$13/'1_手取り'!$F$16,0),月額表!$K$4:$K$12,1)),4),0)))*'1_手取り'!$F$16,(IF((ROUNDDOWN('1_手取り'!$F$13/'1_手取り'!$F$16,0)+$H8)<105000,0,IF((ROUNDDOWN('1_手取り'!$F$13/'1_手取り'!$F$16,0)+$H8)<740000,INDEX(月額表!$B$4:$I$234,MATCH((ROUNDDOWN('1_手取り'!$F$13/'1_手取り'!$F$16,0)+$H8),月額表!$A$4:$A$234,1),'1_手取り'!$B$7+1),INDEX(月額表!$M$4:$T$12,MATCH((ROUNDDOWN('1_手取り'!$F$13/'1_手取り'!$F$16,0)+$H8),月額表!$K$4:$K$12,1),'1_手取り'!$B$7+1)+ROUNDDOWN(ROUND(((ROUNDDOWN('1_手取り'!$F$13/'1_手取り'!$F$16,0)+$H8)-INDEX(月額表!$K$4:$K$12,MATCH((ROUNDDOWN('1_手取り'!$F$13/'1_手取り'!$F$16,0)+$H8),月額表!$K$4:$K$12,1)))*INDEX(月額表!$L$4:$L$12,MATCH((ROUNDDOWN('1_手取り'!$F$13/'1_手取り'!$F$16,0)+$H8),月額表!$K$4:$K$12,1)),4),0)))-IF($H8<105000,0,IF($H8<740000,INDEX(月額表!$B$4:$I$234,MATCH($H8,月額表!$A$4:$A$234,1),'1_手取り'!$B$7+1),INDEX(月額表!$M$4:$T$12,MATCH($H8,月額表!$K$4:$K$12,1),'1_手取り'!$B$7+1)+ROUNDDOWN(ROUND(($H8-INDEX(月額表!$K$4:$K$12,MATCH($H8,月額表!$K$4:$K$12,1)))*INDEX(月額表!$L$4:$L$12,MATCH($H8,月額表!$K$4:$K$12,1)),4),0))))*'1_手取り'!$F$16))) | L8: =IF($A8="","",'1_手取り'!$B$3-'1_手取り'!$F$12-$K8) | M8: =IF(OR($A8="",$A7="",ROW()=5),"",$L8-$L7)
A9: 300000 | B9: =IF(OR($A9="",$A9=0),"",INDEX(標準報酬!$B$4:$B$53,MATCH($A9,標準報酬!$A$4:$A$53,1))) | C9: =IF(OR($A9="",$A9=0),"",IF(ROUND($B9*('1_手取り'!$F$6+'1_手取り'!$F$7)/2,4)<=0.5,0,ROUNDUP(ROUND($B9*('1_手取り'!$F$6+'1_手取り'!$F$7)/2,4)-0.5,0))) | D9: =IF(OR($A9="",$A9=0),"",IF(ROUND($B9*料率!$E$5/2,4)<=0.5,0,ROUNDUP(ROUND($B9*料率!$E$5/2,4)-0.5,0))) | E9: =IF(OR($A9="",$A9=0),"",IF(ROUND(MIN(MAX($B9,88000),650000)*料率!$E$6/2,4)<=0.5,0,ROUNDUP(ROUND(MIN(MAX($B9,88000),650000)*料率!$E$6/2,4)-0.5,0))) | F9: =IF(OR($A9="",$A9=0),"",IF(ROUND($A9*INDEX(料率!$E$8:$E$10,MATCH('1_手取り'!$B$6,料率!$D$8:$D$10,0)),4)<=0.5,0,ROUNDUP(ROUND($A9*INDEX(料率!$E$8:$E$10,MATCH('1_手取り'!$B$6,料率!$D$8:$D$10,0)),4)-0.5,0))) | G9: =IF(OR($A9="",$A9=0),"",SUM($C9:$F9)) | H9: =IF($A9="","",IF($A9=0,0,$A9-$G9)) | I9: =IF($A9="","",IF(OR($A9=0,$H9<=0),"前月の給与なし",IF('1_手取り'!$F$13>$H9*10,"10倍超","算出率の表"))) | J9: =IF($A9="","",IF($I9="算出率の表",INDEX(算出率!$A$4:$A$24,MATCH($H9,INDEX(算出率!$B$4:$I$24,0,'1_手取り'!$B$7+1),1)),"")) | K9: =IF($A9="","",IF($I9="算出率の表",ROUNDDOWN(ROUND('1_手取り'!$F$13*$J9,4),0),IF($I9="前月の給与なし",IF(ROUNDDOWN('1_手取り'!$F$13/'1_手取り'!$F$16,0)<105000,0,IF(ROUNDDOWN('1_手取り'!$F$13/'1_手取り'!$F$16,0)<740000,INDEX(月額表!$B$4:$I$234,MATCH(ROUNDDOWN('1_手取り'!$F$13/'1_手取り'!$F$16,0),月額表!$A$4:$A$234,1),'1_手取り'!$B$7+1),INDEX(月額表!$M$4:$T$12,MATCH(ROUNDDOWN('1_手取り'!$F$13/'1_手取り'!$F$16,0),月額表!$K$4:$K$12,1),'1_手取り'!$B$7+1)+ROUNDDOWN(ROUND((ROUNDDOWN('1_手取り'!$F$13/'1_手取り'!$F$16,0)-INDEX(月額表!$K$4:$K$12,MATCH(ROUNDDOWN('1_手取り'!$F$13/'1_手取り'!$F$16,0),月額表!$K$4:$K$12,1)))*INDEX(月額表!$L$4:$L$12,MATCH(ROUNDDOWN('1_手取り'!$F$13/'1_手取り'!$F$16,0),月額表!$K$4:$K$12,1)),4),0)))*'1_手取り'!$F$16,(IF((ROUNDDOWN('1_手取り'!$F$13/'1_手取り'!$F$16,0)+$H9)<105000,0,IF((ROUNDDOWN('1_手取り'!$F$13/'1_手取り'!$F$16,0)+$H9)<740000,INDEX(月額表!$B$4:$I$234,MATCH((ROUNDDOWN('1_手取り'!$F$13/'1_手取り'!$F$16,0)+$H9),月額表!$A$4:$A$234,1),'1_手取り'!$B$7+1),INDEX(月額表!$M$4:$T$12,MATCH((ROUNDDOWN('1_手取り'!$F$13/'1_手取り'!$F$16,0)+$H9),月額表!$K$4:$K$12,1),'1_手取り'!$B$7+1)+ROUNDDOWN(ROUND(((ROUNDDOWN('1_手取り'!$F$13/'1_手取り'!$F$16,0)+$H9)-INDEX(月額表!$K$4:$K$12,MATCH((ROUNDDOWN('1_手取り'!$F$13/'1_手取り'!$F$16,0)+$H9),月額表!$K$4:$K$12,1)))*INDEX(月額表!$L$4:$L$12,MATCH((ROUNDDOWN('1_手取り'!$F$13/'1_手取り'!$F$16,0)+$H9),月額表!$K$4:$K$12,1)),4),0)))-IF($H9<105000,0,IF($H9<740000,INDEX(月額表!$B$4:$I$234,MATCH($H9,月額表!$A$4:$A$234,1),'1_手取り'!$B$7+1),INDEX(月額表!$M$4:$T$12,MATCH($H9,月額表!$K$4:$K$12,1),'1_手取り'!$B$7+1)+ROUNDDOWN(ROUND(($H9-INDEX(月額表!$K$4:$K$12,MATCH($H9,月額表!$K$4:$K$12,1)))*INDEX(月額表!$L$4:$L$12,MATCH($H9,月額表!$K$4:$K$12,1)),4),0))))*'1_手取り'!$F$16))) | L9: =IF($A9="","",'1_手取り'!$B$3-'1_手取り'!$F$12-$K9) | M9: =IF(OR($A9="",$A8="",ROW()=5),"",$L9-$L8)
A10: 304089 | B10: =IF(OR($A10="",$A10=0),"",INDEX(標準報酬!$B$4:$B$53,MATCH($A10,標準報酬!$A$4:$A$53,1))) | C10: =IF(OR($A10="",$A10=0),"",IF(ROUND($B10*('1_手取り'!$F$6+'1_手取り'!$F$7)/2,4)<=0.5,0,ROUNDUP(ROUND($B10*('1_手取り'!$F$6+'1_手取り'!$F$7)/2,4)-0.5,0))) | D10: =IF(OR($A10="",$A10=0),"",IF(ROUND($B10*料率!$E$5/2,4)<=0.5,0,ROUNDUP(ROUND($B10*料率!$E$5/2,4)-0.5,0))) | E10: =IF(OR($A10="",$A10=0),"",IF(ROUND(MIN(MAX($B10,88000),650000)*料率!$E$6/2,4)<=0.5,0,ROUNDUP(ROUND(MIN(MAX($B10,88000),650000)*料率!$E$6/2,4)-0.5,0))) | F10: =IF(OR($A10="",$A10=0),"",IF(ROUND($A10*INDEX(料率!$E$8:$E$10,MATCH('1_手取り'!$B$6,料率!$D$8:$D$10,0)),4)<=0.5,0,ROUNDUP(ROUND($A10*INDEX(料率!$E$8:$E$10,MATCH('1_手取り'!$B$6,料率!$D$8:$D$10,0)),4)-0.5,0))) | G10: =IF(OR($A10="",$A10=0),"",SUM($C10:$F10)) | H10: =IF($A10="","",IF($A10=0,0,$A10-$G10)) | I10: =IF($A10="","",IF(OR($A10=0,$H10<=0),"前月の給与なし",IF('1_手取り'!$F$13>$H10*10,"10倍超","算出率の表"))) | J10: =IF($A10="","",IF($I10="算出率の表",INDEX(算出率!$A$4:$A$24,MATCH($H10,INDEX(算出率!$B$4:$I$24,0,'1_手取り'!$B$7+1),1)),"")) | K10: =IF($A10="","",IF($I10="算出率の表",ROUNDDOWN(ROUND('1_手取り'!$F$13*$J10,4),0),IF($I10="前月の給与なし",IF(ROUNDDOWN('1_手取り'!$F$13/'1_手取り'!$F$16,0)<105000,0,IF(ROUNDDOWN('1_手取り'!$F$13/'1_手取り'!$F$16,0)<740000,INDEX(月額表!$B$4:$I$234,MATCH(ROUNDDOWN('1_手取り'!$F$13/'1_手取り'!$F$16,0),月額表!$A$4:$A$234,1),'1_手取り'!$B$7+1),INDEX(月額表!$M$4:$T$12,MATCH(ROUNDDOWN('1_手取り'!$F$13/'1_手取り'!$F$16,0),月額表!$K$4:$K$12,1),'1_手取り'!$B$7+1)+ROUNDDOWN(ROUND((ROUNDDOWN('1_手取り'!$F$13/'1_手取り'!$F$16,0)-INDEX(月額表!$K$4:$K$12,MATCH(ROUNDDOWN('1_手取り'!$F$13/'1_手取り'!$F$16,0),月額表!$K$4:$K$12,1)))*INDEX(月額表!$L$4:$L$12,MATCH(ROUNDDOWN('1_手取り'!$F$13/'1_手取り'!$F$16,0),月額表!$K$4:$K$12,1)),4),0)))*'1_手取り'!$F$16,(IF((ROUNDDOWN('1_手取り'!$F$13/'1_手取り'!$F$16,0)+$H10)<105000,0,IF((ROUNDDOWN('1_手取り'!$F$13/'1_手取り'!$F$16,0)+$H10)<740000,INDEX(月額表!$B$4:$I$234,MATCH((ROUNDDOWN('1_手取り'!$F$13/'1_手取り'!$F$16,0)+$H10),月額表!$A$4:$A$234,1),'1_手取り'!$B$7+1),INDEX(月額表!$M$4:$T$12,MATCH((ROUNDDOWN('1_手取り'!$F$13/'1_手取り'!$F$16,0)+$H10),月額表!$K$4:$K$12,1),'1_手取り'!$B$7+1)+ROUNDDOWN(ROUND(((ROUNDDOWN('1_手取り'!$F$13/'1_手取り'!$F$16,0)+$H10)-INDEX(月額表!$K$4:$K$12,MATCH((ROUNDDOWN('1_手取り'!$F$13/'1_手取り'!$F$16,0)+$H10),月額表!$K$4:$K$12,1)))*INDEX(月額表!$L$4:$L$12,MATCH((ROUNDDOWN('1_手取り'!$F$13/'1_手取り'!$F$16,0)+$H10),月額表!$K$4:$K$12,1)),4),0)))-IF($H10<105000,0,IF($H10<740000,INDEX(月額表!$B$4:$I$234,MATCH($H10,月額表!$A$4:$A$234,1),'1_手取り'!$B$7+1),INDEX(月額表!$M$4:$T$12,MATCH($H10,月額表!$K$4:$K$12,1),'1_手取り'!$B$7+1)+ROUNDDOWN(ROUND(($H10-INDEX(月額表!$K$4:$K$12,MATCH($H10,月額表!$K$4:$K$12,1)))*INDEX(月額表!$L$4:$L$12,MATCH($H10,月額表!$K$4:$K$12,1)),4),0))))*'1_手取り'!$F$16))) | L10: =IF($A10="","",'1_手取り'!$B$3-'1_手取り'!$F$12-$K10) | M10: =IF(OR($A10="",$A9="",ROW()=5),"",$L10-$L9)
A11: 304090 | B11: =IF(OR($A11="",$A11=0),"",INDEX(標準報酬!$B$4:$B$53,MATCH($A11,標準報酬!$A$4:$A$53,1))) | C11: =IF(OR($A11="",$A11=0),"",IF(ROUND($B11*('1_手取り'!$F$6+'1_手取り'!$F$7)/2,4)<=0.5,0,ROUNDUP(ROUND($B11*('1_手取り'!$F$6+'1_手取り'!$F$7)/2,4)-0.5,0))) | D11: =IF(OR($A11="",$A11=0),"",IF(ROUND($B11*料率!$E$5/2,4)<=0.5,0,ROUNDUP(ROUND($B11*料率!$E$5/2,4)-0.5,0))) | E11: =IF(OR($A11="",$A11=0),"",IF(ROUND(MIN(MAX($B11,88000),650000)*料率!$E$6/2,4)<=0.5,0,ROUNDUP(ROUND(MIN(MAX($B11,88000),650000)*料率!$E$6/2,4)-0.5,0))) | F11: =IF(OR($A11="",$A11=0),"",IF(ROUND($A11*INDEX(料率!$E$8:$E$10,MATCH('1_手取り'!$B$6,料率!$D$8:$D$10,0)),4)<=0.5,0,ROUNDUP(ROUND($A11*INDEX(料率!$E$8:$E$10,MATCH('1_手取り'!$B$6,料率!$D$8:$D$10,0)),4)-0.5,0))) | G11: =IF(OR($A11="",$A11=0),"",SUM($C11:$F11)) | H11: =IF($A11="","",IF($A11=0,0,$A11-$G11)) | I11: =IF($A11="","",IF(OR($A11=0,$H11<=0),"前月の給与なし",IF('1_手取り'!$F$13>$H11*10,"10倍超","算出率の表"))) | J11: =IF($A11="","",IF($I11="算出率の表",INDEX(算出率!$A$4:$A$24,MATCH($H11,INDEX(算出率!$B$4:$I$24,0,'1_手取り'!$B$7+1),1)),"")) | K11: =IF($A11="","",IF($I11="算出率の表",ROUNDDOWN(ROUND('1_手取り'!$F$13*$J11,4),0),IF($I11="前月の給与なし",IF(ROUNDDOWN('1_手取り'!$F$13/'1_手取り'!$F$16,0)<105000,0,IF(ROUNDDOWN('1_手取り'!$F$13/'1_手取り'!$F$16,0)<740000,INDEX(月額表!$B$4:$I$234,MATCH(ROUNDDOWN('1_手取り'!$F$13/'1_手取り'!$F$16,0),月額表!$A$4:$A$234,1),'1_手取り'!$B$7+1),INDEX(月額表!$M$4:$T$12,MATCH(ROUNDDOWN('1_手取り'!$F$13/'1_手取り'!$F$16,0),月額表!$K$4:$K$12,1),'1_手取り'!$B$7+1)+ROUNDDOWN(ROUND((ROUNDDOWN('1_手取り'!$F$13/'1_手取り'!$F$16,0)-INDEX(月額表!$K$4:$K$12,MATCH(ROUNDDOWN('1_手取り'!$F$13/'1_手取り'!$F$16,0),月額表!$K$4:$K$12,1)))*INDEX(月額表!$L$4:$L$12,MATCH(ROUNDDOWN('1_手取り'!$F$13/'1_手取り'!$F$16,0),月額表!$K$4:$K$12,1)),4),0)))*'1_手取り'!$F$16,(IF((ROUNDDOWN('1_手取り'!$F$13/'1_手取り'!$F$16,0)+$H11)<105000,0,IF((ROUNDDOWN('1_手取り'!$F$13/'1_手取り'!$F$16,0)+$H11)<740000,INDEX(月額表!$B$4:$I$234,MATCH((ROUNDDOWN('1_手取り'!$F$13/'1_手取り'!$F$16,0)+$H11),月額表!$A$4:$A$234,1),'1_手取り'!$B$7+1),INDEX(月額表!$M$4:$T$12,MATCH((ROUNDDOWN('1_手取り'!$F$13/'1_手取り'!$F$16,0)+$H11),月額表!$K$4:$K$12,1),'1_手取り'!$B$7+1)+ROUNDDOWN(ROUND(((ROUNDDOWN('1_手取り'!$F$13/'1_手取り'!$F$16,0)+$H11)-INDEX(月額表!$K$4:$K$12,MATCH((ROUNDDOWN('1_手取り'!$F$13/'1_手取り'!$F$16,0)+$H11),月額表!$K$4:$K$12,1)))*INDEX(月額表!$L$4:$L$12,MATCH((ROUNDDOWN('1_手取り'!$F$13/'1_手取り'!$F$16,0)+$H11),月額表!$K$4:$K$12,1)),4),0)))-IF($H11<105000,0,IF($H11<740000,INDEX(月額表!$B$4:$I$234,MATCH($H11,月額表!$A$4:$A$234,1),'1_手取り'!$B$7+1),INDEX(月額表!$M$4:$T$12,MATCH($H11,月額表!$K$4:$K$12,1),'1_手取り'!$B$7+1)+ROUNDDOWN(ROUND(($H11-INDEX(月額表!$K$4:$K$12,MATCH($H11,月額表!$K$4:$K$12,1)))*INDEX(月額表!$L$4:$L$12,MATCH($H11,月額表!$K$4:$K$12,1)),4),0))))*'1_手取り'!$F$16))) | L11: =IF($A11="","",'1_手取り'!$B$3-'1_手取り'!$F$12-$K11) | M11: =IF(OR($A11="",$A10="",ROW()=5),"",$L11-$L10)
A12: 350000 | B12: =IF(OR($A12="",$A12=0),"",INDEX(標準報酬!$B$4:$B$53,MATCH($A12,標準報酬!$A$4:$A$53,1))) | C12: =IF(OR($A12="",$A12=0),"",IF(ROUND($B12*('1_手取り'!$F$6+'1_手取り'!$F$7)/2,4)<=0.5,0,ROUNDUP(ROUND($B12*('1_手取り'!$F$6+'1_手取り'!$F$7)/2,4)-0.5,0))) | D12: =IF(OR($A12="",$A12=0),"",IF(ROUND($B12*料率!$E$5/2,4)<=0.5,0,ROUNDUP(ROUND($B12*料率!$E$5/2,4)-0.5,0))) | E12: =IF(OR($A12="",$A12=0),"",IF(ROUND(MIN(MAX($B12,88000),650000)*料率!$E$6/2,4)<=0.5,0,ROUNDUP(ROUND(MIN(MAX($B12,88000),650000)*料率!$E$6/2,4)-0.5,0))) | F12: =IF(OR($A12="",$A12=0),"",IF(ROUND($A12*INDEX(料率!$E$8:$E$10,MATCH('1_手取り'!$B$6,料率!$D$8:$D$10,0)),4)<=0.5,0,ROUNDUP(ROUND($A12*INDEX(料率!$E$8:$E$10,MATCH('1_手取り'!$B$6,料率!$D$8:$D$10,0)),4)-0.5,0))) | G12: =IF(OR($A12="",$A12=0),"",SUM($C12:$F12)) | H12: =IF($A12="","",IF($A12=0,0,$A12-$G12)) | I12: =IF($A12="","",IF(OR($A12=0,$H12<=0),"前月の給与なし",IF('1_手取り'!$F$13>$H12*10,"10倍超","算出率の表"))) | J12: =IF($A12="","",IF($I12="算出率の表",INDEX(算出率!$A$4:$A$24,MATCH($H12,INDEX(算出率!$B$4:$I$24,0,'1_手取り'!$B$7+1),1)),"")) | K12: =IF($A12="","",IF($I12="算出率の表",ROUNDDOWN(ROUND('1_手取り'!$F$13*$J12,4),0),IF($I12="前月の給与なし",IF(ROUNDDOWN('1_手取り'!$F$13/'1_手取り'!$F$16,0)<105000,0,IF(ROUNDDOWN('1_手取り'!$F$13/'1_手取り'!$F$16,0)<740000,INDEX(月額表!$B$4:$I$234,MATCH(ROUNDDOWN('1_手取り'!$F$13/'1_手取り'!$F$16,0),月額表!$A$4:$A$234,1),'1_手取り'!$B$7+1),INDEX(月額表!$M$4:$T$12,MATCH(ROUNDDOWN('1_手取り'!$F$13/'1_手取り'!$F$16,0),月額表!$K$4:$K$12,1),'1_手取り'!$B$7+1)+ROUNDDOWN(ROUND((ROUNDDOWN('1_手取り'!$F$13/'1_手取り'!$F$16,0)-INDEX(月額表!$K$4:$K$12,MATCH(ROUNDDOWN('1_手取り'!$F$13/'1_手取り'!$F$16,0),月額表!$K$4:$K$12,1)))*INDEX(月額表!$L$4:$L$12,MATCH(ROUNDDOWN('1_手取り'!$F$13/'1_手取り'!$F$16,0),月額表!$K$4:$K$12,1)),4),0)))*'1_手取り'!$F$16,(IF((ROUNDDOWN('1_手取り'!$F$13/'1_手取り'!$F$16,0)+$H12)<105000,0,IF((ROUNDDOWN('1_手取り'!$F$13/'1_手取り'!$F$16,0)+$H12)<740000,INDEX(月額表!$B$4:$I$234,MATCH((ROUNDDOWN('1_手取り'!$F$13/'1_手取り'!$F$16,0)+$H12),月額表!$A$4:$A$234,1),'1_手取り'!$B$7+1),INDEX(月額表!$M$4:$T$12,MATCH((ROUNDDOWN('1_手取り'!$F$13/'1_手取り'!$F$16,0)+$H12),月額表!$K$4:$K$12,1),'1_手取り'!$B$7+1)+ROUNDDOWN(ROUND(((ROUNDDOWN('1_手取り'!$F$13/'1_手取り'!$F$16,0)+$H12)-INDEX(月額表!$K$4:$K$12,MATCH((ROUNDDOWN('1_手取り'!$F$13/'1_手取り'!$F$16,0)+$H12),月額表!$K$4:$K$12,1)))*INDEX(月額表!$L$4:$L$12,MATCH((ROUNDDOWN('1_手取り'!$F$13/'1_手取り'!$F$16,0)+$H12),月額表!$K$4:$K$12,1)),4),0)))-IF($H12<105000,0,IF($H12<740000,INDEX(月額表!$B$4:$I$234,MATCH($H12,月額表!$A$4:$A$234,1),'1_手取り'!$B$7+1),INDEX(月額表!$M$4:$T$12,MATCH($H12,月額表!$K$4:$K$12,1),'1_手取り'!$B$7+1)+ROUNDDOWN(ROUND(($H12-INDEX(月額表!$K$4:$K$12,MATCH($H12,月額表!$K$4:$K$12,1)))*INDEX(月額表!$L$4:$L$12,MATCH($H12,月額表!$K$4:$K$12,1)),4),0))))*'1_手取り'!$F$16))) | L12: =IF($A12="","",'1_手取り'!$B$3-'1_手取り'!$F$12-$K12) | M12: =IF(OR($A12="",$A11="",ROW()=5),"",$L12-$L11)
A13: 400000 | B13: =IF(OR($A13="",$A13=0),"",INDEX(標準報酬!$B$4:$B$53,MATCH($A13,標準報酬!$A$4:$A$53,1))) | C13: =IF(OR($A13="",$A13=0),"",IF(ROUND($B13*('1_手取り'!$F$6+'1_手取り'!$F$7)/2,4)<=0.5,0,ROUNDUP(ROUND($B13*('1_手取り'!$F$6+'1_手取り'!$F$7)/2,4)-0.5,0))) | D13: =IF(OR($A13="",$A13=0),"",IF(ROUND($B13*料率!$E$5/2,4)<=0.5,0,ROUNDUP(ROUND($B13*料率!$E$5/2,4)-0.5,0))) | E13: =IF(OR($A13="",$A13=0),"",IF(ROUND(MIN(MAX($B13,88000),650000)*料率!$E$6/2,4)<=0.5,0,ROUNDUP(ROUND(MIN(MAX($B13,88000),650000)*料率!$E$6/2,4)-0.5,0))) | F13: =IF(OR($A13="",$A13=0),"",IF(ROUND($A13*INDEX(料率!$E$8:$E$10,MATCH('1_手取り'!$B$6,料率!$D$8:$D$10,0)),4)<=0.5,0,ROUNDUP(ROUND($A13*INDEX(料率!$E$8:$E$10,MATCH('1_手取り'!$B$6,料率!$D$8:$D$10,0)),4)-0.5,0))) | G13: =IF(OR($A13="",$A13=0),"",SUM($C13:$F13)) | H13: =IF($A13="","",IF($A13=0,0,$A13-$G13)) | I13: =IF($A13="","",IF(OR($A13=0,$H13<=0),"前月の給与なし",IF('1_手取り'!$F$13>$H13*10,"10倍超","算出率の表"))) | J13: =IF($A13="","",IF($I13="算出率の表",INDEX(算出率!$A$4:$A$24,MATCH($H13,INDEX(算出率!$B$4:$I$24,0,'1_手取り'!$B$7+1),1)),"")) | K13: =IF($A13="","",IF($I13="算出率の表",ROUNDDOWN(ROUND('1_手取り'!$F$13*$J13,4),0),IF($I13="前月の給与なし",IF(ROUNDDOWN('1_手取り'!$F$13/'1_手取り'!$F$16,0)<105000,0,IF(ROUNDDOWN('1_手取り'!$F$13/'1_手取り'!$F$16,0)<740000,INDEX(月額表!$B$4:$I$234,MATCH(ROUNDDOWN('1_手取り'!$F$13/'1_手取り'!$F$16,0),月額表!$A$4:$A$234,1),'1_手取り'!$B$7+1),INDEX(月額表!$M$4:$T$12,MATCH(ROUNDDOWN('1_手取り'!$F$13/'1_手取り'!$F$16,0),月額表!$K$4:$K$12,1),'1_手取り'!$B$7+1)+ROUNDDOWN(ROUND((ROUNDDOWN('1_手取り'!$F$13/'1_手取り'!$F$16,0)-INDEX(月額表!$K$4:$K$12,MATCH(ROUNDDOWN('1_手取り'!$F$13/'1_手取り'!$F$16,0),月額表!$K$4:$K$12,1)))*INDEX(月額表!$L$4:$L$12,MATCH(ROUNDDOWN('1_手取り'!$F$13/'1_手取り'!$F$16,0),月額表!$K$4:$K$12,1)),4),0)))*'1_手取り'!$F$16,(IF((ROUNDDOWN('1_手取り'!$F$13/'1_手取り'!$F$16,0)+$H13)<105000,0,IF((ROUNDDOWN('1_手取り'!$F$13/'1_手取り'!$F$16,0)+$H13)<740000,INDEX(月額表!$B$4:$I$234,MATCH((ROUNDDOWN('1_手取り'!$F$13/'1_手取り'!$F$16,0)+$H13),月額表!$A$4:$A$234,1),'1_手取り'!$B$7+1),INDEX(月額表!$M$4:$T$12,MATCH((ROUNDDOWN('1_手取り'!$F$13/'1_手取り'!$F$16,0)+$H13),月額表!$K$4:$K$12,1),'1_手取り'!$B$7+1)+ROUNDDOWN(ROUND(((ROUNDDOWN('1_手取り'!$F$13/'1_手取り'!$F$16,0)+$H13)-INDEX(月額表!$K$4:$K$12,MATCH((ROUNDDOWN('1_手取り'!$F$13/'1_手取り'!$F$16,0)+$H13),月額表!$K$4:$K$12,1)))*INDEX(月額表!$L$4:$L$12,MATCH((ROUNDDOWN('1_手取り'!$F$13/'1_手取り'!$F$16,0)+$H13),月額表!$K$4:$K$12,1)),4),0)))-IF($H13<105000,0,IF($H13<740000,INDEX(月額表!$B$4:$I$234,MATCH($H13,月額表!$A$4:$A$234,1),'1_手取り'!$B$7+1),INDEX(月額表!$M$4:$T$12,MATCH($H13,月額表!$K$4:$K$12,1),'1_手取り'!$B$7+1)+ROUNDDOWN(ROUND(($H13-INDEX(月額表!$K$4:$K$12,MATCH($H13,月額表!$K$4:$K$12,1)))*INDEX(月額表!$L$4:$L$12,MATCH($H13,月額表!$K$4:$K$12,1)),4),0))))*'1_手取り'!$F$16))) | L13: =IF($A13="","",'1_手取り'!$B$3-'1_手取り'!$F$12-$K13) | M13: =IF(OR($A13="",$A12="",ROW()=5),"",$L13-$L12)
A14: 450000 | B14: =IF(OR($A14="",$A14=0),"",INDEX(標準報酬!$B$4:$B$53,MATCH($A14,標準報酬!$A$4:$A$53,1))) | C14: =IF(OR($A14="",$A14=0),"",IF(ROUND($B14*('1_手取り'!$F$6+'1_手取り'!$F$7)/2,4)<=0.5,0,ROUNDUP(ROUND($B14*('1_手取り'!$F$6+'1_手取り'!$F$7)/2,4)-0.5,0))) | D14: =IF(OR($A14="",$A14=0),"",IF(ROUND($B14*料率!$E$5/2,4)<=0.5,0,ROUNDUP(ROUND($B14*料率!$E$5/2,4)-0.5,0))) | E14: =IF(OR($A14="",$A14=0),"",IF(ROUND(MIN(MAX($B14,88000),650000)*料率!$E$6/2,4)<=0.5,0,ROUNDUP(ROUND(MIN(MAX($B14,88000),650000)*料率!$E$6/2,4)-0.5,0))) | F14: =IF(OR($A14="",$A14=0),"",IF(ROUND($A14*INDEX(料率!$E$8:$E$10,MATCH('1_手取り'!$B$6,料率!$D$8:$D$10,0)),4)<=0.5,0,ROUNDUP(ROUND($A14*INDEX(料率!$E$8:$E$10,MATCH('1_手取り'!$B$6,料率!$D$8:$D$10,0)),4)-0.5,0))) | G14: =IF(OR($A14="",$A14=0),"",SUM($C14:$F14)) | H14: =IF($A14="","",IF($A14=0,0,$A14-$G14)) | I14: =IF($A14="","",IF(OR($A14=0,$H14<=0),"前月の給与なし",IF('1_手取り'!$F$13>$H14*10,"10倍超","算出率の表"))) | J14: =IF($A14="","",IF($I14="算出率の表",INDEX(算出率!$A$4:$A$24,MATCH($H14,INDEX(算出率!$B$4:$I$24,0,'1_手取り'!$B$7+1),1)),"")) | K14: =IF($A14="","",IF($I14="算出率の表",ROUNDDOWN(ROUND('1_手取り'!$F$13*$J14,4),0),IF($I14="前月の給与なし",IF(ROUNDDOWN('1_手取り'!$F$13/'1_手取り'!$F$16,0)<105000,0,IF(ROUNDDOWN('1_手取り'!$F$13/'1_手取り'!$F$16,0)<740000,INDEX(月額表!$B$4:$I$234,MATCH(ROUNDDOWN('1_手取り'!$F$13/'1_手取り'!$F$16,0),月額表!$A$4:$A$234,1),'1_手取り'!$B$7+1),INDEX(月額表!$M$4:$T$12,MATCH(ROUNDDOWN('1_手取り'!$F$13/'1_手取り'!$F$16,0),月額表!$K$4:$K$12,1),'1_手取り'!$B$7+1)+ROUNDDOWN(ROUND((ROUNDDOWN('1_手取り'!$F$13/'1_手取り'!$F$16,0)-INDEX(月額表!$K$4:$K$12,MATCH(ROUNDDOWN('1_手取り'!$F$13/'1_手取り'!$F$16,0),月額表!$K$4:$K$12,1)))*INDEX(月額表!$L$4:$L$12,MATCH(ROUNDDOWN('1_手取り'!$F$13/'1_手取り'!$F$16,0),月額表!$K$4:$K$12,1)),4),0)))*'1_手取り'!$F$16,(IF((ROUNDDOWN('1_手取り'!$F$13/'1_手取り'!$F$16,0)+$H14)<105000,0,IF((ROUNDDOWN('1_手取り'!$F$13/'1_手取り'!$F$16,0)+$H14)<740000,INDEX(月額表!$B$4:$I$234,MATCH((ROUNDDOWN('1_手取り'!$F$13/'1_手取り'!$F$16,0)+$H14),月額表!$A$4:$A$234,1),'1_手取り'!$B$7+1),INDEX(月額表!$M$4:$T$12,MATCH((ROUNDDOWN('1_手取り'!$F$13/'1_手取り'!$F$16,0)+$H14),月額表!$K$4:$K$12,1),'1_手取り'!$B$7+1)+ROUNDDOWN(ROUND(((ROUNDDOWN('1_手取り'!$F$13/'1_手取り'!$F$16,0)+$H14)-INDEX(月額表!$K$4:$K$12,MATCH((ROUNDDOWN('1_手取り'!$F$13/'1_手取り'!$F$16,0)+$H14),月額表!$K$4:$K$12,1)))*INDEX(月額表!$L$4:$L$12,MATCH((ROUNDDOWN('1_手取り'!$F$13/'1_手取り'!$F$16,0)+$H14),月額表!$K$4:$K$12,1)),4),0)))-IF($H14<105000,0,IF($H14<740000,INDEX(月額表!$B$4:$I$234,MATCH($H14,月額表!$A$4:$A$234,1),'1_手取り'!$B$7+1),INDEX(月額表!$M$4:$T$12,MATCH($H14,月額表!$K$4:$K$12,1),'1_手取り'!$B$7+1)+ROUNDDOWN(ROUND(($H14-INDEX(月額表!$K$4:$K$12,MATCH($H14,月額表!$K$4:$K$12,1)))*INDEX(月額表!$L$4:$L$12,MATCH($H14,月額表!$K$4:$K$12,1)),4),0))))*'1_手取り'!$F$16))) | L14: =IF($A14="","",'1_手取り'!$B$3-'1_手取り'!$F$12-$K14) | M14: =IF(OR($A14="",$A13="",ROW()=5),"",$L14-$L13)
A15: 500000 | B15: =IF(OR($A15="",$A15=0),"",INDEX(標準報酬!$B$4:$B$53,MATCH($A15,標準報酬!$A$4:$A$53,1))) | C15: =IF(OR($A15="",$A15=0),"",IF(ROUND($B15*('1_手取り'!$F$6+'1_手取り'!$F$7)/2,4)<=0.5,0,ROUNDUP(ROUND($B15*('1_手取り'!$F$6+'1_手取り'!$F$7)/2,4)-0.5,0))) | D15: =IF(OR($A15="",$A15=0),"",IF(ROUND($B15*料率!$E$5/2,4)<=0.5,0,ROUNDUP(ROUND($B15*料率!$E$5/2,4)-0.5,0))) | E15: =IF(OR($A15="",$A15=0),"",IF(ROUND(MIN(MAX($B15,88000),650000)*料率!$E$6/2,4)<=0.5,0,ROUNDUP(ROUND(MIN(MAX($B15,88000),650000)*料率!$E$6/2,4)-0.5,0))) | F15: =IF(OR($A15="",$A15=0),"",IF(ROUND($A15*INDEX(料率!$E$8:$E$10,MATCH('1_手取り'!$B$6,料率!$D$8:$D$10,0)),4)<=0.5,0,ROUNDUP(ROUND($A15*INDEX(料率!$E$8:$E$10,MATCH('1_手取り'!$B$6,料率!$D$8:$D$10,0)),4)-0.5,0))) | G15: =IF(OR($A15="",$A15=0),"",SUM($C15:$F15)) | H15: =IF($A15="","",IF($A15=0,0,$A15-$G15)) | I15: =IF($A15="","",IF(OR($A15=0,$H15<=0),"前月の給与なし",IF('1_手取り'!$F$13>$H15*10,"10倍超","算出率の表"))) | J15: =IF($A15="","",IF($I15="算出率の表",INDEX(算出率!$A$4:$A$24,MATCH($H15,INDEX(算出率!$B$4:$I$24,0,'1_手取り'!$B$7+1),1)),"")) | K15: =IF($A15="","",IF($I15="算出率の表",ROUNDDOWN(ROUND('1_手取り'!$F$13*$J15,4),0),IF($I15="前月の給与なし",IF(ROUNDDOWN('1_手取り'!$F$13/'1_手取り'!$F$16,0)<105000,0,IF(ROUNDDOWN('1_手取り'!$F$13/'1_手取り'!$F$16,0)<740000,INDEX(月額表!$B$4:$I$234,MATCH(ROUNDDOWN('1_手取り'!$F$13/'1_手取り'!$F$16,0),月額表!$A$4:$A$234,1),'1_手取り'!$B$7+1),INDEX(月額表!$M$4:$T$12,MATCH(ROUNDDOWN('1_手取り'!$F$13/'1_手取り'!$F$16,0),月額表!$K$4:$K$12,1),'1_手取り'!$B$7+1)+ROUNDDOWN(ROUND((ROUNDDOWN('1_手取り'!$F$13/'1_手取り'!$F$16,0)-INDEX(月額表!$K$4:$K$12,MATCH(ROUNDDOWN('1_手取り'!$F$13/'1_手取り'!$F$16,0),月額表!$K$4:$K$12,1)))*INDEX(月額表!$L$4:$L$12,MATCH(ROUNDDOWN('1_手取り'!$F$13/'1_手取り'!$F$16,0),月額表!$K$4:$K$12,1)),4),0)))*'1_手取り'!$F$16,(IF((ROUNDDOWN('1_手取り'!$F$13/'1_手取り'!$F$16,0)+$H15)<105000,0,IF((ROUNDDOWN('1_手取り'!$F$13/'1_手取り'!$F$16,0)+$H15)<740000,INDEX(月額表!$B$4:$I$234,MATCH((ROUNDDOWN('1_手取り'!$F$13/'1_手取り'!$F$16,0)+$H15),月額表!$A$4:$A$234,1),'1_手取り'!$B$7+1),INDEX(月額表!$M$4:$T$12,MATCH((ROUNDDOWN('1_手取り'!$F$13/'1_手取り'!$F$16,0)+$H15),月額表!$K$4:$K$12,1),'1_手取り'!$B$7+1)+ROUNDDOWN(ROUND(((ROUNDDOWN('1_手取り'!$F$13/'1_手取り'!$F$16,0)+$H15)-INDEX(月額表!$K$4:$K$12,MATCH((ROUNDDOWN('1_手取り'!$F$13/'1_手取り'!$F$16,0)+$H15),月額表!$K$4:$K$12,1)))*INDEX(月額表!$L$4:$L$12,MATCH((ROUNDDOWN('1_手取り'!$F$13/'1_手取り'!$F$16,0)+$H15),月額表!$K$4:$K$12,1)),4),0)))-IF($H15<105000,0,IF($H15<740000,INDEX(月額表!$B$4:$I$234,MATCH($H15,月額表!$A$4:$A$234,1),'1_手取り'!$B$7+1),INDEX(月額表!$M$4:$T$12,MATCH($H15,月額表!$K$4:$K$12,1),'1_手取り'!$B$7+1)+ROUNDDOWN(ROUND(($H15-INDEX(月額表!$K$4:$K$12,MATCH($H15,月額表!$K$4:$K$12,1)))*INDEX(月額表!$L$4:$L$12,MATCH($H15,月額表!$K$4:$K$12,1)),4),0))))*'1_手取り'!$F$16))) | L15: =IF($A15="","",'1_手取り'!$B$3-'1_手取り'!$F$12-$K15) | M15: =IF(OR($A15="",$A14="",ROW()=5),"",$L15-$L14)
A16: 600000 | B16: =IF(OR($A16="",$A16=0),"",INDEX(標準報酬!$B$4:$B$53,MATCH($A16,標準報酬!$A$4:$A$53,1))) | C16: =IF(OR($A16="",$A16=0),"",IF(ROUND($B16*('1_手取り'!$F$6+'1_手取り'!$F$7)/2,4)<=0.5,0,ROUNDUP(ROUND($B16*('1_手取り'!$F$6+'1_手取り'!$F$7)/2,4)-0.5,0))) | D16: =IF(OR($A16="",$A16=0),"",IF(ROUND($B16*料率!$E$5/2,4)<=0.5,0,ROUNDUP(ROUND($B16*料率!$E$5/2,4)-0.5,0))) | E16: =IF(OR($A16="",$A16=0),"",IF(ROUND(MIN(MAX($B16,88000),650000)*料率!$E$6/2,4)<=0.5,0,ROUNDUP(ROUND(MIN(MAX($B16,88000),650000)*料率!$E$6/2,4)-0.5,0))) | F16: =IF(OR($A16="",$A16=0),"",IF(ROUND($A16*INDEX(料率!$E$8:$E$10,MATCH('1_手取り'!$B$6,料率!$D$8:$D$10,0)),4)<=0.5,0,ROUNDUP(ROUND($A16*INDEX(料率!$E$8:$E$10,MATCH('1_手取り'!$B$6,料率!$D$8:$D$10,0)),4)-0.5,0))) | G16: =IF(OR($A16="",$A16=0),"",SUM($C16:$F16)) | H16: =IF($A16="","",IF($A16=0,0,$A16-$G16)) | I16: =IF($A16="","",IF(OR($A16=0,$H16<=0),"前月の給与なし",IF('1_手取り'!$F$13>$H16*10,"10倍超","算出率の表"))) | J16: =IF($A16="","",IF($I16="算出率の表",INDEX(算出率!$A$4:$A$24,MATCH($H16,INDEX(算出率!$B$4:$I$24,0,'1_手取り'!$B$7+1),1)),"")) | K16: =IF($A16="","",IF($I16="算出率の表",ROUNDDOWN(ROUND('1_手取り'!$F$13*$J16,4),0),IF($I16="前月の給与なし",IF(ROUNDDOWN('1_手取り'!$F$13/'1_手取り'!$F$16,0)<105000,0,IF(ROUNDDOWN('1_手取り'!$F$13/'1_手取り'!$F$16,0)<740000,INDEX(月額表!$B$4:$I$234,MATCH(ROUNDDOWN('1_手取り'!$F$13/'1_手取り'!$F$16,0),月額表!$A$4:$A$234,1),'1_手取り'!$B$7+1),INDEX(月額表!$M$4:$T$12,MATCH(ROUNDDOWN('1_手取り'!$F$13/'1_手取り'!$F$16,0),月額表!$K$4:$K$12,1),'1_手取り'!$B$7+1)+ROUNDDOWN(ROUND((ROUNDDOWN('1_手取り'!$F$13/'1_手取り'!$F$16,0)-INDEX(月額表!$K$4:$K$12,MATCH(ROUNDDOWN('1_手取り'!$F$13/'1_手取り'!$F$16,0),月額表!$K$4:$K$12,1)))*INDEX(月額表!$L$4:$L$12,MATCH(ROUNDDOWN('1_手取り'!$F$13/'1_手取り'!$F$16,0),月額表!$K$4:$K$12,1)),4),0)))*'1_手取り'!$F$16,(IF((ROUNDDOWN('1_手取り'!$F$13/'1_手取り'!$F$16,0)+$H16)<105000,0,IF((ROUNDDOWN('1_手取り'!$F$13/'1_手取り'!$F$16,0)+$H16)<740000,INDEX(月額表!$B$4:$I$234,MATCH((ROUNDDOWN('1_手取り'!$F$13/'1_手取り'!$F$16,0)+$H16),月額表!$A$4:$A$234,1),'1_手取り'!$B$7+1),INDEX(月額表!$M$4:$T$12,MATCH((ROUNDDOWN('1_手取り'!$F$13/'1_手取り'!$F$16,0)+$H16),月額表!$K$4:$K$12,1),'1_手取り'!$B$7+1)+ROUNDDOWN(ROUND(((ROUNDDOWN('1_手取り'!$F$13/'1_手取り'!$F$16,0)+$H16)-INDEX(月額表!$K$4:$K$12,MATCH((ROUNDDOWN('1_手取り'!$F$13/'1_手取り'!$F$16,0)+$H16),月額表!$K$4:$K$12,1)))*INDEX(月額表!$L$4:$L$12,MATCH((ROUNDDOWN('1_手取り'!$F$13/'1_手取り'!$F$16,0)+$H16),月額表!$K$4:$K$12,1)),4),0)))-IF($H16<105000,0,IF($H16<740000,INDEX(月額表!$B$4:$I$234,MATCH($H16,月額表!$A$4:$A$234,1),'1_手取り'!$B$7+1),INDEX(月額表!$M$4:$T$12,MATCH($H16,月額表!$K$4:$K$12,1),'1_手取り'!$B$7+1)+ROUNDDOWN(ROUND(($H16-INDEX(月額表!$K$4:$K$12,MATCH($H16,月額表!$K$4:$K$12,1)))*INDEX(月額表!$L$4:$L$12,MATCH($H16,月額表!$K$4:$K$12,1)),4),0))))*'1_手取り'!$F$16))) | L16: =IF($A16="","",'1_手取り'!$B$3-'1_手取り'!$F$12-$K16) | M16: =IF(OR($A16="",$A15="",ROW()=5),"",$L16-$L15)
A17: 800000 | B17: =IF(OR($A17="",$A17=0),"",INDEX(標準報酬!$B$4:$B$53,MATCH($A17,標準報酬!$A$4:$A$53,1))) | C17: =IF(OR($A17="",$A17=0),"",IF(ROUND($B17*('1_手取り'!$F$6+'1_手取り'!$F$7)/2,4)<=0.5,0,ROUNDUP(ROUND($B17*('1_手取り'!$F$6+'1_手取り'!$F$7)/2,4)-0.5,0))) | D17: =IF(OR($A17="",$A17=0),"",IF(ROUND($B17*料率!$E$5/2,4)<=0.5,0,ROUNDUP(ROUND($B17*料率!$E$5/2,4)-0.5,0))) | E17: =IF(OR($A17="",$A17=0),"",IF(ROUND(MIN(MAX($B17,88000),650000)*料率!$E$6/2,4)<=0.5,0,ROUNDUP(ROUND(MIN(MAX($B17,88000),650000)*料率!$E$6/2,4)-0.5,0))) | F17: =IF(OR($A17="",$A17=0),"",IF(ROUND($A17*INDEX(料率!$E$8:$E$10,MATCH('1_手取り'!$B$6,料率!$D$8:$D$10,0)),4)<=0.5,0,ROUNDUP(ROUND($A17*INDEX(料率!$E$8:$E$10,MATCH('1_手取り'!$B$6,料率!$D$8:$D$10,0)),4)-0.5,0))) | G17: =IF(OR($A17="",$A17=0),"",SUM($C17:$F17)) | H17: =IF($A17="","",IF($A17=0,0,$A17-$G17)) | I17: =IF($A17="","",IF(OR($A17=0,$H17<=0),"前月の給与なし",IF('1_手取り'!$F$13>$H17*10,"10倍超","算出率の表"))) | J17: =IF($A17="","",IF($I17="算出率の表",INDEX(算出率!$A$4:$A$24,MATCH($H17,INDEX(算出率!$B$4:$I$24,0,'1_手取り'!$B$7+1),1)),"")) | K17: =IF($A17="","",IF($I17="算出率の表",ROUNDDOWN(ROUND('1_手取り'!$F$13*$J17,4),0),IF($I17="前月の給与なし",IF(ROUNDDOWN('1_手取り'!$F$13/'1_手取り'!$F$16,0)<105000,0,IF(ROUNDDOWN('1_手取り'!$F$13/'1_手取り'!$F$16,0)<740000,INDEX(月額表!$B$4:$I$234,MATCH(ROUNDDOWN('1_手取り'!$F$13/'1_手取り'!$F$16,0),月額表!$A$4:$A$234,1),'1_手取り'!$B$7+1),INDEX(月額表!$M$4:$T$12,MATCH(ROUNDDOWN('1_手取り'!$F$13/'1_手取り'!$F$16,0),月額表!$K$4:$K$12,1),'1_手取り'!$B$7+1)+ROUNDDOWN(ROUND((ROUNDDOWN('1_手取り'!$F$13/'1_手取り'!$F$16,0)-INDEX(月額表!$K$4:$K$12,MATCH(ROUNDDOWN('1_手取り'!$F$13/'1_手取り'!$F$16,0),月額表!$K$4:$K$12,1)))*INDEX(月額表!$L$4:$L$12,MATCH(ROUNDDOWN('1_手取り'!$F$13/'1_手取り'!$F$16,0),月額表!$K$4:$K$12,1)),4),0)))*'1_手取り'!$F$16,(IF((ROUNDDOWN('1_手取り'!$F$13/'1_手取り'!$F$16,0)+$H17)<105000,0,IF((ROUNDDOWN('1_手取り'!$F$13/'1_手取り'!$F$16,0)+$H17)<740000,INDEX(月額表!$B$4:$I$234,MATCH((ROUNDDOWN('1_手取り'!$F$13/'1_手取り'!$F$16,0)+$H17),月額表!$A$4:$A$234,1),'1_手取り'!$B$7+1),INDEX(月額表!$M$4:$T$12,MATCH((ROUNDDOWN('1_手取り'!$F$13/'1_手取り'!$F$16,0)+$H17),月額表!$K$4:$K$12,1),'1_手取り'!$B$7+1)+ROUNDDOWN(ROUND(((ROUNDDOWN('1_手取り'!$F$13/'1_手取り'!$F$16,0)+$H17)-INDEX(月額表!$K$4:$K$12,MATCH((ROUNDDOWN('1_手取り'!$F$13/'1_手取り'!$F$16,0)+$H17),月額表!$K$4:$K$12,1)))*INDEX(月額表!$L$4:$L$12,MATCH((ROUNDDOWN('1_手取り'!$F$13/'1_手取り'!$F$16,0)+$H17),月額表!$K$4:$K$12,1)),4),0)))-IF($H17<105000,0,IF($H17<740000,INDEX(月額表!$B$4:$I$234,MATCH($H17,月額表!$A$4:$A$234,1),'1_手取り'!$B$7+1),INDEX(月額表!$M$4:$T$12,MATCH($H17,月額表!$K$4:$K$12,1),'1_手取り'!$B$7+1)+ROUNDDOWN(ROUND(($H17-INDEX(月額表!$K$4:$K$12,MATCH($H17,月額表!$K$4:$K$12,1)))*INDEX(月額表!$L$4:$L$12,MATCH($H17,月額表!$K$4:$K$12,1)),4),0))))*'1_手取り'!$F$16))) | L17: =IF($A17="","",'1_手取り'!$B$3-'1_手取り'!$F$12-$K17) | M17: =IF(OR($A17="",$A16="",ROW()=5),"",$L17-$L16)
B18: =IF(OR($A18="",$A18=0),"",INDEX(標準報酬!$B$4:$B$53,MATCH($A18,標準報酬!$A$4:$A$53,1))) | C18: =IF(OR($A18="",$A18=0),"",IF(ROUND($B18*('1_手取り'!$F$6+'1_手取り'!$F$7)/2,4)<=0.5,0,ROUNDUP(ROUND($B18*('1_手取り'!$F$6+'1_手取り'!$F$7)/2,4)-0.5,0))) | D18: =IF(OR($A18="",$A18=0),"",IF(ROUND($B18*料率!$E$5/2,4)<=0.5,0,ROUNDUP(ROUND($B18*料率!$E$5/2,4)-0.5,0))) | E18: =IF(OR($A18="",$A18=0),"",IF(ROUND(MIN(MAX($B18,88000),650000)*料率!$E$6/2,4)<=0.5,0,ROUNDUP(ROUND(MIN(MAX($B18,88000),650000)*料率!$E$6/2,4)-0.5,0))) | F18: =IF(OR($A18="",$A18=0),"",IF(ROUND($A18*INDEX(料率!$E$8:$E$10,MATCH('1_手取り'!$B$6,料率!$D$8:$D$10,0)),4)<=0.5,0,ROUNDUP(ROUND($A18*INDEX(料率!$E$8:$E$10,MATCH('1_手取り'!$B$6,料率!$D$8:$D$10,0)),4)-0.5,0))) | G18: =IF(OR($A18="",$A18=0),"",SUM($C18:$F18)) | H18: =IF($A18="","",IF($A18=0,0,$A18-$G18)) | I18: =IF($A18="","",IF(OR($A18=0,$H18<=0),"前月の給与なし",IF('1_手取り'!$F$13>$H18*10,"10倍超","算出率の表"))) | J18: =IF($A18="","",IF($I18="算出率の表",INDEX(算出率!$A$4:$A$24,MATCH($H18,INDEX(算出率!$B$4:$I$24,0,'1_手取り'!$B$7+1),1)),"")) | K18: =IF($A18="","",IF($I18="算出率の表",ROUNDDOWN(ROUND('1_手取り'!$F$13*$J18,4),0),IF($I18="前月の給与なし",IF(ROUNDDOWN('1_手取り'!$F$13/'1_手取り'!$F$16,0)<105000,0,IF(ROUNDDOWN('1_手取り'!$F$13/'1_手取り'!$F$16,0)<740000,INDEX(月額表!$B$4:$I$234,MATCH(ROUNDDOWN('1_手取り'!$F$13/'1_手取り'!$F$16,0),月額表!$A$4:$A$234,1),'1_手取り'!$B$7+1),INDEX(月額表!$M$4:$T$12,MATCH(ROUNDDOWN('1_手取り'!$F$13/'1_手取り'!$F$16,0),月額表!$K$4:$K$12,1),'1_手取り'!$B$7+1)+ROUNDDOWN(ROUND((ROUNDDOWN('1_手取り'!$F$13/'1_手取り'!$F$16,0)-INDEX(月額表!$K$4:$K$12,MATCH(ROUNDDOWN('1_手取り'!$F$13/'1_手取り'!$F$16,0),月額表!$K$4:$K$12,1)))*INDEX(月額表!$L$4:$L$12,MATCH(ROUNDDOWN('1_手取り'!$F$13/'1_手取り'!$F$16,0),月額表!$K$4:$K$12,1)),4),0)))*'1_手取り'!$F$16,(IF((ROUNDDOWN('1_手取り'!$F$13/'1_手取り'!$F$16,0)+$H18)<105000,0,IF((ROUNDDOWN('1_手取り'!$F$13/'1_手取り'!$F$16,0)+$H18)<740000,INDEX(月額表!$B$4:$I$234,MATCH((ROUNDDOWN('1_手取り'!$F$13/'1_手取り'!$F$16,0)+$H18),月額表!$A$4:$A$234,1),'1_手取り'!$B$7+1),INDEX(月額表!$M$4:$T$12,MATCH((ROUNDDOWN('1_手取り'!$F$13/'1_手取り'!$F$16,0)+$H18),月額表!$K$4:$K$12,1),'1_手取り'!$B$7+1)+ROUNDDOWN(ROUND(((ROUNDDOWN('1_手取り'!$F$13/'1_手取り'!$F$16,0)+$H18)-INDEX(月額表!$K$4:$K$12,MATCH((ROUNDDOWN('1_手取り'!$F$13/'1_手取り'!$F$16,0)+$H18),月額表!$K$4:$K$12,1)))*INDEX(月額表!$L$4:$L$12,MATCH((ROUNDDOWN('1_手取り'!$F$13/'1_手取り'!$F$16,0)+$H18),月額表!$K$4:$K$12,1)),4),0)))-IF($H18<105000,0,IF($H18<740000,INDEX(月額表!$B$4:$I$234,MATCH($H18,月額表!$A$4:$A$234,1),'1_手取り'!$B$7+1),INDEX(月額表!$M$4:$T$12,MATCH($H18,月額表!$K$4:$K$12,1),'1_手取り'!$B$7+1)+ROUNDDOWN(ROUND(($H18-INDEX(月額表!$K$4:$K$12,MATCH($H18,月額表!$K$4:$K$12,1)))*INDEX(月額表!$L$4:$L$12,MATCH($H18,月額表!$K$4:$K$12,1)),4),0))))*'1_手取り'!$F$16))) | L18: =IF($A18="","",'1_手取り'!$B$3-'1_手取り'!$F$12-$K18) | M18: =IF(OR($A18="",$A17="",ROW()=5),"",$L18-$L17)
B19: =IF(OR($A19="",$A19=0),"",INDEX(標準報酬!$B$4:$B$53,MATCH($A19,標準報酬!$A$4:$A$53,1))) | C19: =IF(OR($A19="",$A19=0),"",IF(ROUND($B19*('1_手取り'!$F$6+'1_手取り'!$F$7)/2,4)<=0.5,0,ROUNDUP(ROUND($B19*('1_手取り'!$F$6+'1_手取り'!$F$7)/2,4)-0.5,0))) | D19: =IF(OR($A19="",$A19=0),"",IF(ROUND($B19*料率!$E$5/2,4)<=0.5,0,ROUNDUP(ROUND($B19*料率!$E$5/2,4)-0.5,0))) | E19: =IF(OR($A19="",$A19=0),"",IF(ROUND(MIN(MAX($B19,88000),650000)*料率!$E$6/2,4)<=0.5,0,ROUNDUP(ROUND(MIN(MAX($B19,88000),650000)*料率!$E$6/2,4)-0.5,0))) | F19: =IF(OR($A19="",$A19=0),"",IF(ROUND($A19*INDEX(料率!$E$8:$E$10,MATCH('1_手取り'!$B$6,料率!$D$8:$D$10,0)),4)<=0.5,0,ROUNDUP(ROUND($A19*INDEX(料率!$E$8:$E$10,MATCH('1_手取り'!$B$6,料率!$D$8:$D$10,0)),4)-0.5,0))) | G19: =IF(OR($A19="",$A19=0),"",SUM($C19:$F19)) | H19: =IF($A19="","",IF($A19=0,0,$A19-$G19)) | I19: =IF($A19="","",IF(OR($A19=0,$H19<=0),"前月の給与なし",IF('1_手取り'!$F$13>$H19*10,"10倍超","算出率の表"))) | J19: =IF($A19="","",IF($I19="算出率の表",INDEX(算出率!$A$4:$A$24,MATCH($H19,INDEX(算出率!$B$4:$I$24,0,'1_手取り'!$B$7+1),1)),"")) | K19: =IF($A19="","",IF($I19="算出率の表",ROUNDDOWN(ROUND('1_手取り'!$F$13*$J19,4),0),IF($I19="前月の給与なし",IF(ROUNDDOWN('1_手取り'!$F$13/'1_手取り'!$F$16,0)<105000,0,IF(ROUNDDOWN('1_手取り'!$F$13/'1_手取り'!$F$16,0)<740000,INDEX(月額表!$B$4:$I$234,MATCH(ROUNDDOWN('1_手取り'!$F$13/'1_手取り'!$F$16,0),月額表!$A$4:$A$234,1),'1_手取り'!$B$7+1),INDEX(月額表!$M$4:$T$12,MATCH(ROUNDDOWN('1_手取り'!$F$13/'1_手取り'!$F$16,0),月額表!$K$4:$K$12,1),'1_手取り'!$B$7+1)+ROUNDDOWN(ROUND((ROUNDDOWN('1_手取り'!$F$13/'1_手取り'!$F$16,0)-INDEX(月額表!$K$4:$K$12,MATCH(ROUNDDOWN('1_手取り'!$F$13/'1_手取り'!$F$16,0),月額表!$K$4:$K$12,1)))*INDEX(月額表!$L$4:$L$12,MATCH(ROUNDDOWN('1_手取り'!$F$13/'1_手取り'!$F$16,0),月額表!$K$4:$K$12,1)),4),0)))*'1_手取り'!$F$16,(IF((ROUNDDOWN('1_手取り'!$F$13/'1_手取り'!$F$16,0)+$H19)<105000,0,IF((ROUNDDOWN('1_手取り'!$F$13/'1_手取り'!$F$16,0)+$H19)<740000,INDEX(月額表!$B$4:$I$234,MATCH((ROUNDDOWN('1_手取り'!$F$13/'1_手取り'!$F$16,0)+$H19),月額表!$A$4:$A$234,1),'1_手取り'!$B$7+1),INDEX(月額表!$M$4:$T$12,MATCH((ROUNDDOWN('1_手取り'!$F$13/'1_手取り'!$F$16,0)+$H19),月額表!$K$4:$K$12,1),'1_手取り'!$B$7+1)+ROUNDDOWN(ROUND(((ROUNDDOWN('1_手取り'!$F$13/'1_手取り'!$F$16,0)+$H19)-INDEX(月額表!$K$4:$K$12,MATCH((ROUNDDOWN('1_手取り'!$F$13/'1_手取り'!$F$16,0)+$H19),月額表!$K$4:$K$12,1)))*INDEX(月額表!$L$4:$L$12,MATCH((ROUNDDOWN('1_手取り'!$F$13/'1_手取り'!$F$16,0)+$H19),月額表!$K$4:$K$12,1)),4),0)))-IF($H19<105000,0,IF($H19<740000,INDEX(月額表!$B$4:$I$234,MATCH($H19,月額表!$A$4:$A$234,1),'1_手取り'!$B$7+1),INDEX(月額表!$M$4:$T$12,MATCH($H19,月額表!$K$4:$K$12,1),'1_手取り'!$B$7+1)+ROUNDDOWN(ROUND(($H19-INDEX(月額表!$K$4:$K$12,MATCH($H19,月額表!$K$4:$K$12,1)))*INDEX(月額表!$L$4:$L$12,MATCH($H19,月額表!$K$4:$K$12,1)),4),0))))*'1_手取り'!$F$16))) | L19: =IF($A19="","",'1_手取り'!$B$3-'1_手取り'!$F$12-$K19) | M19: =IF(OR($A19="",$A18="",ROW()=5),"",$L19-$L18)
B20: =IF(OR($A20="",$A20=0),"",INDEX(標準報酬!$B$4:$B$53,MATCH($A20,標準報酬!$A$4:$A$53,1))) | C20: =IF(OR($A20="",$A20=0),"",IF(ROUND($B20*('1_手取り'!$F$6+'1_手取り'!$F$7)/2,4)<=0.5,0,ROUNDUP(ROUND($B20*('1_手取り'!$F$6+'1_手取り'!$F$7)/2,4)-0.5,0))) | D20: =IF(OR($A20="",$A20=0),"",IF(ROUND($B20*料率!$E$5/2,4)<=0.5,0,ROUNDUP(ROUND($B20*料率!$E$5/2,4)-0.5,0))) | E20: =IF(OR($A20="",$A20=0),"",IF(ROUND(MIN(MAX($B20,88000),650000)*料率!$E$6/2,4)<=0.5,0,ROUNDUP(ROUND(MIN(MAX($B20,88000),650000)*料率!$E$6/2,4)-0.5,0))) | F20: =IF(OR($A20="",$A20=0),"",IF(ROUND($A20*INDEX(料率!$E$8:$E$10,MATCH('1_手取り'!$B$6,料率!$D$8:$D$10,0)),4)<=0.5,0,ROUNDUP(ROUND($A20*INDEX(料率!$E$8:$E$10,MATCH('1_手取り'!$B$6,料率!$D$8:$D$10,0)),4)-0.5,0))) | G20: =IF(OR($A20="",$A20=0),"",SUM($C20:$F20)) | H20: =IF($A20="","",IF($A20=0,0,$A20-$G20)) | I20: =IF($A20="","",IF(OR($A20=0,$H20<=0),"前月の給与なし",IF('1_手取り'!$F$13>$H20*10,"10倍超","算出率の表"))) | J20: =IF($A20="","",IF($I20="算出率の表",INDEX(算出率!$A$4:$A$24,MATCH($H20,INDEX(算出率!$B$4:$I$24,0,'1_手取り'!$B$7+1),1)),"")) | K20: =IF($A20="","",IF($I20="算出率の表",ROUNDDOWN(ROUND('1_手取り'!$F$13*$J20,4),0),IF($I20="前月の給与なし",IF(ROUNDDOWN('1_手取り'!$F$13/'1_手取り'!$F$16,0)<105000,0,IF(ROUNDDOWN('1_手取り'!$F$13/'1_手取り'!$F$16,0)<740000,INDEX(月額表!$B$4:$I$234,MATCH(ROUNDDOWN('1_手取り'!$F$13/'1_手取り'!$F$16,0),月額表!$A$4:$A$234,1),'1_手取り'!$B$7+1),INDEX(月額表!$M$4:$T$12,MATCH(ROUNDDOWN('1_手取り'!$F$13/'1_手取り'!$F$16,0),月額表!$K$4:$K$12,1),'1_手取り'!$B$7+1)+ROUNDDOWN(ROUND((ROUNDDOWN('1_手取り'!$F$13/'1_手取り'!$F$16,0)-INDEX(月額表!$K$4:$K$12,MATCH(ROUNDDOWN('1_手取り'!$F$13/'1_手取り'!$F$16,0),月額表!$K$4:$K$12,1)))*INDEX(月額表!$L$4:$L$12,MATCH(ROUNDDOWN('1_手取り'!$F$13/'1_手取り'!$F$16,0),月額表!$K$4:$K$12,1)),4),0)))*'1_手取り'!$F$16,(IF((ROUNDDOWN('1_手取り'!$F$13/'1_手取り'!$F$16,0)+$H20)<105000,0,IF((ROUNDDOWN('1_手取り'!$F$13/'1_手取り'!$F$16,0)+$H20)<740000,INDEX(月額表!$B$4:$I$234,MATCH((ROUNDDOWN('1_手取り'!$F$13/'1_手取り'!$F$16,0)+$H20),月額表!$A$4:$A$234,1),'1_手取り'!$B$7+1),INDEX(月額表!$M$4:$T$12,MATCH((ROUNDDOWN('1_手取り'!$F$13/'1_手取り'!$F$16,0)+$H20),月額表!$K$4:$K$12,1),'1_手取り'!$B$7+1)+ROUNDDOWN(ROUND(((ROUNDDOWN('1_手取り'!$F$13/'1_手取り'!$F$16,0)+$H20)-INDEX(月額表!$K$4:$K$12,MATCH((ROUNDDOWN('1_手取り'!$F$13/'1_手取り'!$F$16,0)+$H20),月額表!$K$4:$K$12,1)))*INDEX(月額表!$L$4:$L$12,MATCH((ROUNDDOWN('1_手取り'!$F$13/'1_手取り'!$F$16,0)+$H20),月額表!$K$4:$K$12,1)),4),0)))-IF($H20<105000,0,IF($H20<740000,INDEX(月額表!$B$4:$I$234,MATCH($H20,月額表!$A$4:$A$234,1),'1_手取り'!$B$7+1),INDEX(月額表!$M$4:$T$12,MATCH($H20,月額表!$K$4:$K$12,1),'1_手取り'!$B$7+1)+ROUNDDOWN(ROUND(($H20-INDEX(月額表!$K$4:$K$12,MATCH($H20,月額表!$K$4:$K$12,1)))*INDEX(月額表!$L$4:$L$12,MATCH($H20,月額表!$K$4:$K$12,1)),4),0))))*'1_手取り'!$F$16))) | L20: =IF($A20="","",'1_手取り'!$B$3-'1_手取り'!$F$12-$K20) | M20: =IF(OR($A20="",$A19="",ROW()=5),"",$L20-$L19)
B21: =IF(OR($A21="",$A21=0),"",INDEX(標準報酬!$B$4:$B$53,MATCH($A21,標準報酬!$A$4:$A$53,1))) | C21: =IF(OR($A21="",$A21=0),"",IF(ROUND($B21*('1_手取り'!$F$6+'1_手取り'!$F$7)/2,4)<=0.5,0,ROUNDUP(ROUND($B21*('1_手取り'!$F$6+'1_手取り'!$F$7)/2,4)-0.5,0))) | D21: =IF(OR($A21="",$A21=0),"",IF(ROUND($B21*料率!$E$5/2,4)<=0.5,0,ROUNDUP(ROUND($B21*料率!$E$5/2,4)-0.5,0))) | E21: =IF(OR($A21="",$A21=0),"",IF(ROUND(MIN(MAX($B21,88000),650000)*料率!$E$6/2,4)<=0.5,0,ROUNDUP(ROUND(MIN(MAX($B21,88000),650000)*料率!$E$6/2,4)-0.5,0))) | F21: =IF(OR($A21="",$A21=0),"",IF(ROUND($A21*INDEX(料率!$E$8:$E$10,MATCH('1_手取り'!$B$6,料率!$D$8:$D$10,0)),4)<=0.5,0,ROUNDUP(ROUND($A21*INDEX(料率!$E$8:$E$10,MATCH('1_手取り'!$B$6,料率!$D$8:$D$10,0)),4)-0.5,0))) | G21: =IF(OR($A21="",$A21=0),"",SUM($C21:$F21)) | H21: =IF($A21="","",IF($A21=0,0,$A21-$G21)) | I21: =IF($A21="","",IF(OR($A21=0,$H21<=0),"前月の給与なし",IF('1_手取り'!$F$13>$H21*10,"10倍超","算出率の表"))) | J21: =IF($A21="","",IF($I21="算出率の表",INDEX(算出率!$A$4:$A$24,MATCH($H21,INDEX(算出率!$B$4:$I$24,0,'1_手取り'!$B$7+1),1)),"")) | K21: =IF($A21="","",IF($I21="算出率の表",ROUNDDOWN(ROUND('1_手取り'!$F$13*$J21,4),0),IF($I21="前月の給与なし",IF(ROUNDDOWN('1_手取り'!$F$13/'1_手取り'!$F$16,0)<105000,0,IF(ROUNDDOWN('1_手取り'!$F$13/'1_手取り'!$F$16,0)<740000,INDEX(月額表!$B$4:$I$234,MATCH(ROUNDDOWN('1_手取り'!$F$13/'1_手取り'!$F$16,0),月額表!$A$4:$A$234,1),'1_手取り'!$B$7+1),INDEX(月額表!$M$4:$T$12,MATCH(ROUNDDOWN('1_手取り'!$F$13/'1_手取り'!$F$16,0),月額表!$K$4:$K$12,1),'1_手取り'!$B$7+1)+ROUNDDOWN(ROUND((ROUNDDOWN('1_手取り'!$F$13/'1_手取り'!$F$16,0)-INDEX(月額表!$K$4:$K$12,MATCH(ROUNDDOWN('1_手取り'!$F$13/'1_手取り'!$F$16,0),月額表!$K$4:$K$12,1)))*INDEX(月額表!$L$4:$L$12,MATCH(ROUNDDOWN('1_手取り'!$F$13/'1_手取り'!$F$16,0),月額表!$K$4:$K$12,1)),4),0)))*'1_手取り'!$F$16,(IF((ROUNDDOWN('1_手取り'!$F$13/'1_手取り'!$F$16,0)+$H21)<105000,0,IF((ROUNDDOWN('1_手取り'!$F$13/'1_手取り'!$F$16,0)+$H21)<740000,INDEX(月額表!$B$4:$I$234,MATCH((ROUNDDOWN('1_手取り'!$F$13/'1_手取り'!$F$16,0)+$H21),月額表!$A$4:$A$234,1),'1_手取り'!$B$7+1),INDEX(月額表!$M$4:$T$12,MATCH((ROUNDDOWN('1_手取り'!$F$13/'1_手取り'!$F$16,0)+$H21),月額表!$K$4:$K$12,1),'1_手取り'!$B$7+1)+ROUNDDOWN(ROUND(((ROUNDDOWN('1_手取り'!$F$13/'1_手取り'!$F$16,0)+$H21)-INDEX(月額表!$K$4:$K$12,MATCH((ROUNDDOWN('1_手取り'!$F$13/'1_手取り'!$F$16,0)+$H21),月額表!$K$4:$K$12,1)))*INDEX(月額表!$L$4:$L$12,MATCH((ROUNDDOWN('1_手取り'!$F$13/'1_手取り'!$F$16,0)+$H21),月額表!$K$4:$K$12,1)),4),0)))-IF($H21<105000,0,IF($H21<740000,INDEX(月額表!$B$4:$I$234,MATCH($H21,月額表!$A$4:$A$234,1),'1_手取り'!$B$7+1),INDEX(月額表!$M$4:$T$12,MATCH($H21,月額表!$K$4:$K$12,1),'1_手取り'!$B$7+1)+ROUNDDOWN(ROUND(($H21-INDEX(月額表!$K$4:$K$12,MATCH($H21,月額表!$K$4:$K$12,1)))*INDEX(月額表!$L$4:$L$12,MATCH($H21,月額表!$K$4:$K$12,1)),4),0))))*'1_手取り'!$F$16))) | L21: =IF($A21="","",'1_手取り'!$B$3-'1_手取り'!$F$12-$K21) | M21: =IF(OR($A21="",$A20="",ROW()=5),"",$L21-$L20)
B22: =IF(OR($A22="",$A22=0),"",INDEX(標準報酬!$B$4:$B$53,MATCH($A22,標準報酬!$A$4:$A$53,1))) | C22: =IF(OR($A22="",$A22=0),"",IF(ROUND($B22*('1_手取り'!$F$6+'1_手取り'!$F$7)/2,4)<=0.5,0,ROUNDUP(ROUND($B22*('1_手取り'!$F$6+'1_手取り'!$F$7)/2,4)-0.5,0))) | D22: =IF(OR($A22="",$A22=0),"",IF(ROUND($B22*料率!$E$5/2,4)<=0.5,0,ROUNDUP(ROUND($B22*料率!$E$5/2,4)-0.5,0))) | E22: =IF(OR($A22="",$A22=0),"",IF(ROUND(MIN(MAX($B22,88000),650000)*料率!$E$6/2,4)<=0.5,0,ROUNDUP(ROUND(MIN(MAX($B22,88000),650000)*料率!$E$6/2,4)-0.5,0))) | F22: =IF(OR($A22="",$A22=0),"",IF(ROUND($A22*INDEX(料率!$E$8:$E$10,MATCH('1_手取り'!$B$6,料率!$D$8:$D$10,0)),4)<=0.5,0,ROUNDUP(ROUND($A22*INDEX(料率!$E$8:$E$10,MATCH('1_手取り'!$B$6,料率!$D$8:$D$10,0)),4)-0.5,0))) | G22: =IF(OR($A22="",$A22=0),"",SUM($C22:$F22)) | H22: =IF($A22="","",IF($A22=0,0,$A22-$G22)) | I22: =IF($A22="","",IF(OR($A22=0,$H22<=0),"前月の給与なし",IF('1_手取り'!$F$13>$H22*10,"10倍超","算出率の表"))) | J22: =IF($A22="","",IF($I22="算出率の表",INDEX(算出率!$A$4:$A$24,MATCH($H22,INDEX(算出率!$B$4:$I$24,0,'1_手取り'!$B$7+1),1)),"")) | K22: =IF($A22="","",IF($I22="算出率の表",ROUNDDOWN(ROUND('1_手取り'!$F$13*$J22,4),0),IF($I22="前月の給与なし",IF(ROUNDDOWN('1_手取り'!$F$13/'1_手取り'!$F$16,0)<105000,0,IF(ROUNDDOWN('1_手取り'!$F$13/'1_手取り'!$F$16,0)<740000,INDEX(月額表!$B$4:$I$234,MATCH(ROUNDDOWN('1_手取り'!$F$13/'1_手取り'!$F$16,0),月額表!$A$4:$A$234,1),'1_手取り'!$B$7+1),INDEX(月額表!$M$4:$T$12,MATCH(ROUNDDOWN('1_手取り'!$F$13/'1_手取り'!$F$16,0),月額表!$K$4:$K$12,1),'1_手取り'!$B$7+1)+ROUNDDOWN(ROUND((ROUNDDOWN('1_手取り'!$F$13/'1_手取り'!$F$16,0)-INDEX(月額表!$K$4:$K$12,MATCH(ROUNDDOWN('1_手取り'!$F$13/'1_手取り'!$F$16,0),月額表!$K$4:$K$12,1)))*INDEX(月額表!$L$4:$L$12,MATCH(ROUNDDOWN('1_手取り'!$F$13/'1_手取り'!$F$16,0),月額表!$K$4:$K$12,1)),4),0)))*'1_手取り'!$F$16,(IF((ROUNDDOWN('1_手取り'!$F$13/'1_手取り'!$F$16,0)+$H22)<105000,0,IF((ROUNDDOWN('1_手取り'!$F$13/'1_手取り'!$F$16,0)+$H22)<740000,INDEX(月額表!$B$4:$I$234,MATCH((ROUNDDOWN('1_手取り'!$F$13/'1_手取り'!$F$16,0)+$H22),月額表!$A$4:$A$234,1),'1_手取り'!$B$7+1),INDEX(月額表!$M$4:$T$12,MATCH((ROUNDDOWN('1_手取り'!$F$13/'1_手取り'!$F$16,0)+$H22),月額表!$K$4:$K$12,1),'1_手取り'!$B$7+1)+ROUNDDOWN(ROUND(((ROUNDDOWN('1_手取り'!$F$13/'1_手取り'!$F$16,0)+$H22)-INDEX(月額表!$K$4:$K$12,MATCH((ROUNDDOWN('1_手取り'!$F$13/'1_手取り'!$F$16,0)+$H22),月額表!$K$4:$K$12,1)))*INDEX(月額表!$L$4:$L$12,MATCH((ROUNDDOWN('1_手取り'!$F$13/'1_手取り'!$F$16,0)+$H22),月額表!$K$4:$K$12,1)),4),0)))-IF($H22<105000,0,IF($H22<740000,INDEX(月額表!$B$4:$I$234,MATCH($H22,月額表!$A$4:$A$234,1),'1_手取り'!$B$7+1),INDEX(月額表!$M$4:$T$12,MATCH($H22,月額表!$K$4:$K$12,1),'1_手取り'!$B$7+1)+ROUNDDOWN(ROUND(($H22-INDEX(月額表!$K$4:$K$12,MATCH($H22,月額表!$K$4:$K$12,1)))*INDEX(月額表!$L$4:$L$12,MATCH($H22,月額表!$K$4:$K$12,1)),4),0))))*'1_手取り'!$F$16))) | L22: =IF($A22="","",'1_手取り'!$B$3-'1_手取り'!$F$12-$K22) | M22: =IF(OR($A22="",$A21="",ROW()=5),"",$L22-$L21)
B23: =IF(OR($A23="",$A23=0),"",INDEX(標準報酬!$B$4:$B$53,MATCH($A23,標準報酬!$A$4:$A$53,1))) | C23: =IF(OR($A23="",$A23=0),"",IF(ROUND($B23*('1_手取り'!$F$6+'1_手取り'!$F$7)/2,4)<=0.5,0,ROUNDUP(ROUND($B23*('1_手取り'!$F$6+'1_手取り'!$F$7)/2,4)-0.5,0))) | D23: =IF(OR($A23="",$A23=0),"",IF(ROUND($B23*料率!$E$5/2,4)<=0.5,0,ROUNDUP(ROUND($B23*料率!$E$5/2,4)-0.5,0))) | E23: =IF(OR($A23="",$A23=0),"",IF(ROUND(MIN(MAX($B23,88000),650000)*料率!$E$6/2,4)<=0.5,0,ROUNDUP(ROUND(MIN(MAX($B23,88000),650000)*料率!$E$6/2,4)-0.5,0))) | F23: =IF(OR($A23="",$A23=0),"",IF(ROUND($A23*INDEX(料率!$E$8:$E$10,MATCH('1_手取り'!$B$6,料率!$D$8:$D$10,0)),4)<=0.5,0,ROUNDUP(ROUND($A23*INDEX(料率!$E$8:$E$10,MATCH('1_手取り'!$B$6,料率!$D$8:$D$10,0)),4)-0.5,0))) | G23: =IF(OR($A23="",$A23=0),"",SUM($C23:$F23)) | H23: =IF($A23="","",IF($A23=0,0,$A23-$G23)) | I23: =IF($A23="","",IF(OR($A23=0,$H23<=0),"前月の給与なし",IF('1_手取り'!$F$13>$H23*10,"10倍超","算出率の表"))) | J23: =IF($A23="","",IF($I23="算出率の表",INDEX(算出率!$A$4:$A$24,MATCH($H23,INDEX(算出率!$B$4:$I$24,0,'1_手取り'!$B$7+1),1)),"")) | K23: =IF($A23="","",IF($I23="算出率の表",ROUNDDOWN(ROUND('1_手取り'!$F$13*$J23,4),0),IF($I23="前月の給与なし",IF(ROUNDDOWN('1_手取り'!$F$13/'1_手取り'!$F$16,0)<105000,0,IF(ROUNDDOWN('1_手取り'!$F$13/'1_手取り'!$F$16,0)<740000,INDEX(月額表!$B$4:$I$234,MATCH(ROUNDDOWN('1_手取り'!$F$13/'1_手取り'!$F$16,0),月額表!$A$4:$A$234,1),'1_手取り'!$B$7+1),INDEX(月額表!$M$4:$T$12,MATCH(ROUNDDOWN('1_手取り'!$F$13/'1_手取り'!$F$16,0),月額表!$K$4:$K$12,1),'1_手取り'!$B$7+1)+ROUNDDOWN(ROUND((ROUNDDOWN('1_手取り'!$F$13/'1_手取り'!$F$16,0)-INDEX(月額表!$K$4:$K$12,MATCH(ROUNDDOWN('1_手取り'!$F$13/'1_手取り'!$F$16,0),月額表!$K$4:$K$12,1)))*INDEX(月額表!$L$4:$L$12,MATCH(ROUNDDOWN('1_手取り'!$F$13/'1_手取り'!$F$16,0),月額表!$K$4:$K$12,1)),4),0)))*'1_手取り'!$F$16,(IF((ROUNDDOWN('1_手取り'!$F$13/'1_手取り'!$F$16,0)+$H23)<105000,0,IF((ROUNDDOWN('1_手取り'!$F$13/'1_手取り'!$F$16,0)+$H23)<740000,INDEX(月額表!$B$4:$I$234,MATCH((ROUNDDOWN('1_手取り'!$F$13/'1_手取り'!$F$16,0)+$H23),月額表!$A$4:$A$234,1),'1_手取り'!$B$7+1),INDEX(月額表!$M$4:$T$12,MATCH((ROUNDDOWN('1_手取り'!$F$13/'1_手取り'!$F$16,0)+$H23),月額表!$K$4:$K$12,1),'1_手取り'!$B$7+1)+ROUNDDOWN(ROUND(((ROUNDDOWN('1_手取り'!$F$13/'1_手取り'!$F$16,0)+$H23)-INDEX(月額表!$K$4:$K$12,MATCH((ROUNDDOWN('1_手取り'!$F$13/'1_手取り'!$F$16,0)+$H23),月額表!$K$4:$K$12,1)))*INDEX(月額表!$L$4:$L$12,MATCH((ROUNDDOWN('1_手取り'!$F$13/'1_手取り'!$F$16,0)+$H23),月額表!$K$4:$K$12,1)),4),0)))-IF($H23<105000,0,IF($H23<740000,INDEX(月額表!$B$4:$I$234,MATCH($H23,月額表!$A$4:$A$234,1),'1_手取り'!$B$7+1),INDEX(月額表!$M$4:$T$12,MATCH($H23,月額表!$K$4:$K$12,1),'1_手取り'!$B$7+1)+ROUNDDOWN(ROUND(($H23-INDEX(月額表!$K$4:$K$12,MATCH($H23,月額表!$K$4:$K$12,1)))*INDEX(月額表!$L$4:$L$12,MATCH($H23,月額表!$K$4:$K$12,1)),4),0))))*'1_手取り'!$F$16))) | L23: =IF($A23="","",'1_手取り'!$B$3-'1_手取り'!$F$12-$K23) | M23: =IF(OR($A23="",$A22="",ROW()=5),"",$L23-$L22)
B24: =IF(OR($A24="",$A24=0),"",INDEX(標準報酬!$B$4:$B$53,MATCH($A24,標準報酬!$A$4:$A$53,1))) | C24: =IF(OR($A24="",$A24=0),"",IF(ROUND($B24*('1_手取り'!$F$6+'1_手取り'!$F$7)/2,4)<=0.5,0,ROUNDUP(ROUND($B24*('1_手取り'!$F$6+'1_手取り'!$F$7)/2,4)-0.5,0))) | D24: =IF(OR($A24="",$A24=0),"",IF(ROUND($B24*料率!$E$5/2,4)<=0.5,0,ROUNDUP(ROUND($B24*料率!$E$5/2,4)-0.5,0))) | E24: =IF(OR($A24="",$A24=0),"",IF(ROUND(MIN(MAX($B24,88000),650000)*料率!$E$6/2,4)<=0.5,0,ROUNDUP(ROUND(MIN(MAX($B24,88000),650000)*料率!$E$6/2,4)-0.5,0))) | F24: =IF(OR($A24="",$A24=0),"",IF(ROUND($A24*INDEX(料率!$E$8:$E$10,MATCH('1_手取り'!$B$6,料率!$D$8:$D$10,0)),4)<=0.5,0,ROUNDUP(ROUND($A24*INDEX(料率!$E$8:$E$10,MATCH('1_手取り'!$B$6,料率!$D$8:$D$10,0)),4)-0.5,0))) | G24: =IF(OR($A24="",$A24=0),"",SUM($C24:$F24)) | H24: =IF($A24="","",IF($A24=0,0,$A24-$G24)) | I24: =IF($A24="","",IF(OR($A24=0,$H24<=0),"前月の給与なし",IF('1_手取り'!$F$13>$H24*10,"10倍超","算出率の表"))) | J24: =IF($A24="","",IF($I24="算出率の表",INDEX(算出率!$A$4:$A$24,MATCH($H24,INDEX(算出率!$B$4:$I$24,0,'1_手取り'!$B$7+1),1)),"")) | K24: =IF($A24="","",IF($I24="算出率の表",ROUNDDOWN(ROUND('1_手取り'!$F$13*$J24,4),0),IF($I24="前月の給与なし",IF(ROUNDDOWN('1_手取り'!$F$13/'1_手取り'!$F$16,0)<105000,0,IF(ROUNDDOWN('1_手取り'!$F$13/'1_手取り'!$F$16,0)<740000,INDEX(月額表!$B$4:$I$234,MATCH(ROUNDDOWN('1_手取り'!$F$13/'1_手取り'!$F$16,0),月額表!$A$4:$A$234,1),'1_手取り'!$B$7+1),INDEX(月額表!$M$4:$T$12,MATCH(ROUNDDOWN('1_手取り'!$F$13/'1_手取り'!$F$16,0),月額表!$K$4:$K$12,1),'1_手取り'!$B$7+1)+ROUNDDOWN(ROUND((ROUNDDOWN('1_手取り'!$F$13/'1_手取り'!$F$16,0)-INDEX(月額表!$K$4:$K$12,MATCH(ROUNDDOWN('1_手取り'!$F$13/'1_手取り'!$F$16,0),月額表!$K$4:$K$12,1)))*INDEX(月額表!$L$4:$L$12,MATCH(ROUNDDOWN('1_手取り'!$F$13/'1_手取り'!$F$16,0),月額表!$K$4:$K$12,1)),4),0)))*'1_手取り'!$F$16,(IF((ROUNDDOWN('1_手取り'!$F$13/'1_手取り'!$F$16,0)+$H24)<105000,0,IF((ROUNDDOWN('1_手取り'!$F$13/'1_手取り'!$F$16,0)+$H24)<740000,INDEX(月額表!$B$4:$I$234,MATCH((ROUNDDOWN('1_手取り'!$F$13/'1_手取り'!$F$16,0)+$H24),月額表!$A$4:$A$234,1),'1_手取り'!$B$7+1),INDEX(月額表!$M$4:$T$12,MATCH((ROUNDDOWN('1_手取り'!$F$13/'1_手取り'!$F$16,0)+$H24),月額表!$K$4:$K$12,1),'1_手取り'!$B$7+1)+ROUNDDOWN(ROUND(((ROUNDDOWN('1_手取り'!$F$13/'1_手取り'!$F$16,0)+$H24)-INDEX(月額表!$K$4:$K$12,MATCH((ROUNDDOWN('1_手取り'!$F$13/'1_手取り'!$F$16,0)+$H24),月額表!$K$4:$K$12,1)))*INDEX(月額表!$L$4:$L$12,MATCH((ROUNDDOWN('1_手取り'!$F$13/'1_手取り'!$F$16,0)+$H24),月額表!$K$4:$K$12,1)),4),0)))-IF($H24<105000,0,IF($H24<740000,INDEX(月額表!$B$4:$I$234,MATCH($H24,月額表!$A$4:$A$234,1),'1_手取り'!$B$7+1),INDEX(月額表!$M$4:$T$12,MATCH($H24,月額表!$K$4:$K$12,1),'1_手取り'!$B$7+1)+ROUNDDOWN(ROUND(($H24-INDEX(月額表!$K$4:$K$12,MATCH($H24,月額表!$K$4:$K$12,1)))*INDEX(月額表!$L$4:$L$12,MATCH($H24,月額表!$K$4:$K$12,1)),4),0))))*'1_手取り'!$F$16))) | L24: =IF($A24="","",'1_手取り'!$B$3-'1_手取り'!$F$12-$K24) | M24: =IF(OR($A24="",$A23="",ROW()=5),"",$L24-$L23)
B25: =IF(OR($A25="",$A25=0),"",INDEX(標準報酬!$B$4:$B$53,MATCH($A25,標準報酬!$A$4:$A$53,1))) | C25: =IF(OR($A25="",$A25=0),"",IF(ROUND($B25*('1_手取り'!$F$6+'1_手取り'!$F$7)/2,4)<=0.5,0,ROUNDUP(ROUND($B25*('1_手取り'!$F$6+'1_手取り'!$F$7)/2,4)-0.5,0))) | D25: =IF(OR($A25="",$A25=0),"",IF(ROUND($B25*料率!$E$5/2,4)<=0.5,0,ROUNDUP(ROUND($B25*料率!$E$5/2,4)-0.5,0))) | E25: =IF(OR($A25="",$A25=0),"",IF(ROUND(MIN(MAX($B25,88000),650000)*料率!$E$6/2,4)<=0.5,0,ROUNDUP(ROUND(MIN(MAX($B25,88000),650000)*料率!$E$6/2,4)-0.5,0))) | F25: =IF(OR($A25="",$A25=0),"",IF(ROUND($A25*INDEX(料率!$E$8:$E$10,MATCH('1_手取り'!$B$6,料率!$D$8:$D$10,0)),4)<=0.5,0,ROUNDUP(ROUND($A25*INDEX(料率!$E$8:$E$10,MATCH('1_手取り'!$B$6,料率!$D$8:$D$10,0)),4)-0.5,0))) | G25: =IF(OR($A25="",$A25=0),"",SUM($C25:$F25)) | H25: =IF($A25="","",IF($A25=0,0,$A25-$G25)) | I25: =IF($A25="","",IF(OR($A25=0,$H25<=0),"前月の給与なし",IF('1_手取り'!$F$13>$H25*10,"10倍超","算出率の表"))) | J25: =IF($A25="","",IF($I25="算出率の表",INDEX(算出率!$A$4:$A$24,MATCH($H25,INDEX(算出率!$B$4:$I$24,0,'1_手取り'!$B$7+1),1)),"")) | K25: =IF($A25="","",IF($I25="算出率の表",ROUNDDOWN(ROUND('1_手取り'!$F$13*$J25,4),0),IF($I25="前月の給与なし",IF(ROUNDDOWN('1_手取り'!$F$13/'1_手取り'!$F$16,0)<105000,0,IF(ROUNDDOWN('1_手取り'!$F$13/'1_手取り'!$F$16,0)<740000,INDEX(月額表!$B$4:$I$234,MATCH(ROUNDDOWN('1_手取り'!$F$13/'1_手取り'!$F$16,0),月額表!$A$4:$A$234,1),'1_手取り'!$B$7+1),INDEX(月額表!$M$4:$T$12,MATCH(ROUNDDOWN('1_手取り'!$F$13/'1_手取り'!$F$16,0),月額表!$K$4:$K$12,1),'1_手取り'!$B$7+1)+ROUNDDOWN(ROUND((ROUNDDOWN('1_手取り'!$F$13/'1_手取り'!$F$16,0)-INDEX(月額表!$K$4:$K$12,MATCH(ROUNDDOWN('1_手取り'!$F$13/'1_手取り'!$F$16,0),月額表!$K$4:$K$12,1)))*INDEX(月額表!$L$4:$L$12,MATCH(ROUNDDOWN('1_手取り'!$F$13/'1_手取り'!$F$16,0),月額表!$K$4:$K$12,1)),4),0)))*'1_手取り'!$F$16,(IF((ROUNDDOWN('1_手取り'!$F$13/'1_手取り'!$F$16,0)+$H25)<105000,0,IF((ROUNDDOWN('1_手取り'!$F$13/'1_手取り'!$F$16,0)+$H25)<740000,INDEX(月額表!$B$4:$I$234,MATCH((ROUNDDOWN('1_手取り'!$F$13/'1_手取り'!$F$16,0)+$H25),月額表!$A$4:$A$234,1),'1_手取り'!$B$7+1),INDEX(月額表!$M$4:$T$12,MATCH((ROUNDDOWN('1_手取り'!$F$13/'1_手取り'!$F$16,0)+$H25),月額表!$K$4:$K$12,1),'1_手取り'!$B$7+1)+ROUNDDOWN(ROUND(((ROUNDDOWN('1_手取り'!$F$13/'1_手取り'!$F$16,0)+$H25)-INDEX(月額表!$K$4:$K$12,MATCH((ROUNDDOWN('1_手取り'!$F$13/'1_手取り'!$F$16,0)+$H25),月額表!$K$4:$K$12,1)))*INDEX(月額表!$L$4:$L$12,MATCH((ROUNDDOWN('1_手取り'!$F$13/'1_手取り'!$F$16,0)+$H25),月額表!$K$4:$K$12,1)),4),0)))-IF($H25<105000,0,IF($H25<740000,INDEX(月額表!$B$4:$I$234,MATCH($H25,月額表!$A$4:$A$234,1),'1_手取り'!$B$7+1),INDEX(月額表!$M$4:$T$12,MATCH($H25,月額表!$K$4:$K$12,1),'1_手取り'!$B$7+1)+ROUNDDOWN(ROUND(($H25-INDEX(月額表!$K$4:$K$12,MATCH($H25,月額表!$K$4:$K$12,1)))*INDEX(月額表!$L$4:$L$12,MATCH($H25,月額表!$K$4:$K$12,1)),4),0))))*'1_手取り'!$F$16))) | L25: =IF($A25="","",'1_手取り'!$B$3-'1_手取り'!$F$12-$K25) | M25: =IF(OR($A25="",$A24="",ROW()=5),"",$L25-$L24)
B26: =IF(OR($A26="",$A26=0),"",INDEX(標準報酬!$B$4:$B$53,MATCH($A26,標準報酬!$A$4:$A$53,1))) | C26: =IF(OR($A26="",$A26=0),"",IF(ROUND($B26*('1_手取り'!$F$6+'1_手取り'!$F$7)/2,4)<=0.5,0,ROUNDUP(ROUND($B26*('1_手取り'!$F$6+'1_手取り'!$F$7)/2,4)-0.5,0))) | D26: =IF(OR($A26="",$A26=0),"",IF(ROUND($B26*料率!$E$5/2,4)<=0.5,0,ROUNDUP(ROUND($B26*料率!$E$5/2,4)-0.5,0))) | E26: =IF(OR($A26="",$A26=0),"",IF(ROUND(MIN(MAX($B26,88000),650000)*料率!$E$6/2,4)<=0.5,0,ROUNDUP(ROUND(MIN(MAX($B26,88000),650000)*料率!$E$6/2,4)-0.5,0))) | F26: =IF(OR($A26="",$A26=0),"",IF(ROUND($A26*INDEX(料率!$E$8:$E$10,MATCH('1_手取り'!$B$6,料率!$D$8:$D$10,0)),4)<=0.5,0,ROUNDUP(ROUND($A26*INDEX(料率!$E$8:$E$10,MATCH('1_手取り'!$B$6,料率!$D$8:$D$10,0)),4)-0.5,0))) | G26: =IF(OR($A26="",$A26=0),"",SUM($C26:$F26)) | H26: =IF($A26="","",IF($A26=0,0,$A26-$G26)) | I26: =IF($A26="","",IF(OR($A26=0,$H26<=0),"前月の給与なし",IF('1_手取り'!$F$13>$H26*10,"10倍超","算出率の表"))) | J26: =IF($A26="","",IF($I26="算出率の表",INDEX(算出率!$A$4:$A$24,MATCH($H26,INDEX(算出率!$B$4:$I$24,0,'1_手取り'!$B$7+1),1)),"")) | K26: =IF($A26="","",IF($I26="算出率の表",ROUNDDOWN(ROUND('1_手取り'!$F$13*$J26,4),0),IF($I26="前月の給与なし",IF(ROUNDDOWN('1_手取り'!$F$13/'1_手取り'!$F$16,0)<105000,0,IF(ROUNDDOWN('1_手取り'!$F$13/'1_手取り'!$F$16,0)<740000,INDEX(月額表!$B$4:$I$234,MATCH(ROUNDDOWN('1_手取り'!$F$13/'1_手取り'!$F$16,0),月額表!$A$4:$A$234,1),'1_手取り'!$B$7+1),INDEX(月額表!$M$4:$T$12,MATCH(ROUNDDOWN('1_手取り'!$F$13/'1_手取り'!$F$16,0),月額表!$K$4:$K$12,1),'1_手取り'!$B$7+1)+ROUNDDOWN(ROUND((ROUNDDOWN('1_手取り'!$F$13/'1_手取り'!$F$16,0)-INDEX(月額表!$K$4:$K$12,MATCH(ROUNDDOWN('1_手取り'!$F$13/'1_手取り'!$F$16,0),月額表!$K$4:$K$12,1)))*INDEX(月額表!$L$4:$L$12,MATCH(ROUNDDOWN('1_手取り'!$F$13/'1_手取り'!$F$16,0),月額表!$K$4:$K$12,1)),4),0)))*'1_手取り'!$F$16,(IF((ROUNDDOWN('1_手取り'!$F$13/'1_手取り'!$F$16,0)+$H26)<105000,0,IF((ROUNDDOWN('1_手取り'!$F$13/'1_手取り'!$F$16,0)+$H26)<740000,INDEX(月額表!$B$4:$I$234,MATCH((ROUNDDOWN('1_手取り'!$F$13/'1_手取り'!$F$16,0)+$H26),月額表!$A$4:$A$234,1),'1_手取り'!$B$7+1),INDEX(月額表!$M$4:$T$12,MATCH((ROUNDDOWN('1_手取り'!$F$13/'1_手取り'!$F$16,0)+$H26),月額表!$K$4:$K$12,1),'1_手取り'!$B$7+1)+ROUNDDOWN(ROUND(((ROUNDDOWN('1_手取り'!$F$13/'1_手取り'!$F$16,0)+$H26)-INDEX(月額表!$K$4:$K$12,MATCH((ROUNDDOWN('1_手取り'!$F$13/'1_手取り'!$F$16,0)+$H26),月額表!$K$4:$K$12,1)))*INDEX(月額表!$L$4:$L$12,MATCH((ROUNDDOWN('1_手取り'!$F$13/'1_手取り'!$F$16,0)+$H26),月額表!$K$4:$K$12,1)),4),0)))-IF($H26<105000,0,IF($H26<740000,INDEX(月額表!$B$4:$I$234,MATCH($H26,月額表!$A$4:$A$234,1),'1_手取り'!$B$7+1),INDEX(月額表!$M$4:$T$12,MATCH($H26,月額表!$K$4:$K$12,1),'1_手取り'!$B$7+1)+ROUNDDOWN(ROUND(($H26-INDEX(月額表!$K$4:$K$12,MATCH($H26,月額表!$K$4:$K$12,1)))*INDEX(月額表!$L$4:$L$12,MATCH($H26,月額表!$K$4:$K$12,1)),4),0))))*'1_手取り'!$F$16))) | L26: =IF($A26="","",'1_手取り'!$B$3-'1_手取り'!$F$12-$K26) | M26: =IF(OR($A26="",$A25="",ROW()=5),"",$L26-$L25)
B27: =IF(OR($A27="",$A27=0),"",INDEX(標準報酬!$B$4:$B$53,MATCH($A27,標準報酬!$A$4:$A$53,1))) | C27: =IF(OR($A27="",$A27=0),"",IF(ROUND($B27*('1_手取り'!$F$6+'1_手取り'!$F$7)/2,4)<=0.5,0,ROUNDUP(ROUND($B27*('1_手取り'!$F$6+'1_手取り'!$F$7)/2,4)-0.5,0))) | D27: =IF(OR($A27="",$A27=0),"",IF(ROUND($B27*料率!$E$5/2,4)<=0.5,0,ROUNDUP(ROUND($B27*料率!$E$5/2,4)-0.5,0))) | E27: =IF(OR($A27="",$A27=0),"",IF(ROUND(MIN(MAX($B27,88000),650000)*料率!$E$6/2,4)<=0.5,0,ROUNDUP(ROUND(MIN(MAX($B27,88000),650000)*料率!$E$6/2,4)-0.5,0))) | F27: =IF(OR($A27="",$A27=0),"",IF(ROUND($A27*INDEX(料率!$E$8:$E$10,MATCH('1_手取り'!$B$6,料率!$D$8:$D$10,0)),4)<=0.5,0,ROUNDUP(ROUND($A27*INDEX(料率!$E$8:$E$10,MATCH('1_手取り'!$B$6,料率!$D$8:$D$10,0)),4)-0.5,0))) | G27: =IF(OR($A27="",$A27=0),"",SUM($C27:$F27)) | H27: =IF($A27="","",IF($A27=0,0,$A27-$G27)) | I27: =IF($A27="","",IF(OR($A27=0,$H27<=0),"前月の給与なし",IF('1_手取り'!$F$13>$H27*10,"10倍超","算出率の表"))) | J27: =IF($A27="","",IF($I27="算出率の表",INDEX(算出率!$A$4:$A$24,MATCH($H27,INDEX(算出率!$B$4:$I$24,0,'1_手取り'!$B$7+1),1)),"")) | K27: =IF($A27="","",IF($I27="算出率の表",ROUNDDOWN(ROUND('1_手取り'!$F$13*$J27,4),0),IF($I27="前月の給与なし",IF(ROUNDDOWN('1_手取り'!$F$13/'1_手取り'!$F$16,0)<105000,0,IF(ROUNDDOWN('1_手取り'!$F$13/'1_手取り'!$F$16,0)<740000,INDEX(月額表!$B$4:$I$234,MATCH(ROUNDDOWN('1_手取り'!$F$13/'1_手取り'!$F$16,0),月額表!$A$4:$A$234,1),'1_手取り'!$B$7+1),INDEX(月額表!$M$4:$T$12,MATCH(ROUNDDOWN('1_手取り'!$F$13/'1_手取り'!$F$16,0),月額表!$K$4:$K$12,1),'1_手取り'!$B$7+1)+ROUNDDOWN(ROUND((ROUNDDOWN('1_手取り'!$F$13/'1_手取り'!$F$16,0)-INDEX(月額表!$K$4:$K$12,MATCH(ROUNDDOWN('1_手取り'!$F$13/'1_手取り'!$F$16,0),月額表!$K$4:$K$12,1)))*INDEX(月額表!$L$4:$L$12,MATCH(ROUNDDOWN('1_手取り'!$F$13/'1_手取り'!$F$16,0),月額表!$K$4:$K$12,1)),4),0)))*'1_手取り'!$F$16,(IF((ROUNDDOWN('1_手取り'!$F$13/'1_手取り'!$F$16,0)+$H27)<105000,0,IF((ROUNDDOWN('1_手取り'!$F$13/'1_手取り'!$F$16,0)+$H27)<740000,INDEX(月額表!$B$4:$I$234,MATCH((ROUNDDOWN('1_手取り'!$F$13/'1_手取り'!$F$16,0)+$H27),月額表!$A$4:$A$234,1),'1_手取り'!$B$7+1),INDEX(月額表!$M$4:$T$12,MATCH((ROUNDDOWN('1_手取り'!$F$13/'1_手取り'!$F$16,0)+$H27),月額表!$K$4:$K$12,1),'1_手取り'!$B$7+1)+ROUNDDOWN(ROUND(((ROUNDDOWN('1_手取り'!$F$13/'1_手取り'!$F$16,0)+$H27)-INDEX(月額表!$K$4:$K$12,MATCH((ROUNDDOWN('1_手取り'!$F$13/'1_手取り'!$F$16,0)+$H27),月額表!$K$4:$K$12,1)))*INDEX(月額表!$L$4:$L$12,MATCH((ROUNDDOWN('1_手取り'!$F$13/'1_手取り'!$F$16,0)+$H27),月額表!$K$4:$K$12,1)),4),0)))-IF($H27<105000,0,IF($H27<740000,INDEX(月額表!$B$4:$I$234,MATCH($H27,月額表!$A$4:$A$234,1),'1_手取り'!$B$7+1),INDEX(月額表!$M$4:$T$12,MATCH($H27,月額表!$K$4:$K$12,1),'1_手取り'!$B$7+1)+ROUNDDOWN(ROUND(($H27-INDEX(月額表!$K$4:$K$12,MATCH($H27,月額表!$K$4:$K$12,1)))*INDEX(月額表!$L$4:$L$12,MATCH($H27,月額表!$K$4:$K$12,1)),4),0))))*'1_手取り'!$F$16))) | L27: =IF($A27="","",'1_手取り'!$B$3-'1_手取り'!$F$12-$K27) | M27: =IF(OR($A27="",$A26="",ROW()=5),"",$L27-$L26)
B28: =IF(OR($A28="",$A28=0),"",INDEX(標準報酬!$B$4:$B$53,MATCH($A28,標準報酬!$A$4:$A$53,1))) | C28: =IF(OR($A28="",$A28=0),"",IF(ROUND($B28*('1_手取り'!$F$6+'1_手取り'!$F$7)/2,4)<=0.5,0,ROUNDUP(ROUND($B28*('1_手取り'!$F$6+'1_手取り'!$F$7)/2,4)-0.5,0))) | D28: =IF(OR($A28="",$A28=0),"",IF(ROUND($B28*料率!$E$5/2,4)<=0.5,0,ROUNDUP(ROUND($B28*料率!$E$5/2,4)-0.5,0))) | E28: =IF(OR($A28="",$A28=0),"",IF(ROUND(MIN(MAX($B28,88000),650000)*料率!$E$6/2,4)<=0.5,0,ROUNDUP(ROUND(MIN(MAX($B28,88000),650000)*料率!$E$6/2,4)-0.5,0))) | F28: =IF(OR($A28="",$A28=0),"",IF(ROUND($A28*INDEX(料率!$E$8:$E$10,MATCH('1_手取り'!$B$6,料率!$D$8:$D$10,0)),4)<=0.5,0,ROUNDUP(ROUND($A28*INDEX(料率!$E$8:$E$10,MATCH('1_手取り'!$B$6,料率!$D$8:$D$10,0)),4)-0.5,0))) | G28: =IF(OR($A28="",$A28=0),"",SUM($C28:$F28)) | H28: =IF($A28="","",IF($A28=0,0,$A28-$G28)) | I28: =IF($A28="","",IF(OR($A28=0,$H28<=0),"前月の給与なし",IF('1_手取り'!$F$13>$H28*10,"10倍超","算出率の表"))) | J28: =IF($A28="","",IF($I28="算出率の表",INDEX(算出率!$A$4:$A$24,MATCH($H28,INDEX(算出率!$B$4:$I$24,0,'1_手取り'!$B$7+1),1)),"")) | K28: =IF($A28="","",IF($I28="算出率の表",ROUNDDOWN(ROUND('1_手取り'!$F$13*$J28,4),0),IF($I28="前月の給与なし",IF(ROUNDDOWN('1_手取り'!$F$13/'1_手取り'!$F$16,0)<105000,0,IF(ROUNDDOWN('1_手取り'!$F$13/'1_手取り'!$F$16,0)<740000,INDEX(月額表!$B$4:$I$234,MATCH(ROUNDDOWN('1_手取り'!$F$13/'1_手取り'!$F$16,0),月額表!$A$4:$A$234,1),'1_手取り'!$B$7+1),INDEX(月額表!$M$4:$T$12,MATCH(ROUNDDOWN('1_手取り'!$F$13/'1_手取り'!$F$16,0),月額表!$K$4:$K$12,1),'1_手取り'!$B$7+1)+ROUNDDOWN(ROUND((ROUNDDOWN('1_手取り'!$F$13/'1_手取り'!$F$16,0)-INDEX(月額表!$K$4:$K$12,MATCH(ROUNDDOWN('1_手取り'!$F$13/'1_手取り'!$F$16,0),月額表!$K$4:$K$12,1)))*INDEX(月額表!$L$4:$L$12,MATCH(ROUNDDOWN('1_手取り'!$F$13/'1_手取り'!$F$16,0),月額表!$K$4:$K$12,1)),4),0)))*'1_手取り'!$F$16,(IF((ROUNDDOWN('1_手取り'!$F$13/'1_手取り'!$F$16,0)+$H28)<105000,0,IF((ROUNDDOWN('1_手取り'!$F$13/'1_手取り'!$F$16,0)+$H28)<740000,INDEX(月額表!$B$4:$I$234,MATCH((ROUNDDOWN('1_手取り'!$F$13/'1_手取り'!$F$16,0)+$H28),月額表!$A$4:$A$234,1),'1_手取り'!$B$7+1),INDEX(月額表!$M$4:$T$12,MATCH((ROUNDDOWN('1_手取り'!$F$13/'1_手取り'!$F$16,0)+$H28),月額表!$K$4:$K$12,1),'1_手取り'!$B$7+1)+ROUNDDOWN(ROUND(((ROUNDDOWN('1_手取り'!$F$13/'1_手取り'!$F$16,0)+$H28)-INDEX(月額表!$K$4:$K$12,MATCH((ROUNDDOWN('1_手取り'!$F$13/'1_手取り'!$F$16,0)+$H28),月額表!$K$4:$K$12,1)))*INDEX(月額表!$L$4:$L$12,MATCH((ROUNDDOWN('1_手取り'!$F$13/'1_手取り'!$F$16,0)+$H28),月額表!$K$4:$K$12,1)),4),0)))-IF($H28<105000,0,IF($H28<740000,INDEX(月額表!$B$4:$I$234,MATCH($H28,月額表!$A$4:$A$234,1),'1_手取り'!$B$7+1),INDEX(月額表!$M$4:$T$12,MATCH($H28,月額表!$K$4:$K$12,1),'1_手取り'!$B$7+1)+ROUNDDOWN(ROUND(($H28-INDEX(月額表!$K$4:$K$12,MATCH($H28,月額表!$K$4:$K$12,1)))*INDEX(月額表!$L$4:$L$12,MATCH($H28,月額表!$K$4:$K$12,1)),4),0))))*'1_手取り'!$F$16))) | L28: =IF($A28="","",'1_手取り'!$B$3-'1_手取り'!$F$12-$K28) | M28: =IF(OR($A28="",$A27="",ROW()=5),"",$L28-$L27)
B29: =IF(OR($A29="",$A29=0),"",INDEX(標準報酬!$B$4:$B$53,MATCH($A29,標準報酬!$A$4:$A$53,1))) | C29: =IF(OR($A29="",$A29=0),"",IF(ROUND($B29*('1_手取り'!$F$6+'1_手取り'!$F$7)/2,4)<=0.5,0,ROUNDUP(ROUND($B29*('1_手取り'!$F$6+'1_手取り'!$F$7)/2,4)-0.5,0))) | D29: =IF(OR($A29="",$A29=0),"",IF(ROUND($B29*料率!$E$5/2,4)<=0.5,0,ROUNDUP(ROUND($B29*料率!$E$5/2,4)-0.5,0))) | E29: =IF(OR($A29="",$A29=0),"",IF(ROUND(MIN(MAX($B29,88000),650000)*料率!$E$6/2,4)<=0.5,0,ROUNDUP(ROUND(MIN(MAX($B29,88000),650000)*料率!$E$6/2,4)-0.5,0))) | F29: =IF(OR($A29="",$A29=0),"",IF(ROUND($A29*INDEX(料率!$E$8:$E$10,MATCH('1_手取り'!$B$6,料率!$D$8:$D$10,0)),4)<=0.5,0,ROUNDUP(ROUND($A29*INDEX(料率!$E$8:$E$10,MATCH('1_手取り'!$B$6,料率!$D$8:$D$10,0)),4)-0.5,0))) | G29: =IF(OR($A29="",$A29=0),"",SUM($C29:$F29)) | H29: =IF($A29="","",IF($A29=0,0,$A29-$G29)) | I29: =IF($A29="","",IF(OR($A29=0,$H29<=0),"前月の給与なし",IF('1_手取り'!$F$13>$H29*10,"10倍超","算出率の表"))) | J29: =IF($A29="","",IF($I29="算出率の表",INDEX(算出率!$A$4:$A$24,MATCH($H29,INDEX(算出率!$B$4:$I$24,0,'1_手取り'!$B$7+1),1)),"")) | K29: =IF($A29="","",IF($I29="算出率の表",ROUNDDOWN(ROUND('1_手取り'!$F$13*$J29,4),0),IF($I29="前月の給与なし",IF(ROUNDDOWN('1_手取り'!$F$13/'1_手取り'!$F$16,0)<105000,0,IF(ROUNDDOWN('1_手取り'!$F$13/'1_手取り'!$F$16,0)<740000,INDEX(月額表!$B$4:$I$234,MATCH(ROUNDDOWN('1_手取り'!$F$13/'1_手取り'!$F$16,0),月額表!$A$4:$A$234,1),'1_手取り'!$B$7+1),INDEX(月額表!$M$4:$T$12,MATCH(ROUNDDOWN('1_手取り'!$F$13/'1_手取り'!$F$16,0),月額表!$K$4:$K$12,1),'1_手取り'!$B$7+1)+ROUNDDOWN(ROUND((ROUNDDOWN('1_手取り'!$F$13/'1_手取り'!$F$16,0)-INDEX(月額表!$K$4:$K$12,MATCH(ROUNDDOWN('1_手取り'!$F$13/'1_手取り'!$F$16,0),月額表!$K$4:$K$12,1)))*INDEX(月額表!$L$4:$L$12,MATCH(ROUNDDOWN('1_手取り'!$F$13/'1_手取り'!$F$16,0),月額表!$K$4:$K$12,1)),4),0)))*'1_手取り'!$F$16,(IF((ROUNDDOWN('1_手取り'!$F$13/'1_手取り'!$F$16,0)+$H29)<105000,0,IF((ROUNDDOWN('1_手取り'!$F$13/'1_手取り'!$F$16,0)+$H29)<740000,INDEX(月額表!$B$4:$I$234,MATCH((ROUNDDOWN('1_手取り'!$F$13/'1_手取り'!$F$16,0)+$H29),月額表!$A$4:$A$234,1),'1_手取り'!$B$7+1),INDEX(月額表!$M$4:$T$12,MATCH((ROUNDDOWN('1_手取り'!$F$13/'1_手取り'!$F$16,0)+$H29),月額表!$K$4:$K$12,1),'1_手取り'!$B$7+1)+ROUNDDOWN(ROUND(((ROUNDDOWN('1_手取り'!$F$13/'1_手取り'!$F$16,0)+$H29)-INDEX(月額表!$K$4:$K$12,MATCH((ROUNDDOWN('1_手取り'!$F$13/'1_手取り'!$F$16,0)+$H29),月額表!$K$4:$K$12,1)))*INDEX(月額表!$L$4:$L$12,MATCH((ROUNDDOWN('1_手取り'!$F$13/'1_手取り'!$F$16,0)+$H29),月額表!$K$4:$K$12,1)),4),0)))-IF($H29<105000,0,IF($H29<740000,INDEX(月額表!$B$4:$I$234,MATCH($H29,月額表!$A$4:$A$234,1),'1_手取り'!$B$7+1),INDEX(月額表!$M$4:$T$12,MATCH($H29,月額表!$K$4:$K$12,1),'1_手取り'!$B$7+1)+ROUNDDOWN(ROUND(($H29-INDEX(月額表!$K$4:$K$12,MATCH($H29,月額表!$K$4:$K$12,1)))*INDEX(月額表!$L$4:$L$12,MATCH($H29,月額表!$K$4:$K$12,1)),4),0))))*'1_手取り'!$F$16))) | L29: =IF($A29="","",'1_手取り'!$B$3-'1_手取り'!$F$12-$K29) | M29: =IF(OR($A29="",$A28="",ROW()=5),"",$L29-$L28)
B30: =IF(OR($A30="",$A30=0),"",INDEX(標準報酬!$B$4:$B$53,MATCH($A30,標準報酬!$A$4:$A$53,1))) | C30: =IF(OR($A30="",$A30=0),"",IF(ROUND($B30*('1_手取り'!$F$6+'1_手取り'!$F$7)/2,4)<=0.5,0,ROUNDUP(ROUND($B30*('1_手取り'!$F$6+'1_手取り'!$F$7)/2,4)-0.5,0))) | D30: =IF(OR($A30="",$A30=0),"",IF(ROUND($B30*料率!$E$5/2,4)<=0.5,0,ROUNDUP(ROUND($B30*料率!$E$5/2,4)-0.5,0))) | E30: =IF(OR($A30="",$A30=0),"",IF(ROUND(MIN(MAX($B30,88000),650000)*料率!$E$6/2,4)<=0.5,0,ROUNDUP(ROUND(MIN(MAX($B30,88000),650000)*料率!$E$6/2,4)-0.5,0))) | F30: =IF(OR($A30="",$A30=0),"",IF(ROUND($A30*INDEX(料率!$E$8:$E$10,MATCH('1_手取り'!$B$6,料率!$D$8:$D$10,0)),4)<=0.5,0,ROUNDUP(ROUND($A30*INDEX(料率!$E$8:$E$10,MATCH('1_手取り'!$B$6,料率!$D$8:$D$10,0)),4)-0.5,0))) | G30: =IF(OR($A30="",$A30=0),"",SUM($C30:$F30)) | H30: =IF($A30="","",IF($A30=0,0,$A30-$G30)) | I30: =IF($A30="","",IF(OR($A30=0,$H30<=0),"前月の給与なし",IF('1_手取り'!$F$13>$H30*10,"10倍超","算出率の表"))) | J30: =IF($A30="","",IF($I30="算出率の表",INDEX(算出率!$A$4:$A$24,MATCH($H30,INDEX(算出率!$B$4:$I$24,0,'1_手取り'!$B$7+1),1)),"")) | K30: =IF($A30="","",IF($I30="算出率の表",ROUNDDOWN(ROUND('1_手取り'!$F$13*$J30,4),0),IF($I30="前月の給与なし",IF(ROUNDDOWN('1_手取り'!$F$13/'1_手取り'!$F$16,0)<105000,0,IF(ROUNDDOWN('1_手取り'!$F$13/'1_手取り'!$F$16,0)<740000,INDEX(月額表!$B$4:$I$234,MATCH(ROUNDDOWN('1_手取り'!$F$13/'1_手取り'!$F$16,0),月額表!$A$4:$A$234,1),'1_手取り'!$B$7+1),INDEX(月額表!$M$4:$T$12,MATCH(ROUNDDOWN('1_手取り'!$F$13/'1_手取り'!$F$16,0),月額表!$K$4:$K$12,1),'1_手取り'!$B$7+1)+ROUNDDOWN(ROUND((ROUNDDOWN('1_手取り'!$F$13/'1_手取り'!$F$16,0)-INDEX(月額表!$K$4:$K$12,MATCH(ROUNDDOWN('1_手取り'!$F$13/'1_手取り'!$F$16,0),月額表!$K$4:$K$12,1)))*INDEX(月額表!$L$4:$L$12,MATCH(ROUNDDOWN('1_手取り'!$F$13/'1_手取り'!$F$16,0),月額表!$K$4:$K$12,1)),4),0)))*'1_手取り'!$F$16,(IF((ROUNDDOWN('1_手取り'!$F$13/'1_手取り'!$F$16,0)+$H30)<105000,0,IF((ROUNDDOWN('1_手取り'!$F$13/'1_手取り'!$F$16,0)+$H30)<740000,INDEX(月額表!$B$4:$I$234,MATCH((ROUNDDOWN('1_手取り'!$F$13/'1_手取り'!$F$16,0)+$H30),月額表!$A$4:$A$234,1),'1_手取り'!$B$7+1),INDEX(月額表!$M$4:$T$12,MATCH((ROUNDDOWN('1_手取り'!$F$13/'1_手取り'!$F$16,0)+$H30),月額表!$K$4:$K$12,1),'1_手取り'!$B$7+1)+ROUNDDOWN(ROUND(((ROUNDDOWN('1_手取り'!$F$13/'1_手取り'!$F$16,0)+$H30)-INDEX(月額表!$K$4:$K$12,MATCH((ROUNDDOWN('1_手取り'!$F$13/'1_手取り'!$F$16,0)+$H30),月額表!$K$4:$K$12,1)))*INDEX(月額表!$L$4:$L$12,MATCH((ROUNDDOWN('1_手取り'!$F$13/'1_手取り'!$F$16,0)+$H30),月額表!$K$4:$K$12,1)),4),0)))-IF($H30<105000,0,IF($H30<740000,INDEX(月額表!$B$4:$I$234,MATCH($H30,月額表!$A$4:$A$234,1),'1_手取り'!$B$7+1),INDEX(月額表!$M$4:$T$12,MATCH($H30,月額表!$K$4:$K$12,1),'1_手取り'!$B$7+1)+ROUNDDOWN(ROUND(($H30-INDEX(月額表!$K$4:$K$12,MATCH($H30,月額表!$K$4:$K$12,1)))*INDEX(月額表!$L$4:$L$12,MATCH($H30,月額表!$K$4:$K$12,1)),4),0))))*'1_手取り'!$F$16))) | L30: =IF($A30="","",'1_手取り'!$B$3-'1_手取り'!$F$12-$K30) | M30: =IF(OR($A30="",$A29="",ROW()=5),"",$L30-$L29)

Sheet 3_都道府県別
A1: 協会けんぽの47支部で、同じ人の賞与の手取りを並べる。賞与・前月の給与・年齢・扶養は1_手取りの値を使う
A2: 前月の社会保険料は、1_手取りのB9（前月の給与）から各支部の料率で出し直した。通勤手当はない人とした
A4: 都道府県 | B4: 健康保険料率 | C4: 賞与の健康保険料 | D4: 支援金 | E4: 厚生年金 | F4: 雇用保険 | G4: 社会保険料の計 | H4: 前月の社会保険料等控除後 | I4: 計算のしかた | J4: 率 | K4: 源泉所得税 | L4: 手取り | M4: いちばん多い手取りとの差 | P4: 前月の標準報酬月額 | Q4: 前月の社会保険料 | S4: 集計
A5: 北海道 | B5: =INDEX(料率!$B$4:$B$50,MATCH($A5,料率!$A$4:$A$50,0)) | C5: =IF(ROUND('1_手取り'!$F$4*($B5+'1_手取り'!$F$7)/2,4)<=0.5,0,ROUNDUP(ROUND('1_手取り'!$F$4*($B5+'1_手取り'!$F$7)/2,4)-0.5,0)) | D5: ='1_手取り'!$F$9 | E5: ='1_手取り'!$F$10 | F5: ='1_手取り'!$F$11 | G5: =SUM($C5:$F5) | H5: =IF('1_手取り'!$B$8="なし",0,'1_手取り'!$B$9-$Q5) | I5: =IF(OR('1_手取り'!$B$8="なし",$H5<=0),"前月の給与なし",IF(('1_手取り'!$B$3-$G5)>$H5*10,"10倍超","算出率の表")) | J5: =IF($I5="算出率の表",INDEX(算出率!$A$4:$A$24,MATCH($H5,INDEX(算出率!$B$4:$I$24,0,'1_手取り'!$B$7+1),1)),"") | K5: =IF($I5="算出率の表",ROUNDDOWN(ROUND(('1_手取り'!$B$3-$G5)*$J5,4),0),IF($I5="前月の給与なし",IF(ROUNDDOWN(('1_手取り'!$B$3-$G5)/'1_手取り'!$F$16,0)<105000,0,IF(ROUNDDOWN(('1_手取り'!$B$3-$G5)/'1_手取り'!$F$16,0)<740000,INDEX(月額表!$B$4:$I$234,MATCH(ROUNDDOWN(('1_手取り'!$B$3-$G5)/'1_手取り'!$F$16,0),月額表!$A$4:$A$234,1),'1_手取り'!$B$7+1),INDEX(月額表!$M$4:$T$12,MATCH(ROUNDDOWN(('1_手取り'!$B$3-$G5)/'1_手取り'!$F$16,0),月額表!$K$4:$K$12,1),'1_手取り'!$B$7+1)+ROUNDDOWN(ROUND((ROUNDDOWN(('1_手取り'!$B$3-$G5)/'1_手取り'!$F$16,0)-INDEX(月額表!$K$4:$K$12,MATCH(ROUNDDOWN(('1_手取り'!$B$3-$G5)/'1_手取り'!$F$16,0),月額表!$K$4:$K$12,1)))*INDEX(月額表!$L$4:$L$12,MATCH(ROUNDDOWN(('1_手取り'!$B$3-$G5)/'1_手取り'!$F$16,0),月額表!$K$4:$K$12,1)),4),0)))*'1_手取り'!$F$16,(IF((ROUNDDOWN(('1_手取り'!$B$3-$G5)/'1_手取り'!$F$16,0)+$H5)<105000,0,IF((ROUNDDOWN(('1_手取り'!$B$3-$G5)/'1_手取り'!$F$16,0)+$H5)<740000,INDEX(月額表!$B$4:$I$234,MATCH((ROUNDDOWN(('1_手取り'!$B$3-$G5)/'1_手取り'!$F$16,0)+$H5),月額表!$A$4:$A$234,1),'1_手取り'!$B$7+1),INDEX(月額表!$M$4:$T$12,MATCH((ROUNDDOWN(('1_手取り'!$B$3-$G5)/'1_手取り'!$F$16,0)+$H5),月額表!$K$4:$K$12,1),'1_手取り'!$B$7+1)+ROUNDDOWN(ROUND(((ROUNDDOWN(('1_手取り'!$B$3-$G5)/'1_手取り'!$F$16,0)+$H5)-INDEX(月額表!$K$4:$K$12,MATCH((ROUNDDOWN(('1_手取り'!$B$3-$G5)/'1_手取り'!$F$16,0)+$H5),月額表!$K$4:$K$12,1)))*INDEX(月額表!$L$4:$L$12,MATCH((ROUNDDOWN(('1_手取り'!$B$3-$G5)/'1_手取り'!$F$16,0)+$H5),月額表!$K$4:$K$12,1)),4),0)))-IF($H5<105000,0,IF($H5<740000,INDEX(月額表!$B$4:$I$234,MATCH($H5,月額表!$A$4:$A$234,1),'1_手取り'!$B$7+1),INDEX(月額表!$M$4:$T$12,MATCH($H5,月額表!$K$4:$K$12,1),'1_手取り'!$B$7+1)+ROUNDDOWN(ROUND(($H5-INDEX(月額表!$K$4:$K$12,MATCH($H5,月額表!$K$4:$K$12,1)))*INDEX(月額表!$L$4:$L$12,MATCH($H5,月額表!$K$4:$K$12,1)),4),0))))*'1_手取り'!$F$16)) | L5: ='1_手取り'!$B$3-$G5-$K5 | M5: =$L5-MAX($L$5:$L$51) | P5: =IF('1_手取り'!$B$8="なし","",INDEX(標準報酬!$B$4:$B$53,MATCH('1_手取り'!$B$9,標準報酬!$A$4:$A$53,1))) | Q5: =IF($P5="",0,IF(ROUND($P5*($B5+'1_手取り'!$F$7)/2,4)<=0.5,0,ROUNDUP(ROUND($P5*($B5+'1_手取り'!$F$7)/2,4)-0.5,0))+IF(ROUND($P5*料率!$E$5/2,4)<=0.5,0,ROUNDUP(ROUND($P5*料率!$E$5/2,4)-0.5,0))+IF(ROUND(MIN(MAX($P5,88000),650000)*料率!$E$6/2,4)<=0.5,0,ROUNDUP(ROUND(MIN(MAX($P5,88000),650000)*料率!$E$6/2,4)-0.5,0))+IF(ROUND('1_手取り'!$B$9*INDEX(料率!$E$8:$E$10,MATCH('1_手取り'!$B$6,料率!$D$8:$D$10,0)),4)<=0.5,0,ROUNDUP(ROUND('1_手取り'!$B$9*INDEX(料率!$E$8:$E$10,MATCH('1_手取り'!$B$6,料率!$D$8:$D$10,0)),4)-0.5,0))) | S5: いちばん多い手取り | T5: =MAX($L$5:$L$51)
A6: 青森県 | B6: =INDEX(料率!$B$4:$B$50,MATCH($A6,料率!$A$4:$A$50,0)) | C6: =IF(ROUND('1_手取り'!$F$4*($B6+'1_手取り'!$F$7)/2,4)<=0.5,0,ROUNDUP(ROUND('1_手取り'!$F$4*($B6+'1_手取り'!$F$7)/2,4)-0.5,0)) | D6: ='1_手取り'!$F$9 | E6: ='1_手取り'!$F$10 | F6: ='1_手取り'!$F$11 | G6: =SUM($C6:$F6) | H6: =IF('1_手取り'!$B$8="なし",0,'1_手取り'!$B$9-$Q6) | I6: =IF(OR('1_手取り'!$B$8="なし",$H6<=0),"前月の給与なし",IF(('1_手取り'!$B$3-$G6)>$H6*10,"10倍超","算出率の表")) | J6: =IF($I6="算出率の表",INDEX(算出率!$A$4:$A$24,MATCH($H6,INDEX(算出率!$B$4:$I$24,0,'1_手取り'!$B$7+1),1)),"") | K6: =IF($I6="算出率の表",ROUNDDOWN(ROUND(('1_手取り'!$B$3-$G6)*$J6,4),0),IF($I6="前月の給与なし",IF(ROUNDDOWN(('1_手取り'!$B$3-$G6)/'1_手取り'!$F$16,0)<105000,0,IF(ROUNDDOWN(('1_手取り'!$B$3-$G6)/'1_手取り'!$F$16,0)<740000,INDEX(月額表!$B$4:$I$234,MATCH(ROUNDDOWN(('1_手取り'!$B$3-$G6)/'1_手取り'!$F$16,0),月額表!$A$4:$A$234,1),'1_手取り'!$B$7+1),INDEX(月額表!$M$4:$T$12,MATCH(ROUNDDOWN(('1_手取り'!$B$3-$G6)/'1_手取り'!$F$16,0),月額表!$K$4:$K$12,1),'1_手取り'!$B$7+1)+ROUNDDOWN(ROUND((ROUNDDOWN(('1_手取り'!$B$3-$G6)/'1_手取り'!$F$16,0)-INDEX(月額表!$K$4:$K$12,MATCH(ROUNDDOWN(('1_手取り'!$B$3-$G6)/'1_手取り'!$F$16,0),月額表!$K$4:$K$12,1)))*INDEX(月額表!$L$4:$L$12,MATCH(ROUNDDOWN(('1_手取り'!$B$3-$G6)/'1_手取り'!$F$16,0),月額表!$K$4:$K$12,1)),4),0)))*'1_手取り'!$F$16,(IF((ROUNDDOWN(('1_手取り'!$B$3-$G6)/'1_手取り'!$F$16,0)+$H6)<105000,0,IF((ROUNDDOWN(('1_手取り'!$B$3-$G6)/'1_手取り'!$F$16,0)+$H6)<740000,INDEX(月額表!$B$4:$I$234,MATCH((ROUNDDOWN(('1_手取り'!$B$3-$G6)/'1_手取り'!$F$16,0)+$H6),月額表!$A$4:$A$234,1),'1_手取り'!$B$7+1),INDEX(月額表!$M$4:$T$12,MATCH((ROUNDDOWN(('1_手取り'!$B$3-$G6)/'1_手取り'!$F$16,0)+$H6),月額表!$K$4:$K$12,1),'1_手取り'!$B$7+1)+ROUNDDOWN(ROUND(((ROUNDDOWN(('1_手取り'!$B$3-$G6)/'1_手取り'!$F$16,0)+$H6)-INDEX(月額表!$K$4:$K$12,MATCH((ROUNDDOWN(('1_手取り'!$B$3-$G6)/'1_手取り'!$F$16,0)+$H6),月額表!$K$4:$K$12,1)))*INDEX(月額表!$L$4:$L$12,MATCH((ROUNDDOWN(('1_手取り'!$B$3-$G6)/'1_手取り'!$F$16,0)+$H6),月額表!$K$4:$K$12,1)),4),0)))-IF($H6<105000,0,IF($H6<740000,INDEX(月額表!$B$4:$I$234,MATCH($H6,月額表!$A$4:$A$234,1),'1_手取り'!$B$7+1),INDEX(月額表!$M$4:$T$12,MATCH($H6,月額表!$K$4:$K$12,1),'1_手取り'!$B$7+1)+ROUNDDOWN(ROUND(($H6-INDEX(月額表!$K$4:$K$12,MATCH($H6,月額表!$K$4:$K$12,1)))*INDEX(月額表!$L$4:$L$12,MATCH($H6,月額表!$K$4:$K$12,1)),4),0))))*'1_手取り'!$F$16)) | L6: ='1_手取り'!$B$3-$G6-$K6 | M6: =$L6-MAX($L$5:$L$51) | P6: =IF('1_手取り'!$B$8="なし","",INDEX(標準報酬!$B$4:$B$53,MATCH('1_手取り'!$B$9,標準報酬!$A$4:$A$53,1))) | Q6: =IF($P6="",0,IF(ROUND($P6*($B6+'1_手取り'!$F$7)/2,4)<=0.5,0,ROUNDUP(ROUND($P6*($B6+'1_手取り'!$F$7)/2,4)-0.5,0))+IF(ROUND($P6*料率!$E$5/2,4)<=0.5,0,ROUNDUP(ROUND($P6*料率!$E$5/2,4)-0.5,0))+IF(ROUND(MIN(MAX($P6,88000),650000)*料率!$E$6/2,4)<=0.5,0,ROUNDUP(ROUND(MIN(MAX($P6,88000),650000)*料率!$E$6/2,4)-0.5,0))+IF(ROUND('1_手取り'!$B$9*INDEX(料率!$E$8:$E$10,MATCH('1_手取り'!$B$6,料率!$D$8:$D$10,0)),4)<=0.5,0,ROUNDUP(ROUND('1_手取り'!$B$9*INDEX(料率!$E$8:$E$10,MATCH('1_手取り'!$B$6,料率!$D$8:$D$10,0)),4)-0.5,0))) | S6: その都道府県 | T6: =INDEX($A$5:$A$51,MATCH(MAX($L$5:$L$51),$L$5:$L$51,0))
A7: 岩手県 | B7: =INDEX(料率!$B$4:$B$50,MATCH($A7,料率!$A$4:$A$50,0)) | C7: =IF(ROUND('1_手取り'!$F$4*($B7+'1_手取り'!$F$7)/2,4)<=0.5,0,ROUNDUP(ROUND('1_手取り'!$F$4*($B7+'1_手取り'!$F$7)/2,4)-0.5,0)) | D7: ='1_手取り'!$F$9 | E7: ='1_手取り'!$F$10 | F7: ='1_手取り'!$F$11 | G7: =SUM($C7:$F7) | H7: =IF('1_手取り'!$B$8="なし",0,'1_手取り'!$B$9-$Q7) | I7: =IF(OR('1_手取り'!$B$8="なし",$H7<=0),"前月の給与なし",IF(('1_手取り'!$B$3-$G7)>$H7*10,"10倍超","算出率の表")) | J7: =IF($I7="算出率の表",INDEX(算出率!$A$4:$A$24,MATCH($H7,INDEX(算出率!$B$4:$I$24,0,'1_手取り'!$B$7+1),1)),"") | K7: =IF($I7="算出率の表",ROUNDDOWN(ROUND(('1_手取り'!$B$3-$G7)*$J7,4),0),IF($I7="前月の給与なし",IF(ROUNDDOWN(('1_手取り'!$B$3-$G7)/'1_手取り'!$F$16,0)<105000,0,IF(ROUNDDOWN(('1_手取り'!$B$3-$G7)/'1_手取り'!$F$16,0)<740000,INDEX(月額表!$B$4:$I$234,MATCH(ROUNDDOWN(('1_手取り'!$B$3-$G7)/'1_手取り'!$F$16,0),月額表!$A$4:$A$234,1),'1_手取り'!$B$7+1),INDEX(月額表!$M$4:$T$12,MATCH(ROUNDDOWN(('1_手取り'!$B$3-$G7)/'1_手取り'!$F$16,0),月額表!$K$4:$K$12,1),'1_手取り'!$B$7+1)+ROUNDDOWN(ROUND((ROUNDDOWN(('1_手取り'!$B$3-$G7)/'1_手取り'!$F$16,0)-INDEX(月額表!$K$4:$K$12,MATCH(ROUNDDOWN(('1_手取り'!$B$3-$G7)/'1_手取り'!$F$16,0),月額表!$K$4:$K$12,1)))*INDEX(月額表!$L$4:$L$12,MATCH(ROUNDDOWN(('1_手取り'!$B$3-$G7)/'1_手取り'!$F$16,0),月額表!$K$4:$K$12,1)),4),0)))*'1_手取り'!$F$16,(IF((ROUNDDOWN(('1_手取り'!$B$3-$G7)/'1_手取り'!$F$16,0)+$H7)<105000,0,IF((ROUNDDOWN(('1_手取り'!$B$3-$G7)/'1_手取り'!$F$16,0)+$H7)<740000,INDEX(月額表!$B$4:$I$234,MATCH((ROUNDDOWN(('1_手取り'!$B$3-$G7)/'1_手取り'!$F$16,0)+$H7),月額表!$A$4:$A$234,1),'1_手取り'!$B$7+1),INDEX(月額表!$M$4:$T$12,MATCH((ROUNDDOWN(('1_手取り'!$B$3-$G7)/'1_手取り'!$F$16,0)+$H7),月額表!$K$4:$K$12,1),'1_手取り'!$B$7+1)+ROUNDDOWN(ROUND(((ROUNDDOWN(('1_手取り'!$B$3-$G7)/'1_手取り'!$F$16,0)+$H7)-INDEX(月額表!$K$4:$K$12,MATCH((ROUNDDOWN(('1_手取り'!$B$3-$G7)/'1_手取り'!$F$16,0)+$H7),月額表!$K$4:$K$12,1)))*INDEX(月額表!$L$4:$L$12,MATCH((ROUNDDOWN(('1_手取り'!$B$3-$G7)/'1_手取り'!$F$16,0)+$H7),月額表!$K$4:$K$12,1)),4),0)))-IF($H7<105000,0,IF($H7<740000,INDEX(月額表!$B$4:$I$234,MATCH($H7,月額表!$A$4:$A$234,1),'1_手取り'!$B$7+1),INDEX(月額表!$M$4:$T$12,MATCH($H7,月額表!$K$4:$K$12,1),'1_手取り'!$B$7+1)+ROUNDDOWN(ROUND(($H7-INDEX(月額表!$K$4:$K$12,MATCH($H7,月額表!$K$4:$K$12,1)))*INDEX(月額表!$L$4:$L$12,MATCH($H7,月額表!$K$4:$K$12,1)),4),0))))*'1_手取り'!$F$16)) | L7: ='1_手取り'!$B$3-$G7-$K7 | M7: =$L7-MAX($L$5:$L$51) | P7: =IF('1_手取り'!$B$8="なし","",INDEX(標準報酬!$B$4:$B$53,MATCH('1_手取り'!$B$9,標準報酬!$A$4:$A$53,1))) | Q7: =IF($P7="",0,IF(ROUND($P7*($B7+'1_手取り'!$F$7)/2,4)<=0.5,0,ROUNDUP(ROUND($P7*($B7+'1_手取り'!$F$7)/2,4)-0.5,0))+IF(ROUND($P7*料率!$E$5/2,4)<=0.5,0,ROUNDUP(ROUND($P7*料率!$E$5/2,4)-0.5,0))+IF(ROUND(MIN(MAX($P7,88000),650000)*料率!$E$6/2,4)<=0.5,0,ROUNDUP(ROUND(MIN(MAX($P7,88000),650000)*料率!$E$6/2,4)-0.5,0))+IF(ROUND('1_手取り'!$B$9*INDEX(料率!$E$8:$E$10,MATCH('1_手取り'!$B$6,料率!$D$8:$D$10,0)),4)<=0.5,0,ROUNDUP(ROUND('1_手取り'!$B$9*INDEX(料率!$E$8:$E$10,MATCH('1_手取り'!$B$6,料率!$D$8:$D$10,0)),4)-0.5,0))) | S7: いちばん少ない手取り | T7: =MIN($L$5:$L$51)
A8: 宮城県 | B8: =INDEX(料率!$B$4:$B$50,MATCH($A8,料率!$A$4:$A$50,0)) | C8: =IF(ROUND('1_手取り'!$F$4*($B8+'1_手取り'!$F$7)/2,4)<=0.5,0,ROUNDUP(ROUND('1_手取り'!$F$4*($B8+'1_手取り'!$F$7)/2,4)-0.5,0)) | D8: ='1_手取り'!$F$9 | E8: ='1_手取り'!$F$10 | F8: ='1_手取り'!$F$11 | G8: =SUM($C8:$F8) | H8: =IF('1_手取り'!$B$8="なし",0,'1_手取り'!$B$9-$Q8) | I8: =IF(OR('1_手取り'!$B$8="なし",$H8<=0),"前月の給与なし",IF(('1_手取り'!$B$3-$G8)>$H8*10,"10倍超","算出率の表")) | J8: =IF($I8="算出率の表",INDEX(算出率!$A$4:$A$24,MATCH($H8,INDEX(算出率!$B$4:$I$24,0,'1_手取り'!$B$7+1),1)),"") | K8: =IF($I8="算出率の表",ROUNDDOWN(ROUND(('1_手取り'!$B$3-$G8)*$J8,4),0),IF($I8="前月の給与なし",IF(ROUNDDOWN(('1_手取り'!$B$3-$G8)/'1_手取り'!$F$16,0)<105000,0,IF(ROUNDDOWN(('1_手取り'!$B$3-$G8)/'1_手取り'!$F$16,0)<740000,INDEX(月額表!$B$4:$I$234,MATCH(ROUNDDOWN(('1_手取り'!$B$3-$G8)/'1_手取り'!$F$16,0),月額表!$A$4:$A$234,1),'1_手取り'!$B$7+1),INDEX(月額表!$M$4:$T$12,MATCH(ROUNDDOWN(('1_手取り'!$B$3-$G8)/'1_手取り'!$F$16,0),月額表!$K$4:$K$12,1),'1_手取り'!$B$7+1)+ROUNDDOWN(ROUND((ROUNDDOWN(('1_手取り'!$B$3-$G8)/'1_手取り'!$F$16,0)-INDEX(月額表!$K$4:$K$12,MATCH(ROUNDDOWN(('1_手取り'!$B$3-$G8)/'1_手取り'!$F$16,0),月額表!$K$4:$K$12,1)))*INDEX(月額表!$L$4:$L$12,MATCH(ROUNDDOWN(('1_手取り'!$B$3-$G8)/'1_手取り'!$F$16,0),月額表!$K$4:$K$12,1)),4),0)))*'1_手取り'!$F$16,(IF((ROUNDDOWN(('1_手取り'!$B$3-$G8)/'1_手取り'!$F$16,0)+$H8)<105000,0,IF((ROUNDDOWN(('1_手取り'!$B$3-$G8)/'1_手取り'!$F$16,0)+$H8)<740000,INDEX(月額表!$B$4:$I$234,MATCH((ROUNDDOWN(('1_手取り'!$B$3-$G8)/'1_手取り'!$F$16,0)+$H8),月額表!$A$4:$A$234,1),'1_手取り'!$B$7+1),INDEX(月額表!$M$4:$T$12,MATCH((ROUNDDOWN(('1_手取り'!$B$3-$G8)/'1_手取り'!$F$16,0)+$H8),月額表!$K$4:$K$12,1),'1_手取り'!$B$7+1)+ROUNDDOWN(ROUND(((ROUNDDOWN(('1_手取り'!$B$3-$G8)/'1_手取り'!$F$16,0)+$H8)-INDEX(月額表!$K$4:$K$12,MATCH((ROUNDDOWN(('1_手取り'!$B$3-$G8)/'1_手取り'!$F$16,0)+$H8),月額表!$K$4:$K$12,1)))*INDEX(月額表!$L$4:$L$12,MATCH((ROUNDDOWN(('1_手取り'!$B$3-$G8)/'1_手取り'!$F$16,0)+$H8),月額表!$K$4:$K$12,1)),4),0)))-IF($H8<105000,0,IF($H8<740000,INDEX(月額表!$B$4:$I$234,MATCH($H8,月額表!$A$4:$A$234,1),'1_手取り'!$B$7+1),INDEX(月額表!$M$4:$T$12,MATCH($H8,月額表!$K$4:$K$12,1),'1_手取り'!$B$7+1)+ROUNDDOWN(ROUND(($H8-INDEX(月額表!$K$4:$K$12,MATCH($H8,月額表!$K$4:$K$12,1)))*INDEX(月額表!$L$4:$L$12,MATCH($H8,月額表!$K$4:$K$12,1)),4),0))))*'1_手取り'!$F$16)) | L8: ='1_手取り'!$B$3-$G8-$K8 | M8: =$L8-MAX($L$5:$L$51) | P8: =IF('1_手取り'!$B$8="なし","",INDEX(標準報酬!$B$4:$B$53,MATCH('1_手取り'!$B$9,標準報酬!$A$4:$A$53,1))) | Q8: =IF($P8="",0,IF(ROUND($P8*($B8+'1_手取り'!$F$7)/2,4)<=0.5,0,ROUNDUP(ROUND($P8*($B8+'1_手取り'!$F$7)/2,4)-0.5,0))+IF(ROUND($P8*料率!$E$5/2,4)<=0.5,0,ROUNDUP(ROUND($P8*料率!$E$5/2,4)-0.5,0))+IF(ROUND(MIN(MAX($P8,88000),650000)*料率!$E$6/2,4)<=0.5,0,ROUNDUP(ROUND(MIN(MAX($P8,88000),650000)*料率!$E$6/2,4)-0.5,0))+IF(ROUND('1_手取り'!$B$9*INDEX(料率!$E$8:$E$10,MATCH('1_手取り'!$B$6,料率!$D$8:$D$10,0)),4)<=0.5,0,ROUNDUP(ROUND('1_手取り'!$B$9*INDEX(料率!$E$8:$E$10,MATCH('1_手取り'!$B$6,料率!$D$8:$D$10,0)),4)-0.5,0))) | S8: その都道府県 | T8: =INDEX($A$5:$A$51,MATCH(MIN($L$5:$L$51),$L$5:$L$51,0))
A9: 秋田県 | B9: =INDEX(料率!$B$4:$B$50,MATCH($A9,料率!$A$4:$A$50,0)) | C9: =IF(ROUND('1_手取り'!$F$4*($B9+'1_手取り'!$F$7)/2,4)<=0.5,0,ROUNDUP(ROUND('1_手取り'!$F$4*($B9+'1_手取り'!$F$7)/2,4)-0.5,0)) | D9: ='1_手取り'!$F$9 | E9: ='1_手取り'!$F$10 | F9: ='1_手取り'!$F$11 | G9: =SUM($C9:$F9) | H9: =IF('1_手取り'!$B$8="なし",0,'1_手取り'!$B$9-$Q9) | I9: =IF(OR('1_手取り'!$B$8="なし",$H9<=0),"前月の給与なし",IF(('1_手取り'!$B$3-$G9)>$H9*10,"10倍超","算出率の表")) | J9: =IF($I9="算出率の表",INDEX(算出率!$A$4:$A$24,MATCH($H9,INDEX(算出率!$B$4:$I$24,0,'1_手取り'!$B$7+1),1)),"") | K9: =IF($I9="算出率の表",ROUNDDOWN(ROUND(('1_手取り'!$B$3-$G9)*$J9,4),0),IF($I9="前月の給与なし",IF(ROUNDDOWN(('1_手取り'!$B$3-$G9)/'1_手取り'!$F$16,0)<105000,0,IF(ROUNDDOWN(('1_手取り'!$B$3-$G9)/'1_手取り'!$F$16,0)<740000,INDEX(月額表!$B$4:$I$234,MATCH(ROUNDDOWN(('1_手取り'!$B$3-$G9)/'1_手取り'!$F$16,0),月額表!$A$4:$A$234,1),'1_手取り'!$B$7+1),INDEX(月額表!$M$4:$T$12,MATCH(ROUNDDOWN(('1_手取り'!$B$3-$G9)/'1_手取り'!$F$16,0),月額表!$K$4:$K$12,1),'1_手取り'!$B$7+1)+ROUNDDOWN(ROUND((ROUNDDOWN(('1_手取り'!$B$3-$G9)/'1_手取り'!$F$16,0)-INDEX(月額表!$K$4:$K$12,MATCH(ROUNDDOWN(('1_手取り'!$B$3-$G9)/'1_手取り'!$F$16,0),月額表!$K$4:$K$12,1)))*INDEX(月額表!$L$4:$L$12,MATCH(ROUNDDOWN(('1_手取り'!$B$3-$G9)/'1_手取り'!$F$16,0),月額表!$K$4:$K$12,1)),4),0)))*'1_手取り'!$F$16,(IF((ROUNDDOWN(('1_手取り'!$B$3-$G9)/'1_手取り'!$F$16,0)+$H9)<105000,0,IF((ROUNDDOWN(('1_手取り'!$B$3-$G9)/'1_手取り'!$F$16,0)+$H9)<740000,INDEX(月額表!$B$4:$I$234,MATCH((ROUNDDOWN(('1_手取り'!$B$3-$G9)/'1_手取り'!$F$16,0)+$H9),月額表!$A$4:$A$234,1),'1_手取り'!$B$7+1),INDEX(月額表!$M$4:$T$12,MATCH((ROUNDDOWN(('1_手取り'!$B$3-$G9)/'1_手取り'!$F$16,0)+$H9),月額表!$K$4:$K$12,1),'1_手取り'!$B$7+1)+ROUNDDOWN(ROUND(((ROUNDDOWN(('1_手取り'!$B$3-$G9)/'1_手取り'!$F$16,0)+$H9)-INDEX(月額表!$K$4:$K$12,MATCH((ROUNDDOWN(('1_手取り'!$B$3-$G9)/'1_手取り'!$F$16,0)+$H9),月額表!$K$4:$K$12,1)))*INDEX(月額表!$L$4:$L$12,MATCH((ROUNDDOWN(('1_手取り'!$B$3-$G9)/'1_手取り'!$F$16,0)+$H9),月額表!$K$4:$K$12,1)),4),0)))-IF($H9<105000,0,IF($H9<740000,INDEX(月額表!$B$4:$I$234,MATCH($H9,月額表!$A$4:$A$234,1),'1_手取り'!$B$7+1),INDEX(月額表!$M$4:$T$12,MATCH($H9,月額表!$K$4:$K$12,1),'1_手取り'!$B$7+1)+ROUNDDOWN(ROUND(($H9-INDEX(月額表!$K$4:$K$12,MATCH($H9,月額表!$K$4:$K$12,1)))*INDEX(月額表!$L$4:$L$12,MATCH($H9,月額表!$K$4:$K$12,1)),4),0))))*'1_手取り'!$F$16)) | L9: ='1_手取り'!$B$3-$G9-$K9 | M9: =$L9-MAX($L$5:$L$51) | P9: =IF('1_手取り'!$B$8="なし","",INDEX(標準報酬!$B$4:$B$53,MATCH('1_手取り'!$B$9,標準報酬!$A$4:$A$53,1))) | Q9: =IF($P9="",0,IF(ROUND($P9*($B9+'1_手取り'!$F$7)/2,4)<=0.5,0,ROUNDUP(ROUND($P9*($B9+'1_手取り'!$F$7)/2,4)-0.5,0))+IF(ROUND($P9*料率!$E$5/2,4)<=0.5,0,ROUNDUP(ROUND($P9*料率!$E$5/2,4)-0.5,0))+IF(ROUND(MIN(MAX($P9,88000),650000)*料率!$E$6/2,4)<=0.5,0,ROUNDUP(ROUND(MIN(MAX($P9,88000),650000)*料率!$E$6/2,4)-0.5,0))+IF(ROUND('1_手取り'!$B$9*INDEX(料率!$E$8:$E$10,MATCH('1_手取り'!$B$6,料率!$D$8:$D$10,0)),4)<=0.5,0,ROUNDUP(ROUND('1_手取り'!$B$9*INDEX(料率!$E$8:$E$10,MATCH('1_手取り'!$B$6,料率!$D$8:$D$10,0)),4)-0.5,0))) | S9: 差 | T9: =MAX($L$5:$L$51)-MIN($L$5:$L$51)
A10: 山形県 | B10: =INDEX(料率!$B$4:$B$50,MATCH($A10,料率!$A$4:$A$50,0)) | C10: =IF(ROUND('1_手取り'!$F$4*($B10+'1_手取り'!$F$7)/2,4)<=0.5,0,ROUNDUP(ROUND('1_手取り'!$F$4*($B10+'1_手取り'!$F$7)/2,4)-0.5,0)) | D10: ='1_手取り'!$F$9 | E10: ='1_手取り'!$F$10 | F10: ='1_手取り'!$F$11 | G10: =SUM($C10:$F10) | H10: =IF('1_手取り'!$B$8="なし",0,'1_手取り'!$B$9-$Q10) | I10: =IF(OR('1_手取り'!$B$8="なし",$H10<=0),"前月の給与なし",IF(('1_手取り'!$B$3-$G10)>$H10*10,"10倍超","算出率の表")) | J10: =IF($I10="算出率の表",INDEX(算出率!$A$4:$A$24,MATCH($H10,INDEX(算出率!$B$4:$I$24,0,'1_手取り'!$B$7+1),1)),"") | K10: =IF($I10="算出率の表",ROUNDDOWN(ROUND(('1_手取り'!$B$3-$G10)*$J10,4),0),IF($I10="前月の給与なし",IF(ROUNDDOWN(('1_手取り'!$B$3-$G10)/'1_手取り'!$F$16,0)<105000,0,IF(ROUNDDOWN(('1_手取り'!$B$3-$G10)/'1_手取り'!$F$16,0)<740000,INDEX(月額表!$B$4:$I$234,MATCH(ROUNDDOWN(('1_手取り'!$B$3-$G10)/'1_手取り'!$F$16,0),月額表!$A$4:$A$234,1),'1_手取り'!$B$7+1),INDEX(月額表!$M$4:$T$12,MATCH(ROUNDDOWN(('1_手取り'!$B$3-$G10)/'1_手取り'!$F$16,0),月額表!$K$4:$K$12,1),'1_手取り'!$B$7+1)+ROUNDDOWN(ROUND((ROUNDDOWN(('1_手取り'!$B$3-$G10)/'1_手取り'!$F$16,0)-INDEX(月額表!$K$4:$K$12,MATCH(ROUNDDOWN(('1_手取り'!$B$3-$G10)/'1_手取り'!$F$16,0),月額表!$K$4:$K$12,1)))*INDEX(月額表!$L$4:$L$12,MATCH(ROUNDDOWN(('1_手取り'!$B$3-$G10)/'1_手取り'!$F$16,0),月額表!$K$4:$K$12,1)),4),0)))*'1_手取り'!$F$16,(IF((ROUNDDOWN(('1_手取り'!$B$3-$G10)/'1_手取り'!$F$16,0)+$H10)<105000,0,IF((ROUNDDOWN(('1_手取り'!$B$3-$G10)/'1_手取り'!$F$16,0)+$H10)<740000,INDEX(月額表!$B$4:$I$234,MATCH((ROUNDDOWN(('1_手取り'!$B$3-$G10)/'1_手取り'!$F$16,0)+$H10),月額表!$A$4:$A$234,1),'1_手取り'!$B$7+1),INDEX(月額表!$M$4:$T$12,MATCH((ROUNDDOWN(('1_手取り'!$B$3-$G10)/'1_手取り'!$F$16,0)+$H10),月額表!$K$4:$K$12,1),'1_手取り'!$B$7+1)+ROUNDDOWN(ROUND(((ROUNDDOWN(('1_手取り'!$B$3-$G10)/'1_手取り'!$F$16,0)+$H10)-INDEX(月額表!$K$4:$K$12,MATCH((ROUNDDOWN(('1_手取り'!$B$3-$G10)/'1_手取り'!$F$16,0)+$H10),月額表!$K$4:$K$12,1)))*INDEX(月額表!$L$4:$L$12,MATCH((ROUNDDOWN(('1_手取り'!$B$3-$G10)/'1_手取り'!$F$16,0)+$H10),月額表!$K$4:$K$12,1)),4),0)))-IF($H10<105000,0,IF($H10<740000,INDEX(月額表!$B$4:$I$234,MATCH($H10,月額表!$A$4:$A$234,1),'1_手取り'!$B$7+1),INDEX(月額表!$M$4:$T$12,MATCH($H10,月額表!$K$4:$K$12,1),'1_手取り'!$B$7+1)+ROUNDDOWN(ROUND(($H10-INDEX(月額表!$K$4:$K$12,MATCH($H10,月額表!$K$4:$K$12,1)))*INDEX(月額表!$L$4:$L$12,MATCH($H10,月額表!$K$4:$K$12,1)),4),0))))*'1_手取り'!$F$16)) | L10: ='1_手取り'!$B$3-$G10-$K10 | M10: =$L10-MAX($L$5:$L$51) | P10: =IF('1_手取り'!$B$8="なし","",INDEX(標準報酬!$B$4:$B$53,MATCH('1_手取り'!$B$9,標準報酬!$A$4:$A$53,1))) | Q10: =IF($P10="",0,IF(ROUND($P10*($B10+'1_手取り'!$F$7)/2,4)<=0.5,0,ROUNDUP(ROUND($P10*($B10+'1_手取り'!$F$7)/2,4)-0.5,0))+IF(ROUND($P10*料率!$E$5/2,4)<=0.5,0,ROUNDUP(ROUND($P10*料率!$E$5/2,4)-0.5,0))+IF(ROUND(MIN(MAX($P10,88000),650000)*料率!$E$6/2,4)<=0.5,0,ROUNDUP(ROUND(MIN(MAX($P10,88000),650000)*料率!$E$6/2,4)-0.5,0))+IF(ROUND('1_手取り'!$B$9*INDEX(料率!$E$8:$E$10,MATCH('1_手取り'!$B$6,料率!$D$8:$D$10,0)),4)<=0.5,0,ROUNDUP(ROUND('1_手取り'!$B$9*INDEX(料率!$E$8:$E$10,MATCH('1_手取り'!$B$6,料率!$D$8:$D$10,0)),4)-0.5,0))) | S10: 賞与の健康保険料の差 | T10: =MAX($C$5:$C$51)-MIN($C$5:$C$51)
A11: 福島県 | B11: =INDEX(料率!$B$4:$B$50,MATCH($A11,料率!$A$4:$A$50,0)) | C11: =IF(ROUND('1_手取り'!$F$4*($B11+'1_手取り'!$F$7)/2,4)<=0.5,0,ROUNDUP(ROUND('1_手取り'!$F$4*($B11+'1_手取り'!$F$7)/2,4)-0.5,0)) | D11: ='1_手取り'!$F$9 | E11: ='1_手取り'!$F$10 | F11: ='1_手取り'!$F$11 | G11: =SUM($C11:$F11) | H11: =IF('1_手取り'!$B$8="なし",0,'1_手取り'!$B$9-$Q11) | I11: =IF(OR('1_手取り'!$B$8="なし",$H11<=0),"前月の給与なし",IF(('1_手取り'!$B$3-$G11)>$H11*10,"10倍超","算出率の表")) | J11: =IF($I11="算出率の表",INDEX(算出率!$A$4:$A$24,MATCH($H11,INDEX(算出率!$B$4:$I$24,0,'1_手取り'!$B$7+1),1)),"") | K11: =IF($I11="算出率の表",ROUNDDOWN(ROUND(('1_手取り'!$B$3-$G11)*$J11,4),0),IF($I11="前月の給与なし",IF(ROUNDDOWN(('1_手取り'!$B$3-$G11)/'1_手取り'!$F$16,0)<105000,0,IF(ROUNDDOWN(('1_手取り'!$B$3-$G11)/'1_手取り'!$F$16,0)<740000,INDEX(月額表!$B$4:$I$234,MATCH(ROUNDDOWN(('1_手取り'!$B$3-$G11)/'1_手取り'!$F$16,0),月額表!$A$4:$A$234,1),'1_手取り'!$B$7+1),INDEX(月額表!$M$4:$T$12,MATCH(ROUNDDOWN(('1_手取り'!$B$3-$G11)/'1_手取り'!$F$16,0),月額表!$K$4:$K$12,1),'1_手取り'!$B$7+1)+ROUNDDOWN(ROUND((ROUNDDOWN(('1_手取り'!$B$3-$G11)/'1_手取り'!$F$16,0)-INDEX(月額表!$K$4:$K$12,MATCH(ROUNDDOWN(('1_手取り'!$B$3-$G11)/'1_手取り'!$F$16,0),月額表!$K$4:$K$12,1)))*INDEX(月額表!$L$4:$L$12,MATCH(ROUNDDOWN(('1_手取り'!$B$3-$G11)/'1_手取り'!$F$16,0),月額表!$K$4:$K$12,1)),4),0)))*'1_手取り'!$F$16,(IF((ROUNDDOWN(('1_手取り'!$B$3-$G11)/'1_手取り'!$F$16,0)+$H11)<105000,0,IF((ROUNDDOWN(('1_手取り'!$B$3-$G11)/'1_手取り'!$F$16,0)+$H11)<740000,INDEX(月額表!$B$4:$I$234,MATCH((ROUNDDOWN(('1_手取り'!$B$3-$G11)/'1_手取り'!$F$16,0)+$H11),月額表!$A$4:$A$234,1),'1_手取り'!$B$7+1),INDEX(月額表!$M$4:$T$12,MATCH((ROUNDDOWN(('1_手取り'!$B$3-$G11)/'1_手取り'!$F$16,0)+$H11),月額表!$K$4:$K$12,1),'1_手取り'!$B$7+1)+ROUNDDOWN(ROUND(((ROUNDDOWN(('1_手取り'!$B$3-$G11)/'1_手取り'!$F$16,0)+$H11)-INDEX(月額表!$K$4:$K$12,MATCH((ROUNDDOWN(('1_手取り'!$B$3-$G11)/'1_手取り'!$F$16,0)+$H11),月額表!$K$4:$K$12,1)))*INDEX(月額表!$L$4:$L$12,MATCH((ROUNDDOWN(('1_手取り'!$B$3-$G11)/'1_手取り'!$F$16,0)+$H11),月額表!$K$4:$K$12,1)),4),0)))-IF($H11<105000,0,IF($H11<740000,INDEX(月額表!$B$4:$I$234,MATCH($H11,月額表!$A$4:$A$234,1),'1_手取り'!$B$7+1),INDEX(月額表!$M$4:$T$12,MATCH($H11,月額表!$K$4:$K$12,1),'1_手取り'!$B$7+1)+ROUNDDOWN(ROUND(($H11-INDEX(月額表!$K$4:$K$12,MATCH($H11,月額表!$K$4:$K$12,1)))*INDEX(月額表!$L$4:$L$12,MATCH($H11,月額表!$K$4:$K$12,1)),4),0))))*'1_手取り'!$F$16)) | L11: ='1_手取り'!$B$3-$G11-$K11 | M11: =$L11-MAX($L$5:$L$51) | P11: =IF('1_手取り'!$B$8="なし","",INDEX(標準報酬!$B$4:$B$53,MATCH('1_手取り'!$B$9,標準報酬!$A$4:$A$53,1))) | Q11: =IF($P11="",0,IF(ROUND($P11*($B11+'1_手取り'!$F$7)/2,4)<=0.5,0,ROUNDUP(ROUND($P11*($B11+'1_手取り'!$F$7)/2,4)-0.5,0))+IF(ROUND($P11*料率!$E$5/2,4)<=0.5,0,ROUNDUP(ROUND($P11*料率!$E$5/2,4)-0.5,0))+IF(ROUND(MIN(MAX($P11,88000),650000)*料率!$E$6/2,4)<=0.5,0,ROUNDUP(ROUND(MIN(MAX($P11,88000),650000)*料率!$E$6/2,4)-0.5,0))+IF(ROUND('1_手取り'!$B$9*INDEX(料率!$E$8:$E$10,MATCH('1_手取り'!$B$6,料率!$D$8:$D$10,0)),4)<=0.5,0,ROUNDUP(ROUND('1_手取り'!$B$9*INDEX(料率!$E$8:$E$10,MATCH('1_手取り'!$B$6,料率!$D$8:$D$10,0)),4)-0.5,0)))
A12: 茨城県 | B12: =INDEX(料率!$B$4:$B$50,MATCH($A12,料率!$A$4:$A$50,0)) | C12: =IF(ROUND('1_手取り'!$F$4*($B12+'1_手取り'!$F$7)/2,4)<=0.5,0,ROUNDUP(ROUND('1_手取り'!$F$4*($B12+'1_手取り'!$F$7)/2,4)-0.5,0)) | D12: ='1_手取り'!$F$9 | E12: ='1_手取り'!$F$10 | F12: ='1_手取り'!$F$11 | G12: =SUM($C12:$F12) | H12: =IF('1_手取り'!$B$8="なし",0,'1_手取り'!$B$9-$Q12) | I12: =IF(OR('1_手取り'!$B$8="なし",$H12<=0),"前月の給与なし",IF(('1_手取り'!$B$3-$G12)>$H12*10,"10倍超","算出率の表")) | J12: =IF($I12="算出率の表",INDEX(算出率!$A$4:$A$24,MATCH($H12,INDEX(算出率!$B$4:$I$24,0,'1_手取り'!$B$7+1),1)),"") | K12: =IF($I12="算出率の表",ROUNDDOWN(ROUND(('1_手取り'!$B$3-$G12)*$J12,4),0),IF($I12="前月の給与なし",IF(ROUNDDOWN(('1_手取り'!$B$3-$G12)/'1_手取り'!$F$16,0)<105000,0,IF(ROUNDDOWN(('1_手取り'!$B$3-$G12)/'1_手取り'!$F$16,0)<740000,INDEX(月額表!$B$4:$I$234,MATCH(ROUNDDOWN(('1_手取り'!$B$3-$G12)/'1_手取り'!$F$16,0),月額表!$A$4:$A$234,1),'1_手取り'!$B$7+1),INDEX(月額表!$M$4:$T$12,MATCH(ROUNDDOWN(('1_手取り'!$B$3-$G12)/'1_手取り'!$F$16,0),月額表!$K$4:$K$12,1),'1_手取り'!$B$7+1)+ROUNDDOWN(ROUND((ROUNDDOWN(('1_手取り'!$B$3-$G12)/'1_手取り'!$F$16,0)-INDEX(月額表!$K$4:$K$12,MATCH(ROUNDDOWN(('1_手取り'!$B$3-$G12)/'1_手取り'!$F$16,0),月額表!$K$4:$K$12,1)))*INDEX(月額表!$L$4:$L$12,MATCH(ROUNDDOWN(('1_手取り'!$B$3-$G12)/'1_手取り'!$F$16,0),月額表!$K$4:$K$12,1)),4),0)))*'1_手取り'!$F$16,(IF((ROUNDDOWN(('1_手取り'!$B$3-$G12)/'1_手取り'!$F$16,0)+$H12)<105000,0,IF((ROUNDDOWN(('1_手取り'!$B$3-$G12)/'1_手取り'!$F$16,0)+$H12)<740000,INDEX(月額表!$B$4:$I$234,MATCH((ROUNDDOWN(('1_手取り'!$B$3-$G12)/'1_手取り'!$F$16,0)+$H12),月額表!$A$4:$A$234,1),'1_手取り'!$B$7+1),INDEX(月額表!$M$4:$T$12,MATCH((ROUNDDOWN(('1_手取り'!$B$3-$G12)/'1_手取り'!$F$16,0)+$H12),月額表!$K$4:$K$12,1),'1_手取り'!$B$7+1)+ROUNDDOWN(ROUND(((ROUNDDOWN(('1_手取り'!$B$3-$G12)/'1_手取り'!$F$16,0)+$H12)-INDEX(月額表!$K$4:$K$12,MATCH((ROUNDDOWN(('1_手取り'!$B$3-$G12)/'1_手取り'!$F$16,0)+$H12),月額表!$K$4:$K$12,1)))*INDEX(月額表!$L$4:$L$12,MATCH((ROUNDDOWN(('1_手取り'!$B$3-$G12)/'1_手取り'!$F$16,0)+$H12),月額表!$K$4:$K$12,1)),4),0)))-IF($H12<105000,0,IF($H12<740000,INDEX(月額表!$B$4:$I$234,MATCH($H12,月額表!$A$4:$A$234,1),'1_手取り'!$B$7+1),INDEX(月額表!$M$4:$T$12,MATCH($H12,月額表!$K$4:$K$12,1),'1_手取り'!$B$7+1)+ROUNDDOWN(ROUND(($H12-INDEX(月額表!$K$4:$K$12,MATCH($H12,月額表!$K$4:$K$12,1)))*INDEX(月額表!$L$4:$L$12,MATCH($H12,月額表!$K$4:$K$12,1)),4),0))))*'1_手取り'!$F$16)) | L12: ='1_手取り'!$B$3-$G12-$K12 | M12: =$L12-MAX($L$5:$L$51) | P12: =IF('1_手取り'!$B$8="なし","",INDEX(標準報酬!$B$4:$B$53,MATCH('1_手取り'!$B$9,標準報酬!$A$4:$A$53,1))) | Q12: =IF($P12="",0,IF(ROUND($P12*($B12+'1_手取り'!$F$7)/2,4)<=0.5,0,ROUNDUP(ROUND($P12*($B12+'1_手取り'!$F$7)/2,4)-0.5,0))+IF(ROUND($P12*料率!$E$5/2,4)<=0.5,0,ROUNDUP(ROUND($P12*料率!$E$5/2,4)-0.5,0))+IF(ROUND(MIN(MAX($P12,88000),650000)*料率!$E$6/2,4)<=0.5,0,ROUNDUP(ROUND(MIN(MAX($P12,88000),650000)*料率!$E$6/2,4)-0.5,0))+IF(ROUND('1_手取り'!$B$9*INDEX(料率!$E$8:$E$10,MATCH('1_手取り'!$B$6,料率!$D$8:$D$10,0)),4)<=0.5,0,ROUNDUP(ROUND('1_手取り'!$B$9*INDEX(料率!$E$8:$E$10,MATCH('1_手取り'!$B$6,料率!$D$8:$D$10,0)),4)-0.5,0)))
A13: 栃木県 | B13: =INDEX(料率!$B$4:$B$50,MATCH($A13,料率!$A$4:$A$50,0)) | C13: =IF(ROUND('1_手取り'!$F$4*($B13+'1_手取り'!$F$7)/2,4)<=0.5,0,ROUNDUP(ROUND('1_手取り'!$F$4*($B13+'1_手取り'!$F$7)/2,4)-0.5,0)) | D13: ='1_手取り'!$F$9 | E13: ='1_手取り'!$F$10 | F13: ='1_手取り'!$F$11 | G13: =SUM($C13:$F13) | H13: =IF('1_手取り'!$B$8="なし",0,'1_手取り'!$B$9-$Q13) | I13: =IF(OR('1_手取り'!$B$8="なし",$H13<=0),"前月の給与なし",IF(('1_手取り'!$B$3-$G13)>$H13*10,"10倍超","算出率の表")) | J13: =IF($I13="算出率の表",INDEX(算出率!$A$4:$A$24,MATCH($H13,INDEX(算出率!$B$4:$I$24,0,'1_手取り'!$B$7+1),1)),"") | K13: =IF($I13="算出率の表",ROUNDDOWN(ROUND(('1_手取り'!$B$3-$G13)*$J13,4),0),IF($I13="前月の給与なし",IF(ROUNDDOWN(('1_手取り'!$B$3-$G13)/'1_手取り'!$F$16,0)<105000,0,IF(ROUNDDOWN(('1_手取り'!$B$3-$G13)/'1_手取り'!$F$16,0)<740000,INDEX(月額表!$B$4:$I$234,MATCH(ROUNDDOWN(('1_手取り'!$B$3-$G13)/'1_手取り'!$F$16,0),月額表!$A$4:$A$234,1),'1_手取り'!$B$7+1),INDEX(月額表!$M$4:$T$12,MATCH(ROUNDDOWN(('1_手取り'!$B$3-$G13)/'1_手取り'!$F$16,0),月額表!$K$4:$K$12,1),'1_手取り'!$B$7+1)+ROUNDDOWN(ROUND((ROUNDDOWN(('1_手取り'!$B$3-$G13)/'1_手取り'!$F$16,0)-INDEX(月額表!$K$4:$K$12,MATCH(ROUNDDOWN(('1_手取り'!$B$3-$G13)/'1_手取り'!$F$16,0),月額表!$K$4:$K$12,1)))*INDEX(月額表!$L$4:$L$12,MATCH(ROUNDDOWN(('1_手取り'!$B$3-$G13)/'1_手取り'!$F$16,0),月額表!$K$4:$K$12,1)),4),0)))*'1_手取り'!$F$16,(IF((ROUNDDOWN(('1_手取り'!$B$3-$G13)/'1_手取り'!$F$16,0)+$H13)<105000,0,IF((ROUNDDOWN(('1_手取り'!$B$3-$G13)/'1_手取り'!$F$16,0)+$H13)<740000,INDEX(月額表!$B$4:$I$234,MATCH((ROUNDDOWN(('1_手取り'!$B$3-$G13)/'1_手取り'!$F$16,0)+$H13),月額表!$A$4:$A$234,1),'1_手取り'!$B$7+1),INDEX(月額表!$M$4:$T$12,MATCH((ROUNDDOWN(('1_手取り'!$B$3-$G13)/'1_手取り'!$F$16,0)+$H13),月額表!$K$4:$K$12,1),'1_手取り'!$B$7+1)+ROUNDDOWN(ROUND(((ROUNDDOWN(('1_手取り'!$B$3-$G13)/'1_手取り'!$F$16,0)+$H13)-INDEX(月額表!$K$4:$K$12,MATCH((ROUNDDOWN(('1_手取り'!$B$3-$G13)/'1_手取り'!$F$16,0)+$H13),月額表!$K$4:$K$12,1)))*INDEX(月額表!$L$4:$L$12,MATCH((ROUNDDOWN(('1_手取り'!$B$3-$G13)/'1_手取り'!$F$16,0)+$H13),月額表!$K$4:$K$12,1)),4),0)))-IF($H13<105000,0,IF($H13<740000,INDEX(月額表!$B$4:$I$234,MATCH($H13,月額表!$A$4:$A$234,1),'1_手取り'!$B$7+1),INDEX(月額表!$M$4:$T$12,MATCH($H13,月額表!$K$4:$K$12,1),'1_手取り'!$B$7+1)+ROUNDDOWN(ROUND(($H13-INDEX(月額表!$K$4:$K$12,MATCH($H13,月額表!$K$4:$K$12,1)))*INDEX(月額表!$L$4:$L$12,MATCH($H13,月額表!$K$4:$K$12,1)),4),0))))*'1_手取り'!$F$16)) | L13: ='1_手取り'!$B$3-$G13-$K13 | M13: =$L13-MAX($L$5:$L$51) | P13: =IF('1_手取り'!$B$8="なし","",INDEX(標準報酬!$B$4:$B$53,MATCH('1_手取り'!$B$9,標準報酬!$A$4:$A$53,1))) | Q13: =IF($P13="",0,IF(ROUND($P13*($B13+'1_手取り'!$F$7)/2,4)<=0.5,0,ROUNDUP(ROUND($P13*($B13+'1_手取り'!$F$7)/2,4)-0.5,0))+IF(ROUND($P13*料率!$E$5/2,4)<=0.5,0,ROUNDUP(ROUND($P13*料率!$E$5/2,4)-0.5,0))+IF(ROUND(MIN(MAX($P13,88000),650000)*料率!$E$6/2,4)<=0.5,0,ROUNDUP(ROUND(MIN(MAX($P13,88000),650000)*料率!$E$6/2,4)-0.5,0))+IF(ROUND('1_手取り'!$B$9*INDEX(料率!$E$8:$E$10,MATCH('1_手取り'!$B$6,料率!$D$8:$D$10,0)),4)<=0.5,0,ROUNDUP(ROUND('1_手取り'!$B$9*INDEX(料率!$E$8:$E$10,MATCH('1_手取り'!$B$6,料率!$D$8:$D$10,0)),4)-0.5,0)))
A14: 群馬県 | B14: =INDEX(料率!$B$4:$B$50,MATCH($A14,料率!$A$4:$A$50,0)) | C14: =IF(ROUND('1_手取り'!$F$4*($B14+'1_手取り'!$F$7)/2,4)<=0.5,0,ROUNDUP(ROUND('1_手取り'!$F$4*($B14+'1_手取り'!$F$7)/2,4)-0.5,0)) | D14: ='1_手取り'!$F$9 | E14: ='1_手取り'!$F$10 | F14: ='1_手取り'!$F$11 | G14: =SUM($C14:$F14) | H14: =IF('1_手取り'!$B$8="なし",0,'1_手取り'!$B$9-$Q14) | I14: =IF(OR('1_手取り'!$B$8="なし",$H14<=0),"前月の給与なし",IF(('1_手取り'!$B$3-$G14)>$H14*10,"10倍超","算出率の表")) | J14: =IF($I14="算出率の表",INDEX(算出率!$A$4:$A$24,MATCH($H14,INDEX(算出率!$B$4:$I$24,0,'1_手取り'!$B$7+1),1)),"") | K14: =IF($I14="算出率の表",ROUNDDOWN(ROUND(('1_手取り'!$B$3-$G14)*$J14,4),0),IF($I14="前月の給与なし",IF(ROUNDDOWN(('1_手取り'!$B$3-$G14)/'1_手取り'!$F$16,0)<105000,0,IF(ROUNDDOWN(('1_手取り'!$B$3-$G14)/'1_手取り'!$F$16,0)<740000,INDEX(月額表!$B$4:$I$234,MATCH(ROUNDDOWN(('1_手取り'!$B$3-$G14)/'1_手取り'!$F$16,0),月額表!$A$4:$A$234,1),'1_手取り'!$B$7+1),INDEX(月額表!$M$4:$T$12,MATCH(ROUNDDOWN(('1_手取り'!$B$3-$G14)/'1_手取り'!$F$16,0),月額表!$K$4:$K$12,1),'1_手取り'!$B$7+1)+ROUNDDOWN(ROUND((ROUNDDOWN(('1_手取り'!$B$3-$G14)/'1_手取り'!$F$16,0)-INDEX(月額表!$K$4:$K$12,MATCH(ROUNDDOWN(('1_手取り'!$B$3-$G14)/'1_手取り'!$F$16,0),月額表!$K$4:$K$12,1)))*INDEX(月額表!$L$4:$L$12,MATCH(ROUNDDOWN(('1_手取り'!$B$3-$G14)/'1_手取り'!$F$16,0),月額表!$K$4:$K$12,1)),4),0)))*'1_手取り'!$F$16,(IF((ROUNDDOWN(('1_手取り'!$B$3-$G14)/'1_手取り'!$F$16,0)+$H14)<105000,0,IF((ROUNDDOWN(('1_手取り'!$B$3-$G14)/'1_手取り'!$F$16,0)+$H14)<740000,INDEX(月額表!$B$4:$I$234,MATCH((ROUNDDOWN(('1_手取り'!$B$3-$G14)/'1_手取り'!$F$16,0)+$H14),月額表!$A$4:$A$234,1),'1_手取り'!$B$7+1),INDEX(月額表!$M$4:$T$12,MATCH((ROUNDDOWN(('1_手取り'!$B$3-$G14)/'1_手取り'!$F$16,0)+$H14),月額表!$K$4:$K$12,1),'1_手取り'!$B$7+1)+ROUNDDOWN(ROUND(((ROUNDDOWN(('1_手取り'!$B$3-$G14)/'1_手取り'!$F$16,0)+$H14)-INDEX(月額表!$K$4:$K$12,MATCH((ROUNDDOWN(('1_手取り'!$B$3-$G14)/'1_手取り'!$F$16,0)+$H14),月額表!$K$4:$K$12,1)))*INDEX(月額表!$L$4:$L$12,MATCH((ROUNDDOWN(('1_手取り'!$B$3-$G14)/'1_手取り'!$F$16,0)+$H14),月額表!$K$4:$K$12,1)),4),0)))-IF($H14<105000,0,IF($H14<740000,INDEX(月額表!$B$4:$I$234,MATCH($H14,月額表!$A$4:$A$234,1),'1_手取り'!$B$7+1),INDEX(月額表!$M$4:$T$12,MATCH($H14,月額表!$K$4:$K$12,1),'1_手取り'!$B$7+1)+ROUNDDOWN(ROUND(($H14-INDEX(月額表!$K$4:$K$12,MATCH($H14,月額表!$K$4:$K$12,1)))*INDEX(月額表!$L$4:$L$12,MATCH($H14,月額表!$K$4:$K$12,1)),4),0))))*'1_手取り'!$F$16)) | L14: ='1_手取り'!$B$3-$G14-$K14 | M14: =$L14-MAX($L$5:$L$51) | P14: =IF('1_手取り'!$B$8="なし","",INDEX(標準報酬!$B$4:$B$53,MATCH('1_手取り'!$B$9,標準報酬!$A$4:$A$53,1))) | Q14: =IF($P14="",0,IF(ROUND($P14*($B14+'1_手取り'!$F$7)/2,4)<=0.5,0,ROUNDUP(ROUND($P14*($B14+'1_手取り'!$F$7)/2,4)-0.5,0))+IF(ROUND($P14*料率!$E$5/2,4)<=0.5,0,ROUNDUP(ROUND($P14*料率!$E$5/2,4)-0.5,0))+IF(ROUND(MIN(MAX($P14,88000),650000)*料率!$E$6/2,4)<=0.5,0,ROUNDUP(ROUND(MIN(MAX($P14,88000),650000)*料率!$E$6/2,4)-0.5,0))+IF(ROUND('1_手取り'!$B$9*INDEX(料率!$E$8:$E$10,MATCH('1_手取り'!$B$6,料率!$D$8:$D$10,0)),4)<=0.5,0,ROUNDUP(ROUND('1_手取り'!$B$9*INDEX(料率!$E$8:$E$10,MATCH('1_手取り'!$B$6,料率!$D$8:$D$10,0)),4)-0.5,0)))
A15: 埼玉県 | B15: =INDEX(料率!$B$4:$B$50,MATCH($A15,料率!$A$4:$A$50,0)) | C15: =IF(ROUND('1_手取り'!$F$4*($B15+'1_手取り'!$F$7)/2,4)<=0.5,0,ROUNDUP(ROUND('1_手取り'!$F$4*($B15+'1_手取り'!$F$7)/2,4)-0.5,0)) | D15: ='1_手取り'!$F$9 | E15: ='1_手取り'!$F$10 | F15: ='1_手取り'!$F$11 | G15: =SUM($C15:$F15) | H15: =IF('1_手取り'!$B$8="なし",0,'1_手取り'!$B$9-$Q15) | I15: =IF(OR('1_手取り'!$B$8="なし",$H15<=0),"前月の給与なし",IF(('1_手取り'!$B$3-$G15)>$H15*10,"10倍超","算出率の表")) | J15: =IF($I15="算出率の表",INDEX(算出率!$A$4:$A$24,MATCH($H15,INDEX(算出率!$B$4:$I$24,0,'1_手取り'!$B$7+1),1)),"") | K15: =IF($I15="算出率の表",ROUNDDOWN(ROUND(('1_手取り'!$B$3-$G15)*$J15,4),0),IF($I15="前月の給与なし",IF(ROUNDDOWN(('1_手取り'!$B$3-$G15)/'1_手取り'!$F$16,0)<105000,0,IF(ROUNDDOWN(('1_手取り'!$B$3-$G15)/'1_手取り'!$F$16,0)<740000,INDEX(月額表!$B$4:$I$234,MATCH(ROUNDDOWN(('1_手取り'!$B$3-$G15)/'1_手取り'!$F$16,0),月額表!$A$4:$A$234,1),'1_手取り'!$B$7+1),INDEX(月額表!$M$4:$T$12,MATCH(ROUNDDOWN(('1_手取り'!$B$3-$G15)/'1_手取り'!$F$16,0),月額表!$K$4:$K$12,1),'1_手取り'!$B$7+1)+ROUNDDOWN(ROUND((ROUNDDOWN(('1_手取り'!$B$3-$G15)/'1_手取り'!$F$16,0)-INDEX(月額表!$K$4:$K$12,MATCH(ROUNDDOWN(('1_手取り'!$B$3-$G15)/'1_手取り'!$F$16,0),月額表!$K$4:$K$12,1)))*INDEX(月額表!$L$4:$L$12,MATCH(ROUNDDOWN(('1_手取り'!$B$3-$G15)/'1_手取り'!$F$16,0),月額表!$K$4:$K$12,1)),4),0)))*'1_手取り'!$F$16,(IF((ROUNDDOWN(('1_手取り'!$B$3-$G15)/'1_手取り'!$F$16,0)+$H15)<105000,0,IF((ROUNDDOWN(('1_手取り'!$B$3-$G15)/'1_手取り'!$F$16,0)+$H15)<740000,INDEX(月額表!$B$4:$I$234,MATCH((ROUNDDOWN(('1_手取り'!$B$3-$G15)/'1_手取り'!$F$16,0)+$H15),月額表!$A$4:$A$234,1),'1_手取り'!$B$7+1),INDEX(月額表!$M$4:$T$12,MATCH((ROUNDDOWN(('1_手取り'!$B$3-$G15)/'1_手取り'!$F$16,0)+$H15),月額表!$K$4:$K$12,1),'1_手取り'!$B$7+1)+ROUNDDOWN(ROUND(((ROUNDDOWN(('1_手取り'!$B$3-$G15)/'1_手取り'!$F$16,0)+$H15)-INDEX(月額表!$K$4:$K$12,MATCH((ROUNDDOWN(('1_手取り'!$B$3-$G15)/'1_手取り'!$F$16,0)+$H15),月額表!$K$4:$K$12,1)))*INDEX(月額表!$L$4:$L$12,MATCH((ROUNDDOWN(('1_手取り'!$B$3-$G15)/'1_手取り'!$F$16,0)+$H15),月額表!$K$4:$K$12,1)),4),0)))-IF($H15<105000,0,IF($H15<740000,INDEX(月額表!$B$4:$I$234,MATCH($H15,月額表!$A$4:$A$234,1),'1_手取り'!$B$7+1),INDEX(月額表!$M$4:$T$12,MATCH($H15,月額表!$K$4:$K$12,1),'1_手取り'!$B$7+1)+ROUNDDOWN(ROUND(($H15-INDEX(月額表!$K$4:$K$12,MATCH($H15,月額表!$K$4:$K$12,1)))*INDEX(月額表!$L$4:$L$12,MATCH($H15,月額表!$K$4:$K$12,1)),4),0))))*'1_手取り'!$F$16)) | L15: ='1_手取り'!$B$3-$G15-$K15 | M15: =$L15-MAX($L$5:$L$51) | P15: =IF('1_手取り'!$B$8="なし","",INDEX(標準報酬!$B$4:$B$53,MATCH('1_手取り'!$B$9,標準報酬!$A$4:$A$53,1))) | Q15: =IF($P15="",0,IF(ROUND($P15*($B15+'1_手取り'!$F$7)/2,4)<=0.5,0,ROUNDUP(ROUND($P15*($B15+'1_手取り'!$F$7)/2,4)-0.5,0))+IF(ROUND($P15*料率!$E$5/2,4)<=0.5,0,ROUNDUP(ROUND($P15*料率!$E$5/2,4)-0.5,0))+IF(ROUND(MIN(MAX($P15,88000),650000)*料率!$E$6/2,4)<=0.5,0,ROUNDUP(ROUND(MIN(MAX($P15,88000),650000)*料率!$E$6/2,4)-0.5,0))+IF(ROUND('1_手取り'!$B$9*INDEX(料率!$E$8:$E$10,MATCH('1_手取り'!$B$6,料率!$D$8:$D$10,0)),4)<=0.5,0,ROUNDUP(ROUND('1_手取り'!$B$9*INDEX(料率!$E$8:$E$10,MATCH('1_手取り'!$B$6,料率!$D$8:$D$10,0)),4)-0.5,0)))
A16: 千葉県 | B16: =INDEX(料率!$B$4:$B$50,MATCH($A16,料率!$A$4:$A$50,0)) | C16: =IF(ROUND('1_手取り'!$F$4*($B16+'1_手取り'!$F$7)/2,4)<=0.5,0,ROUNDUP(ROUND('1_手取り'!$F$4*($B16+'1_手取り'!$F$7)/2,4)-0.5,0)) | D16: ='1_手取り'!$F$9 | E16: ='1_手取り'!$F$10 | F16: ='1_手取り'!$F$11 | G16: =SUM($C16:$F16) | H16: =IF('1_手取り'!$B$8="なし",0,'1_手取り'!$B$9-$Q16) | I16: =IF(OR('1_手取り'!$B$8="なし",$H16<=0),"前月の給与なし",IF(('1_手取り'!$B$3-$G16)>$H16*10,"10倍超","算出率の表")) | J16: =IF($I16="算出率の表",INDEX(算出率!$A$4:$A$24,MATCH($H16,INDEX(算出率!$B$4:$I$24,0,'1_手取り'!$B$7+1),1)),"") | K16: =IF($I16="算出率の表",ROUNDDOWN(ROUND(('1_手取り'!$B$3-$G16)*$J16,4),0),IF($I16="前月の給与なし",IF(ROUNDDOWN(('1_手取り'!$B$3-$G16)/'1_手取り'!$F$16,0)<105000,0,IF(ROUNDDOWN(('1_手取り'!$B$3-$G16)/'1_手取り'!$F$16,0)<740000,INDEX(月額表!$B$4:$I$234,MATCH(ROUNDDOWN(('1_手取り'!$B$3-$G16)/'1_手取り'!$F$16,0),月額表!$A$4:$A$234,1),'1_手取り'!$B$7+1),INDEX(月額表!$M$4:$T$12,MATCH(ROUNDDOWN(('1_手取り'!$B$3-$G16)/'1_手取り'!$F$16,0),月額表!$K$4:$K$12,1),'1_手取り'!$B$7+1)+ROUNDDOWN(ROUND((ROUNDDOWN(('1_手取り'!$B$3-$G16)/'1_手取り'!$F$16,0)-INDEX(月額表!$K$4:$K$12,MATCH(ROUNDDOWN(('1_手取り'!$B$3-$G16)/'1_手取り'!$F$16,0),月額表!$K$4:$K$12,1)))*INDEX(月額表!$L$4:$L$12,MATCH(ROUNDDOWN(('1_手取り'!$B$3-$G16)/'1_手取り'!$F$16,0),月額表!$K$4:$K$12,1)),4),0)))*'1_手取り'!$F$16,(IF((ROUNDDOWN(('1_手取り'!$B$3-$G16)/'1_手取り'!$F$16,0)+$H16)<105000,0,IF((ROUNDDOWN(('1_手取り'!$B$3-$G16)/'1_手取り'!$F$16,0)+$H16)<740000,INDEX(月額表!$B$4:$I$234,MATCH((ROUNDDOWN(('1_手取り'!$B$3-$G16)/'1_手取り'!$F$16,0)+$H16),月額表!$A$4:$A$234,1),'1_手取り'!$B$7+1),INDEX(月額表!$M$4:$T$12,MATCH((ROUNDDOWN(('1_手取り'!$B$3-$G16)/'1_手取り'!$F$16,0)+$H16),月額表!$K$4:$K$12,1),'1_手取り'!$B$7+1)+ROUNDDOWN(ROUND(((ROUNDDOWN(('1_手取り'!$B$3-$G16)/'1_手取り'!$F$16,0)+$H16)-INDEX(月額表!$K$4:$K$12,MATCH((ROUNDDOWN(('1_手取り'!$B$3-$G16)/'1_手取り'!$F$16,0)+$H16),月額表!$K$4:$K$12,1)))*INDEX(月額表!$L$4:$L$12,MATCH((ROUNDDOWN(('1_手取り'!$B$3-$G16)/'1_手取り'!$F$16,0)+$H16),月額表!$K$4:$K$12,1)),4),0)))-IF($H16<105000,0,IF($H16<740000,INDEX(月額表!$B$4:$I$234,MATCH($H16,月額表!$A$4:$A$234,1),'1_手取り'!$B$7+1),INDEX(月額表!$M$4:$T$12,MATCH($H16,月額表!$K$4:$K$12,1),'1_手取り'!$B$7+1)+ROUNDDOWN(ROUND(($H16-INDEX(月額表!$K$4:$K$12,MATCH($H16,月額表!$K$4:$K$12,1)))*INDEX(月額表!$L$4:$L$12,MATCH($H16,月額表!$K$4:$K$12,1)),4),0))))*'1_手取り'!$F$16)) | L16: ='1_手取り'!$B$3-$G16-$K16 | M16: =$L16-MAX($L$5:$L$51) | P16: =IF('1_手取り'!$B$8="なし","",INDEX(標準報酬!$B$4:$B$53,MATCH('1_手取り'!$B$9,標準報酬!$A$4:$A$53,1))) | Q16: =IF($P16="",0,IF(ROUND($P16*($B16+'1_手取り'!$F$7)/2,4)<=0.5,0,ROUNDUP(ROUND($P16*($B16+'1_手取り'!$F$7)/2,4)-0.5,0))+IF(ROUND($P16*料率!$E$5/2,4)<=0.5,0,ROUNDUP(ROUND($P16*料率!$E$5/2,4)-0.5,0))+IF(ROUND(MIN(MAX($P16,88000),650000)*料率!$E$6/2,4)<=0.5,0,ROUNDUP(ROUND(MIN(MAX($P16,88000),650000)*料率!$E$6/2,4)-0.5,0))+IF(ROUND('1_手取り'!$B$9*INDEX(料率!$E$8:$E$10,MATCH('1_手取り'!$B$6,料率!$D$8:$D$10,0)),4)<=0.5,0,ROUNDUP(ROUND('1_手取り'!$B$9*INDEX(料率!$E$8:$E$10,MATCH('1_手取り'!$B$6,料率!$D$8:$D$10,0)),4)-0.5,0)))
A17: 東京都 | B17: =INDEX(料率!$B$4:$B$50,MATCH($A17,料率!$A$4:$A$50,0)) | C17: =IF(ROUND('1_手取り'!$F$4*($B17+'1_手取り'!$F$7)/2,4)<=0.5,0,ROUNDUP(ROUND('1_手取り'!$F$4*($B17+'1_手取り'!$F$7)/2,4)-0.5,0)) | D17: ='1_手取り'!$F$9 | E17: ='1_手取り'!$F$10 | F17: ='1_手取り'!$F$11 | G17: =SUM($C17:$F17) | H17: =IF('1_手取り'!$B$8="なし",0,'1_手取り'!$B$9-$Q17) | I17: =IF(OR('1_手取り'!$B$8="なし",$H17<=0),"前月の給与なし",IF(('1_手取り'!$B$3-$G17)>$H17*10,"10倍超","算出率の表")) | J17: =IF($I17="算出率の表",INDEX(算出率!$A$4:$A$24,MATCH($H17,INDEX(算出率!$B$4:$I$24,0,'1_手取り'!$B$7+1),1)),"") | K17: =IF($I17="算出率の表",ROUNDDOWN(ROUND(('1_手取り'!$B$3-$G17)*$J17,4),0),IF($I17="前月の給与なし",IF(ROUNDDOWN(('1_手取り'!$B$3-$G17)/'1_手取り'!$F$16,0)<105000,0,IF(ROUNDDOWN(('1_手取り'!$B$3-$G17)/'1_手取り'!$F$16,0)<740000,INDEX(月額表!$B$4:$I$234,MATCH(ROUNDDOWN(('1_手取り'!$B$3-$G17)/'1_手取り'!$F$16,0),月額表!$A$4:$A$234,1),'1_手取り'!$B$7+1),INDEX(月額表!$M$4:$T$12,MATCH(ROUNDDOWN(('1_手取り'!$B$3-$G17)/'1_手取り'!$F$16,0),月額表!$K$4:$K$12,1),'1_手取り'!$B$7+1)+ROUNDDOWN(ROUND((ROUNDDOWN(('1_手取り'!$B$3-$G17)/'1_手取り'!$F$16,0)-INDEX(月額表!$K$4:$K$12,MATCH(ROUNDDOWN(('1_手取り'!$B$3-$G17)/'1_手取り'!$F$16,0),月額表!$K$4:$K$12,1)))*INDEX(月額表!$L$4:$L$12,MATCH(ROUNDDOWN(('1_手取り'!$B$3-$G17)/'1_手取り'!$F$16,0),月額表!$K$4:$K$12,1)),4),0)))*'1_手取り'!$F$16,(IF((ROUNDDOWN(('1_手取り'!$B$3-$G17)/'1_手取り'!$F$16,0)+$H17)<105000,0,IF((ROUNDDOWN(('1_手取り'!$B$3-$G17)/'1_手取り'!$F$16,0)+$H17)<740000,INDEX(月額表!$B$4:$I$234,MATCH((ROUNDDOWN(('1_手取り'!$B$3-$G17)/'1_手取り'!$F$16,0)+$H17),月額表!$A$4:$A$234,1),'1_手取り'!$B$7+1),INDEX(月額表!$M$4:$T$12,MATCH((ROUNDDOWN(('1_手取り'!$B$3-$G17)/'1_手取り'!$F$16,0)+$H17),月額表!$K$4:$K$12,1),'1_手取り'!$B$7+1)+ROUNDDOWN(ROUND(((ROUNDDOWN(('1_手取り'!$B$3-$G17)/'1_手取り'!$F$16,0)+$H17)-INDEX(月額表!$K$4:$K$12,MATCH((ROUNDDOWN(('1_手取り'!$B$3-$G17)/'1_手取り'!$F$16,0)+$H17),月額表!$K$4:$K$12,1)))*INDEX(月額表!$L$4:$L$12,MATCH((ROUNDDOWN(('1_手取り'!$B$3-$G17)/'1_手取り'!$F$16,0)+$H17),月額表!$K$4:$K$12,1)),4),0)))-IF($H17<105000,0,IF($H17<740000,INDEX(月額表!$B$4:$I$234,MATCH($H17,月額表!$A$4:$A$234,1),'1_手取り'!$B$7+1),INDEX(月額表!$M$4:$T$12,MATCH($H17,月額表!$K$4:$K$12,1),'1_手取り'!$B$7+1)+ROUNDDOWN(ROUND(($H17-INDEX(月額表!$K$4:$K$12,MATCH($H17,月額表!$K$4:$K$12,1)))*INDEX(月額表!$L$4:$L$12,MATCH($H17,月額表!$K$4:$K$12,1)),4),0))))*'1_手取り'!$F$16)) | L17: ='1_手取り'!$B$3-$G17-$K17 | M17: =$L17-MAX($L$5:$L$51) | P17: =IF('1_手取り'!$B$8="なし","",INDEX(標準報酬!$B$4:$B$53,MATCH('1_手取り'!$B$9,標準報酬!$A$4:$A$53,1))) | Q17: =IF($P17="",0,IF(ROUND($P17*($B17+'1_手取り'!$F$7)/2,4)<=0.5,0,ROUNDUP(ROUND($P17*($B17+'1_手取り'!$F$7)/2,4)-0.5,0))+IF(ROUND($P17*料率!$E$5/2,4)<=0.5,0,ROUNDUP(ROUND($P17*料率!$E$5/2,4)-0.5,0))+IF(ROUND(MIN(MAX($P17,88000),650000)*料率!$E$6/2,4)<=0.5,0,ROUNDUP(ROUND(MIN(MAX($P17,88000),650000)*料率!$E$6/2,4)-0.5,0))+IF(ROUND('1_手取り'!$B$9*INDEX(料率!$E$8:$E$10,MATCH('1_手取り'!$B$6,料率!$D$8:$D$10,0)),4)<=0.5,0,ROUNDUP(ROUND('1_手取り'!$B$9*INDEX(料率!$E$8:$E$10,MATCH('1_手取り'!$B$6,料率!$D$8:$D$10,0)),4)-0.5,0)))
A18: 神奈川県 | B18: =INDEX(料率!$B$4:$B$50,MATCH($A18,料率!$A$4:$A$50,0)) | C18: =IF(ROUND('1_手取り'!$F$4*($B18+'1_手取り'!$F$7)/2,4)<=0.5,0,ROUNDUP(ROUND('1_手取り'!$F$4*($B18+'1_手取り'!$F$7)/2,4)-0.5,0)) | D18: ='1_手取り'!$F$9 | E18: ='1_手取り'!$F$10 | F18: ='1_手取り'!$F$11 | G18: =SUM($C18:$F18) | H18: =IF('1_手取り'!$B$8="なし",0,'1_手取り'!$B$9-$Q18) | I18: =IF(OR('1_手取り'!$B$8="なし",$H18<=0),"前月の給与なし",IF(('1_手取り'!$B$3-$G18)>$H18*10,"10倍超","算出率の表")) | J18: =IF($I18="算出率の表",INDEX(算出率!$A$4:$A$24,MATCH($H18,INDEX(算出率!$B$4:$I$24,0,'1_手取り'!$B$7+1),1)),"") | K18: =IF($I18="算出率の表",ROUNDDOWN(ROUND(('1_手取り'!$B$3-$G18)*$J18,4),0),IF($I18="前月の給与なし",IF(ROUNDDOWN(('1_手取り'!$B$3-$G18)/'1_手取り'!$F$16,0)<105000,0,IF(ROUNDDOWN(('1_手取り'!$B$3-$G18)/'1_手取り'!$F$16,0)<740000,INDEX(月額表!$B$4:$I$234,MATCH(ROUNDDOWN(('1_手取り'!$B$3-$G18)/'1_手取り'!$F$16,0),月額表!$A$4:$A$234,1),'1_手取り'!$B$7+1),INDEX(月額表!$M$4:$T$12,MATCH(ROUNDDOWN(('1_手取り'!$B$3-$G18)/'1_手取り'!$F$16,0),月額表!$K$4:$K$12,1),'1_手取り'!$B$7+1)+ROUNDDOWN(ROUND((ROUNDDOWN(('1_手取り'!$B$3-$G18)/'1_手取り'!$F$16,0)-INDEX(月額表!$K$4:$K$12,MATCH(ROUNDDOWN(('1_手取り'!$B$3-$G18)/'1_手取り'!$F$16,0),月額表!$K$4:$K$12,1)))*INDEX(月額表!$L$4:$L$12,MATCH(ROUNDDOWN(('1_手取り'!$B$3-$G18)/'1_手取り'!$F$16,0),月額表!$K$4:$K$12,1)),4),0)))*'1_手取り'!$F$16,(IF((ROUNDDOWN(('1_手取り'!$B$3-$G18)/'1_手取り'!$F$16,0)+$H18)<105000,0,IF((ROUNDDOWN(('1_手取り'!$B$3-$G18)/'1_手取り'!$F$16,0)+$H18)<740000,INDEX(月額表!$B$4:$I$234,MATCH((ROUNDDOWN(('1_手取り'!$B$3-$G18)/'1_手取り'!$F$16,0)+$H18),月額表!$A$4:$A$234,1),'1_手取り'!$B$7+1),INDEX(月額表!$M$4:$T$12,MATCH((ROUNDDOWN(('1_手取り'!$B$3-$G18)/'1_手取り'!$F$16,0)+$H18),月額表!$K$4:$K$12,1),'1_手取り'!$B$7+1)+ROUNDDOWN(ROUND(((ROUNDDOWN(('1_手取り'!$B$3-$G18)/'1_手取り'!$F$16,0)+$H18)-INDEX(月額表!$K$4:$K$12,MATCH((ROUNDDOWN(('1_手取り'!$B$3-$G18)/'1_手取り'!$F$16,0)+$H18),月額表!$K$4:$K$12,1)))*INDEX(月額表!$L$4:$L$12,MATCH((ROUNDDOWN(('1_手取り'!$B$3-$G18)/'1_手取り'!$F$16,0)+$H18),月額表!$K$4:$K$12,1)),4),0)))-IF($H18<105000,0,IF($H18<740000,INDEX(月額表!$B$4:$I$234,MATCH($H18,月額表!$A$4:$A$234,1),'1_手取り'!$B$7+1),INDEX(月額表!$M$4:$T$12,MATCH($H18,月額表!$K$4:$K$12,1),'1_手取り'!$B$7+1)+ROUNDDOWN(ROUND(($H18-INDEX(月額表!$K$4:$K$12,MATCH($H18,月額表!$K$4:$K$12,1)))*INDEX(月額表!$L$4:$L$12,MATCH($H18,月額表!$K$4:$K$12,1)),4),0))))*'1_手取り'!$F$16)) | L18: ='1_手取り'!$B$3-$G18-$K18 | M18: =$L18-MAX($L$5:$L$51) | P18: =IF('1_手取り'!$B$8="なし","",INDEX(標準報酬!$B$4:$B$53,MATCH('1_手取り'!$B$9,標準報酬!$A$4:$A$53,1))) | Q18: =IF($P18="",0,IF(ROUND($P18*($B18+'1_手取り'!$F$7)/2,4)<=0.5,0,ROUNDUP(ROUND($P18*($B18+'1_手取り'!$F$7)/2,4)-0.5,0))+IF(ROUND($P18*料率!$E$5/2,4)<=0.5,0,ROUNDUP(ROUND($P18*料率!$E$5/2,4)-0.5,0))+IF(ROUND(MIN(MAX($P18,88000),650000)*料率!$E$6/2,4)<=0.5,0,ROUNDUP(ROUND(MIN(MAX($P18,88000),650000)*料率!$E$6/2,4)-0.5,0))+IF(ROUND('1_手取り'!$B$9*INDEX(料率!$E$8:$E$10,MATCH('1_手取り'!$B$6,料率!$D$8:$D$10,0)),4)<=0.5,0,ROUNDUP(ROUND('1_手取り'!$B$9*INDEX(料率!$E$8:$E$10,MATCH('1_手取り'!$B$6,料率!$D$8:$D$10,0)),4)-0.5,0)))
A19: 新潟県 | B19: =INDEX(料率!$B$4:$B$50,MATCH($A19,料率!$A$4:$A$50,0)) | C19: =IF(ROUND('1_手取り'!$F$4*($B19+'1_手取り'!$F$7)/2,4)<=0.5,0,ROUNDUP(ROUND('1_手取り'!$F$4*($B19+'1_手取り'!$F$7)/2,4)-0.5,0)) | D19: ='1_手取り'!$F$9 | E19: ='1_手取り'!$F$10 | F19: ='1_手取り'!$F$11 | G19: =SUM($C19:$F19) | H19: =IF('1_手取り'!$B$8="なし",0,'1_手取り'!$B$9-$Q19) | I19: =IF(OR('1_手取り'!$B$8="なし",$H19<=0),"前月の給与なし",IF(('1_手取り'!$B$3-$G19)>$H19*10,"10倍超","算出率の表")) | J19: =IF($I19="算出率の表",INDEX(算出率!$A$4:$A$24,MATCH($H19,INDEX(算出率!$B$4:$I$24,0,'1_手取り'!$B$7+1),1)),"") | K19: =IF($I19="算出率の表",ROUNDDOWN(ROUND(('1_手取り'!$B$3-$G19)*$J19,4),0),IF($I19="前月の給与なし",IF(ROUNDDOWN(('1_手取り'!$B$3-$G19)/'1_手取り'!$F$16,0)<105000,0,IF(ROUNDDOWN(('1_手取り'!$B$3-$G19)/'1_手取り'!$F$16,0)<740000,INDEX(月額表!$B$4:$I$234,MATCH(ROUNDDOWN(('1_手取り'!$B$3-$G19)/'1_手取り'!$F$16,0),月額表!$A$4:$A$234,1),'1_手取り'!$B$7+1),INDEX(月額表!$M$4:$T$12,MATCH(ROUNDDOWN(('1_手取り'!$B$3-$G19)/'1_手取り'!$F$16,0),月額表!$K$4:$K$12,1),'1_手取り'!$B$7+1)+ROUNDDOWN(ROUND((ROUNDDOWN(('1_手取り'!$B$3-$G19)/'1_手取り'!$F$16,0)-INDEX(月額表!$K$4:$K$12,MATCH(ROUNDDOWN(('1_手取り'!$B$3-$G19)/'1_手取り'!$F$16,0),月額表!$K$4:$K$12,1)))*INDEX(月額表!$L$4:$L$12,MATCH(ROUNDDOWN(('1_手取り'!$B$3-$G19)/'1_手取り'!$F$16,0),月額表!$K$4:$K$12,1)),4),0)))*'1_手取り'!$F$16,(IF((ROUNDDOWN(('1_手取り'!$B$3-$G19)/'1_手取り'!$F$16,0)+$H19)<105000,0,IF((ROUNDDOWN(('1_手取り'!$B$3-$G19)/'1_手取り'!$F$16,0)+$H19)<740000,INDEX(月額表!$B$4:$I$234,MATCH((ROUNDDOWN(('1_手取り'!$B$3-$G19)/'1_手取り'!$F$16,0)+$H19),月額表!$A$4:$A$234,1),'1_手取り'!$B$7+1),INDEX(月額表!$M$4:$T$12,MATCH((ROUNDDOWN(('1_手取り'!$B$3-$G19)/'1_手取り'!$F$16,0)+$H19),月額表!$K$4:$K$12,1),'1_手取り'!$B$7+1)+ROUNDDOWN(ROUND(((ROUNDDOWN(('1_手取り'!$B$3-$G19)/'1_手取り'!$F$16,0)+$H19)-INDEX(月額表!$K$4:$K$12,MATCH((ROUNDDOWN(('1_手取り'!$B$3-$G19)/'1_手取り'!$F$16,0)+$H19),月額表!$K$4:$K$12,1)))*INDEX(月額表!$L$4:$L$12,MATCH((ROUNDDOWN(('1_手取り'!$B$3-$G19)/'1_手取り'!$F$16,0)+$H19),月額表!$K$4:$K$12,1)),4),0)))-IF($H19<105000,0,IF($H19<740000,INDEX(月額表!$B$4:$I$234,MATCH($H19,月額表!$A$4:$A$234,1),'1_手取り'!$B$7+1),INDEX(月額表!$M$4:$T$12,MATCH($H19,月額表!$K$4:$K$12,1),'1_手取り'!$B$7+1)+ROUNDDOWN(ROUND(($H19-INDEX(月額表!$K$4:$K$12,MATCH($H19,月額表!$K$4:$K$12,1)))*INDEX(月額表!$L$4:$L$12,MATCH($H19,月額表!$K$4:$K$12,1)),4),0))))*'1_手取り'!$F$16)) | L19: ='1_手取り'!$B$3-$G19-$K19 | M19: =$L19-MAX($L$5:$L$51) | P19: =IF('1_手取り'!$B$8="なし","",INDEX(標準報酬!$B$4:$B$53,MATCH('1_手取り'!$B$9,標準報酬!$A$4:$A$53,1))) | Q19: =IF($P19="",0,IF(ROUND($P19*($B19+'1_手取り'!$F$7)/2,4)<=0.5,0,ROUNDUP(ROUND($P19*($B19+'1_手取り'!$F$7)/2,4)-0.5,0))+IF(ROUND($P19*料率!$E$5/2,4)<=0.5,0,ROUNDUP(ROUND($P19*料率!$E$5/2,4)-0.5,0))+IF(ROUND(MIN(MAX($P19,88000),650000)*料率!$E$6/2,4)<=0.5,0,ROUNDUP(ROUND(MIN(MAX($P19,88000),650000)*料率!$E$6/2,4)-0.5,0))+IF(ROUND('1_手取り'!$B$9*INDEX(料率!$E$8:$E$10,MATCH('1_手取り'!$B$6,料率!$D$8:$D$10,0)),4)<=0.5,0,ROUNDUP(ROUND('1_手取り'!$B$9*INDEX(料率!$E$8:$E$10,MATCH('1_手取り'!$B$6,料率!$D$8:$D$10,0)),4)-0.5,0)))
A20: 富山県 | B20: =INDEX(料率!$B$4:$B$50,MATCH($A20,料率!$A$4:$A$50,0)) | C20: =IF(ROUND('1_手取り'!$F$4*($B20+'1_手取り'!$F$7)/2,4)<=0.5,0,ROUNDUP(ROUND('1_手取り'!$F$4*($B20+'1_手取り'!$F$7)/2,4)-0.5,0)) | D20: ='1_手取り'!$F$9 | E20: ='1_手取り'!$F$10 | F20: ='1_手取り'!$F$11 | G20: =SUM($C20:$F20) | H20: =IF('1_手取り'!$B$8="なし",0,'1_手取り'!$B$9-$Q20) | I20: =IF(OR('1_手取り'!$B$8="なし",$H20<=0),"前月の給与なし",IF(('1_手取り'!$B$3-$G20)>$H20*10,"10倍超","算出率の表")) | J20: =IF($I20="算出率の表",INDEX(算出率!$A$4:$A$24,MATCH($H20,INDEX(算出率!$B$4:$I$24,0,'1_手取り'!$B$7+1),1)),"") | K20: =IF($I20="算出率の表",ROUNDDOWN(ROUND(('1_手取り'!$B$3-$G20)*$J20,4),0),IF($I20="前月の給与なし",IF(ROUNDDOWN(('1_手取り'!$B$3-$G20)/'1_手取り'!$F$16,0)<105000,0,IF(ROUNDDOWN(('1_手取り'!$B$3-$G20)/'1_手取り'!$F$16,0)<740000,INDEX(月額表!$B$4:$I$234,MATCH(ROUNDDOWN(('1_手取り'!$B$3-$G20)/'1_手取り'!$F$16,0),月額表!$A$4:$A$234,1),'1_手取り'!$B$7+1),INDEX(月額表!$M$4:$T$12,MATCH(ROUNDDOWN(('1_手取り'!$B$3-$G20)/'1_手取り'!$F$16,0),月額表!$K$4:$K$12,1),'1_手取り'!$B$7+1)+ROUNDDOWN(ROUND((ROUNDDOWN(('1_手取り'!$B$3-$G20)/'1_手取り'!$F$16,0)-INDEX(月額表!$K$4:$K$12,MATCH(ROUNDDOWN(('1_手取り'!$B$3-$G20)/'1_手取り'!$F$16,0),月額表!$K$4:$K$12,1)))*INDEX(月額表!$L$4:$L$12,MATCH(ROUNDDOWN(('1_手取り'!$B$3-$G20)/'1_手取り'!$F$16,0),月額表!$K$4:$K$12,1)),4),0)))*'1_手取り'!$F$16,(IF((ROUNDDOWN(('1_手取り'!$B$3-$G20)/'1_手取り'!$F$16,0)+$H20)<105000,0,IF((ROUNDDOWN(('1_手取り'!$B$3-$G20)/'1_手取り'!$F$16,0)+$H20)<740000,INDEX(月額表!$B$4:$I$234,MATCH((ROUNDDOWN(('1_手取り'!$B$3-$G20)/'1_手取り'!$F$16,0)+$H20),月額表!$A$4:$A$234,1),'1_手取り'!$B$7+1),INDEX(月額表!$M$4:$T$12,MATCH((ROUNDDOWN(('1_手取り'!$B$3-$G20)/'1_手取り'!$F$16,0)+$H20),月額表!$K$4:$K$12,1),'1_手取り'!$B$7+1)+ROUNDDOWN(ROUND(((ROUNDDOWN(('1_手取り'!$B$3-$G20)/'1_手取り'!$F$16,0)+$H20)-INDEX(月額表!$K$4:$K$12,MATCH((ROUNDDOWN(('1_手取り'!$B$3-$G20)/'1_手取り'!$F$16,0)+$H20),月額表!$K$4:$K$12,1)))*INDEX(月額表!$L$4:$L$12,MATCH((ROUNDDOWN(('1_手取り'!$B$3-$G20)/'1_手取り'!$F$16,0)+$H20),月額表!$K$4:$K$12,1)),4),0)))-IF($H20<105000,0,IF($H20<740000,INDEX(月額表!$B$4:$I$234,MATCH($H20,月額表!$A$4:$A$234,1),'1_手取り'!$B$7+1),INDEX(月額表!$M$4:$T$12,MATCH($H20,月額表!$K$4:$K$12,1),'1_手取り'!$B$7+1)+ROUNDDOWN(ROUND(($H20-INDEX(月額表!$K$4:$K$12,MATCH($H20,月額表!$K$4:$K$12,1)))*INDEX(月額表!$L$4:$L$12,MATCH($H20,月額表!$K$4:$K$12,1)),4),0))))*'1_手取り'!$F$16)) | L20: ='1_手取り'!$B$3-$G20-$K20 | M20: =$L20-MAX($L$5:$L$51) | P20: =IF('1_手取り'!$B$8="なし","",INDEX(標準報酬!$B$4:$B$53,MATCH('1_手取り'!$B$9,標準報酬!$A$4:$A$53,1))) | Q20: =IF($P20="",0,IF(ROUND($P20*($B20+'1_手取り'!$F$7)/2,4)<=0.5,0,ROUNDUP(ROUND($P20*($B20+'1_手取り'!$F$7)/2,4)-0.5,0))+IF(ROUND($P20*料率!$E$5/2,4)<=0.5,0,ROUNDUP(ROUND($P20*料率!$E$5/2,4)-0.5,0))+IF(ROUND(MIN(MAX($P20,88000),650000)*料率!$E$6/2,4)<=0.5,0,ROUNDUP(ROUND(MIN(MAX($P20,88000),650000)*料率!$E$6/2,4)-0.5,0))+IF(ROUND('1_手取り'!$B$9*INDEX(料率!$E$8:$E$10,MATCH('1_手取り'!$B$6,料率!$D$8:$D$10,0)),4)<=0.5,0,ROUNDUP(ROUND('1_手取り'!$B$9*INDEX(料率!$E$8:$E$10,MATCH('1_手取り'!$B$6,料率!$D$8:$D$10,0)),4)-0.5,0)))
A21: 石川県 | B21: =INDEX(料率!$B$4:$B$50,MATCH($A21,料率!$A$4:$A$50,0)) | C21: =IF(ROUND('1_手取り'!$F$4*($B21+'1_手取り'!$F$7)/2,4)<=0.5,0,ROUNDUP(ROUND('1_手取り'!$F$4*($B21+'1_手取り'!$F$7)/2,4)-0.5,0)) | D21: ='1_手取り'!$F$9 | E21: ='1_手取り'!$F$10 | F21: ='1_手取り'!$F$11 | G21: =SUM($C21:$F21) | H21: =IF('1_手取り'!$B$8="なし",0,'1_手取り'!$B$9-$Q21) | I21: =IF(OR('1_手取り'!$B$8="なし",$H21<=0),"前月の給与なし",IF(('1_手取り'!$B$3-$G21)>$H21*10,"10倍超","算出率の表")) | J21: =IF($I21="算出率の表",INDEX(算出率!$A$4:$A$24,MATCH($H21,INDEX(算出率!$B$4:$I$24,0,'1_手取り'!$B$7+1),1)),"") | K21: =IF($I21="算出率の表",ROUNDDOWN(ROUND(('1_手取り'!$B$3-$G21)*$J21,4),0),IF($I21="前月の給与なし",IF(ROUNDDOWN(('1_手取り'!$B$3-$G21)/'1_手取り'!$F$16,0)<105000,0,IF(ROUNDDOWN(('1_手取り'!$B$3-$G21)/'1_手取り'!$F$16,0)<740000,INDEX(月額表!$B$4:$I$234,MATCH(ROUNDDOWN(('1_手取り'!$B$3-$G21)/'1_手取り'!$F$16,0),月額表!$A$4:$A$234,1),'1_手取り'!$B$7+1),INDEX(月額表!$M$4:$T$12,MATCH(ROUNDDOWN(('1_手取り'!$B$3-$G21)/'1_手取り'!$F$16,0),月額表!$K$4:$K$12,1),'1_手取り'!$B$7+1)+ROUNDDOWN(ROUND((ROUNDDOWN(('1_手取り'!$B$3-$G21)/'1_手取り'!$F$16,0)-INDEX(月額表!$K$4:$K$12,MATCH(ROUNDDOWN(('1_手取り'!$B$3-$G21)/'1_手取り'!$F$16,0),月額表!$K$4:$K$12,1)))*INDEX(月額表!$L$4:$L$12,MATCH(ROUNDDOWN(('1_手取り'!$B$3-$G21)/'1_手取り'!$F$16,0),月額表!$K$4:$K$12,1)),4),0)))*'1_手取り'!$F$16,(IF((ROUNDDOWN(('1_手取り'!$B$3-$G21)/'1_手取り'!$F$16,0)+$H21)<105000,0,IF((ROUNDDOWN(('1_手取り'!$B$3-$G21)/'1_手取り'!$F$16,0)+$H21)<740000,INDEX(月額表!$B$4:$I$234,MATCH((ROUNDDOWN(('1_手取り'!$B$3-$G21)/'1_手取り'!$F$16,0)+$H21),月額表!$A$4:$A$234,1),'1_手取り'!$B$7+1),INDEX(月額表!$M$4:$T$12,MATCH((ROUNDDOWN(('1_手取り'!$B$3-$G21)/'1_手取り'!$F$16,0)+$H21),月額表!$K$4:$K$12,1),'1_手取り'!$B$7+1)+ROUNDDOWN(ROUND(((ROUNDDOWN(('1_手取り'!$B$3-$G21)/'1_手取り'!$F$16,0)+$H21)-INDEX(月額表!$K$4:$K$12,MATCH((ROUNDDOWN(('1_手取り'!$B$3-$G21)/'1_手取り'!$F$16,0)+$H21),月額表!$K$4:$K$12,1)))*INDEX(月額表!$L$4:$L$12,MATCH((ROUNDDOWN(('1_手取り'!$B$3-$G21)/'1_手取り'!$F$16,0)+$H21),月額表!$K$4:$K$12,1)),4),0)))-IF($H21<105000,0,IF($H21<740000,INDEX(月額表!$B$4:$I$234,MATCH($H21,月額表!$A$4:$A$234,1),'1_手取り'!$B$7+1),INDEX(月額表!$M$4:$T$12,MATCH($H21,月額表!$K$4:$K$12,1),'1_手取り'!$B$7+1)+ROUNDDOWN(ROUND(($H21-INDEX(月額表!$K$4:$K$12,MATCH($H21,月額表!$K$4:$K$12,1)))*INDEX(月額表!$L$4:$L$12,MATCH($H21,月額表!$K$4:$K$12,1)),4),0))))*'1_手取り'!$F$16)) | L21: ='1_手取り'!$B$3-$G21-$K21 | M21: =$L21-MAX($L$5:$L$51) | P21: =IF('1_手取り'!$B$8="なし","",INDEX(標準報酬!$B$4:$B$53,MATCH('1_手取り'!$B$9,標準報酬!$A$4:$A$53,1))) | Q21: =IF($P21="",0,IF(ROUND($P21*($B21+'1_手取り'!$F$7)/2,4)<=0.5,0,ROUNDUP(ROUND($P21*($B21+'1_手取り'!$F$7)/2,4)-0.5,0))+IF(ROUND($P21*料率!$E$5/2,4)<=0.5,0,ROUNDUP(ROUND($P21*料率!$E$5/2,4)-0.5,0))+IF(ROUND(MIN(MAX($P21,88000),650000)*料率!$E$6/2,4)<=0.5,0,ROUNDUP(ROUND(MIN(MAX($P21,88000),650000)*料率!$E$6/2,4)-0.5,0))+IF(ROUND('1_手取り'!$B$9*INDEX(料率!$E$8:$E$10,MATCH('1_手取り'!$B$6,料率!$D$8:$D$10,0)),4)<=0.5,0,ROUNDUP(ROUND('1_手取り'!$B$9*INDEX(料率!$E$8:$E$10,MATCH('1_手取り'!$B$6,料率!$D$8:$D$10,0)),4)-0.5,0)))
A22: 福井県 | B22: =INDEX(料率!$B$4:$B$50,MATCH($A22,料率!$A$4:$A$50,0)) | C22: =IF(ROUND('1_手取り'!$F$4*($B22+'1_手取り'!$F$7)/2,4)<=0.5,0,ROUNDUP(ROUND('1_手取り'!$F$4*($B22+'1_手取り'!$F$7)/2,4)-0.5,0)) | D22: ='1_手取り'!$F$9 | E22: ='1_手取り'!$F$10 | F22: ='1_手取り'!$F$11 | G22: =SUM($C22:$F22) | H22: =IF('1_手取り'!$B$8="なし",0,'1_手取り'!$B$9-$Q22) | I22: =IF(OR('1_手取り'!$B$8="なし",$H22<=0),"前月の給与なし",IF(('1_手取り'!$B$3-$G22)>$H22*10,"10倍超","算出率の表")) | J22: =IF($I22="算出率の表",INDEX(算出率!$A$4:$A$24,MATCH($H22,INDEX(算出率!$B$4:$I$24,0,'1_手取り'!$B$7+1),1)),"") | K22: =IF($I22="算出率の表",ROUNDDOWN(ROUND(('1_手取り'!$B$3-$G22)*$J22,4),0),IF($I22="前月の給与なし",IF(ROUNDDOWN(('1_手取り'!$B$3-$G22)/'1_手取り'!$F$16,0)<105000,0,IF(ROUNDDOWN(('1_手取り'!$B$3-$G22)/'1_手取り'!$F$16,0)<740000,INDEX(月額表!$B$4:$I$234,MATCH(ROUNDDOWN(('1_手取り'!$B$3-$G22)/'1_手取り'!$F$16,0),月額表!$A$4:$A$234,1),'1_手取り'!$B$7+1),INDEX(月額表!$M$4:$T$12,MATCH(ROUNDDOWN(('1_手取り'!$B$3-$G22)/'1_手取り'!$F$16,0),月額表!$K$4:$K$12,1),'1_手取り'!$B$7+1)+ROUNDDOWN(ROUND((ROUNDDOWN(('1_手取り'!$B$3-$G22)/'1_手取り'!$F$16,0)-INDEX(月額表!$K$4:$K$12,MATCH(ROUNDDOWN(('1_手取り'!$B$3-$G22)/'1_手取り'!$F$16,0),月額表!$K$4:$K$12,1)))*INDEX(月額表!$L$4:$L$12,MATCH(ROUNDDOWN(('1_手取り'!$B$3-$G22)/'1_手取り'!$F$16,0),月額表!$K$4:$K$12,1)),4),0)))*'1_手取り'!$F$16,(IF((ROUNDDOWN(('1_手取り'!$B$3-$G22)/'1_手取り'!$F$16,0)+$H22)<105000,0,IF((ROUNDDOWN(('1_手取り'!$B$3-$G22)/'1_手取り'!$F$16,0)+$H22)<740000,INDEX(月額表!$B$4:$I$234,MATCH((ROUNDDOWN(('1_手取り'!$B$3-$G22)/'1_手取り'!$F$16,0)+$H22),月額表!$A$4:$A$234,1),'1_手取り'!$B$7+1),INDEX(月額表!$M$4:$T$12,MATCH((ROUNDDOWN(('1_手取り'!$B$3-$G22)/'1_手取り'!$F$16,0)+$H22),月額表!$K$4:$K$12,1),'1_手取り'!$B$7+1)+ROUNDDOWN(ROUND(((ROUNDDOWN(('1_手取り'!$B$3-$G22)/'1_手取り'!$F$16,0)+$H22)-INDEX(月額表!$K$4:$K$12,MATCH((ROUNDDOWN(('1_手取り'!$B$3-$G22)/'1_手取り'!$F$16,0)+$H22),月額表!$K$4:$K$12,1)))*INDEX(月額表!$L$4:$L$12,MATCH((ROUNDDOWN(('1_手取り'!$B$3-$G22)/'1_手取り'!$F$16,0)+$H22),月額表!$K$4:$K$12,1)),4),0)))-IF($H22<105000,0,IF($H22<740000,INDEX(月額表!$B$4:$I$234,MATCH($H22,月額表!$A$4:$A$234,1),'1_手取り'!$B$7+1),INDEX(月額表!$M$4:$T$12,MATCH($H22,月額表!$K$4:$K$12,1),'1_手取り'!$B$7+1)+ROUNDDOWN(ROUND(($H22-INDEX(月額表!$K$4:$K$12,MATCH($H22,月額表!$K$4:$K$12,1)))*INDEX(月額表!$L$4:$L$12,MATCH($H22,月額表!$K$4:$K$12,1)),4),0))))*'1_手取り'!$F$16)) | L22: ='1_手取り'!$B$3-$G22-$K22 | M22: =$L22-MAX($L$5:$L$51) | P22: =IF('1_手取り'!$B$8="なし","",INDEX(標準報酬!$B$4:$B$53,MATCH('1_手取り'!$B$9,標準報酬!$A$4:$A$53,1))) | Q22: =IF($P22="",0,IF(ROUND($P22*($B22+'1_手取り'!$F$7)/2,4)<=0.5,0,ROUNDUP(ROUND($P22*($B22+'1_手取り'!$F$7)/2,4)-0.5,0))+IF(ROUND($P22*料率!$E$5/2,4)<=0.5,0,ROUNDUP(ROUND($P22*料率!$E$5/2,4)-0.5,0))+IF(ROUND(MIN(MAX($P22,88000),650000)*料率!$E$6/2,4)<=0.5,0,ROUNDUP(ROUND(MIN(MAX($P22,88000),650000)*料率!$E$6/2,4)-0.5,0))+IF(ROUND('1_手取り'!$B$9*INDEX(料率!$E$8:$E$10,MATCH('1_手取り'!$B$6,料率!$D$8:$D$10,0)),4)<=0.5,0,ROUNDUP(ROUND('1_手取り'!$B$9*INDEX(料率!$E$8:$E$10,MATCH('1_手取り'!$B$6,料率!$D$8:$D$10,0)),4)-0.5,0)))
... A51: 沖縄県 | B51: =INDEX(料率!$B$4:$B$50,MATCH($A51,料率!$A$4:$A$50,0)) | C51: =IF(ROUND('1_手取り'!$F$4*($B51+'1_手取り'!$F$7)/2,4)<=0.5,0,ROUNDUP(ROUND('1_手取り'!$F$4*($B51+'1_手取り'!$F$7)/2,4)-0.5,0)) | D51: ='1_手取り'!$F$9 | E51: ='1_手取り'!$F$10 | F51: ='1_手取り'!$F$11 | G51: =SUM($C51:$F51) | H51: =IF('1_手取り'!$B$8="なし",0,'1_手取り'!$B$9-$Q51) | I51: =IF(OR('1_手取り'!$B$8="なし",$H51<=0),"前月の給与なし",IF(('1_手取り'!$B$3-$G51)>$H51*10,"10倍超","算出率の表")) | J51: =IF($I51="算出率の表",INDEX(算出率!$A$4:$A$24,MATCH($H51,INDEX(算出率!$B$4:$I$24,0,'1_手取り'!$B$7+1),1)),"") | K51: =IF($I51="算出率の表",ROUNDDOWN(ROUND(('1_手取り'!$B$3-$G51)*$J51,4),0),IF($I51="前月の給与なし",IF(ROUNDDOWN(('1_手取り'!$B$3-$G51)/'1_手取り'!$F$16,0)<105000,0,IF(ROUNDDOWN(('1_手取り'!$B$3-$G51)/'1_手取り'!$F$16,0)<740000,INDEX(月額表!$B$4:$I$234,MATCH(ROUNDDOWN(('1_手取り'!$B$3-$G51)/'1_手取り'!$F$16,0),月額表!$A$4:$A$234,1),'1_手取り'!$B$7+1),INDEX(月額表!$M$4:$T$12,MATCH(ROUNDDOWN(('1_手取り'!$B$3-$G51)/'1_手取り'!$F$16,0),月額表!$K$4:$K$12,1),'1_手取り'!$B$7+1)+ROUNDDOWN(ROUND((ROUNDDOWN(('1_手取り'!$B$3-$G51)/'1_手取り'!$F$16,0)-INDEX(月額表!$K$4:$K$12,MATCH(ROUNDDOWN(('1_手取り'!$B$3-$G51)/'1_手取り'!$F$16,0),月額表!$K$4:$K$12,1)))*INDEX(月額表!$L$4:$L$12,MATCH(ROUNDDOWN(('1_手取り'!$B$3-$G51)/'1_手取り'!$F$16,0),月額表!$K$4:$K$12,1)),4),0)))*'1_手取り'!$F$16,(IF((ROUNDDOWN(('1_手取り'!$B$3-$G51)/'1_手取り'!$F$16,0)+$H51)<105000,0,IF((ROUNDDOWN(('1_手取り'!$B$3-$G51)/'1_手取り'!$F$16,0)+$H51)<740000,INDEX(月額表!$B$4:$I$234,MATCH((ROUNDDOWN(('1_手取り'!$B$3-$G51)/'1_手取り'!$F$16,0)+$H51),月額表!$A$4:$A$234,1),'1_手取り'!$B$7+1),INDEX(月額表!$M$4:$T$12,MATCH((ROUNDDOWN(('1_手取り'!$B$3-$G51)/'1_手取り'!$F$16,0)+$H51),月額表!$K$4:$K$12,1),'1_手取り'!$B$7+1)+ROUNDDOWN(ROUND(((ROUNDDOWN(('1_手取り'!$B$3-$G51)/'1_手取り'!$F$16,0)+$H51)-INDEX(月額表!$K$4:$K$12,MATCH((ROUNDDOWN(('1_手取り'!$B$3-$G51)/'1_手取り'!$F$16,0)+$H51),月額表!$K$4:$K$12,1)))*INDEX(月額表!$L$4:$L$12,MATCH((ROUNDDOWN(('1_手取り'!$B$3-$G51)/'1_手取り'!$F$16,0)+$H51),月額表!$K$4:$K$12,1)),4),0)))-IF($H51<105000,0,IF($H51<740000,INDEX(月額表!$B$4:$I$234,MATCH($H51,月額表!$A$4:$A$234,1),'1_手取り'!$B$7+1),INDEX(月額表!$M$4:$T$12,MATCH($H51,月額表!$K$4:$K$12,1),'1_手取り'!$B$7+1)+ROUNDDOWN(ROUND(($H51-INDEX(月額表!$K$4:$K$12,MATCH($H51,月額表!$K$4:$K$12,1)))*INDEX(月額表!$L$4:$L$12,MATCH($H51,月額表!$K$4:$K$12,1)),4),0))))*'1_手取り'!$F$16)) | L51: ='1_手取り'!$B$3-$G51-$K51 | M51: =$L51-MAX($L$5:$L$51) | P51: =IF('1_手取り'!$B$8="なし","",INDEX(標準報酬!$B$4:$B$53,MATCH('1_手取り'!$B$9,標準報酬!$A$4:$A$53,1))) | Q51: =IF($P51="",0,IF(ROUND($P51*($B51+'1_手取り'!$F$7)/2,4)<=0.5,0,ROUNDUP(ROUND($P51*($B51+'1_手取り'!$F$7)/2,4)-0.5,0))+IF(ROUND($P51*料率!$E$5/2,4)<=0.5,0,ROUNDUP(ROUND($P51*料率!$E$5/2,4)-0.5,0))+IF(ROUND(MIN(MAX($P51,88000),650000)*料率!$E$6/2,4)<=0.5,0,ROUNDUP(ROUND(MIN(MAX($P51,88000),650000)*料率!$E$6/2,4)-0.5,0))+IF(ROUND('1_手取り'!$B$9*INDEX(料率!$E$8:$E$10,MATCH('1_手取り'!$B$6,料率!$D$8:$D$10,0)),4)<=0.5,0,ROUNDUP(ROUND('1_手取り'!$B$9*INDEX(料率!$E$8:$E$10,MATCH('1_手取り'!$B$6,料率!$D$8:$D$10,0)),4)-0.5,0)))

Sheet 4_国税庁の例で検算
A1: 国税庁タックスアンサー No.2523 の3つの例を、1_手取りと同じ式で出して突き合わせる
A3: 例 | B3: 前月の給与なし | C3: 前月の社会保険料等控除後 | D3: 社会保険料等控除後の賞与 | E3: 扶養親族等の数 | F3: 割る数 | G3: 計算のしかた | H3: 率 | I3: 源泉所得税 | J3: 国税庁の答え | K3: 一致
A4: 通常の場合 | B4: いいえ | C4: 285454 | D4: 389558 | E4: 3 | F4: 6 | G4: =IF(OR($B4="はい",$C4<=0),"前月の給与なし",IF($D4>$C4*10,"10倍超","算出率の表")) | H4: =IF($G4="算出率の表",INDEX(算出率!$A$4:$A$24,MATCH($C4,INDEX(算出率!$B$4:$I$24,0,$E4+1),1)),"") | I4: =IF($G4="算出率の表",ROUNDDOWN(ROUND($D4*$H4,4),0),IF($G4="前月の給与なし",IF(ROUNDDOWN($D4/$F4,0)<105000,0,IF(ROUNDDOWN($D4/$F4,0)<740000,INDEX(月額表!$B$4:$I$234,MATCH(ROUNDDOWN($D4/$F4,0),月額表!$A$4:$A$234,1),$E4+1),INDEX(月額表!$M$4:$T$12,MATCH(ROUNDDOWN($D4/$F4,0),月額表!$K$4:$K$12,1),$E4+1)+ROUNDDOWN(ROUND((ROUNDDOWN($D4/$F4,0)-INDEX(月額表!$K$4:$K$12,MATCH(ROUNDDOWN($D4/$F4,0),月額表!$K$4:$K$12,1)))*INDEX(月額表!$L$4:$L$12,MATCH(ROUNDDOWN($D4/$F4,0),月額表!$K$4:$K$12,1)),4),0)))*$F4,(IF((ROUNDDOWN($D4/$F4,0)+$C4)<105000,0,IF((ROUNDDOWN($D4/$F4,0)+$C4)<740000,INDEX(月額表!$B$4:$I$234,MATCH((ROUNDDOWN($D4/$F4,0)+$C4),月額表!$A$4:$A$234,1),$E4+1),INDEX(月額表!$M$4:$T$12,MATCH((ROUNDDOWN($D4/$F4,0)+$C4),月額表!$K$4:$K$12,1),$E4+1)+ROUNDDOWN(ROUND(((ROUNDDOWN($D4/$F4,0)+$C4)-INDEX(月額表!$K$4:$K$12,MATCH((ROUNDDOWN($D4/$F4,0)+$C4),月額表!$K$4:$K$12,1)))*INDEX(月額表!$L$4:$L$12,MATCH((ROUNDDOWN($D4/$F4,0)+$C4),月額表!$K$4:$K$12,1)),4),0)))-IF($C4<105000,0,IF($C4<740000,INDEX(月額表!$B$4:$I$234,MATCH($C4,月額表!$A$4:$A$234,1),$E4+1),INDEX(月額表!$M$4:$T$12,MATCH($C4,月額表!$K$4:$K$12,1),$E4+1)+ROUNDDOWN(ROUND(($C4-INDEX(月額表!$K$4:$K$12,MATCH($C4,月額表!$K$4:$K$12,1)))*INDEX(月額表!$L$4:$L$12,MATCH($C4,月額表!$K$4:$K$12,1)),4),0))))*$F4)) | J4: 7954 | K4: =IF($I4=$J4,"一致","違う")
A5: 前月の給与の10倍を超える場合 | B5: いいえ | C5: 166531 | D5: 1668062 | E5: 1 | F5: 6 | G5: =IF(OR($B5="はい",$C5<=0),"前月の給与なし",IF($D5>$C5*10,"10倍超","算出率の表")) | H5: =IF($G5="算出率の表",INDEX(算出率!$A$4:$A$24,MATCH($C5,INDEX(算出率!$B$4:$I$24,0,$E5+1),1)),"") | I5: =IF($G5="算出率の表",ROUNDDOWN(ROUND($D5*$H5,4),0),IF($G5="前月の給与なし",IF(ROUNDDOWN($D5/$F5,0)<105000,0,IF(ROUNDDOWN($D5/$F5,0)<740000,INDEX(月額表!$B$4:$I$234,MATCH(ROUNDDOWN($D5/$F5,0),月額表!$A$4:$A$234,1),$E5+1),INDEX(月額表!$M$4:$T$12,MATCH(ROUNDDOWN($D5/$F5,0),月額表!$K$4:$K$12,1),$E5+1)+ROUNDDOWN(ROUND((ROUNDDOWN($D5/$F5,0)-INDEX(月額表!$K$4:$K$12,MATCH(ROUNDDOWN($D5/$F5,0),月額表!$K$4:$K$12,1)))*INDEX(月額表!$L$4:$L$12,MATCH(ROUNDDOWN($D5/$F5,0),月額表!$K$4:$K$12,1)),4),0)))*$F5,(IF((ROUNDDOWN($D5/$F5,0)+$C5)<105000,0,IF((ROUNDDOWN($D5/$F5,0)+$C5)<740000,INDEX(月額表!$B$4:$I$234,MATCH((ROUNDDOWN($D5/$F5,0)+$C5),月額表!$A$4:$A$234,1),$E5+1),INDEX(月額表!$M$4:$T$12,MATCH((ROUNDDOWN($D5/$F5,0)+$C5),月額表!$K$4:$K$12,1),$E5+1)+ROUNDDOWN(ROUND(((ROUNDDOWN($D5/$F5,0)+$C5)-INDEX(月額表!$K$4:$K$12,MATCH((ROUNDDOWN($D5/$F5,0)+$C5),月額表!$K$4:$K$12,1)))*INDEX(月額表!$L$4:$L$12,MATCH((ROUNDDOWN($D5/$F5,0)+$C5),月額表!$K$4:$K$12,1)),4),0)))-IF($C5<105000,0,IF($C5<740000,INDEX(月額表!$B$4:$I$234,MATCH($C5,月額表!$A$4:$A$234,1),$E5+1),INDEX(月額表!$M$4:$T$12,MATCH($C5,月額表!$K$4:$K$12,1),$E5+1)+ROUNDDOWN(ROUND(($C5-INDEX(月額表!$K$4:$K$12,MATCH($C5,月額表!$K$4:$K$12,1)))*INDEX(月額表!$L$4:$L$12,MATCH($C5,月額表!$K$4:$K$12,1)),4),0))))*$F5)) | J5: 87540 | K5: =IF($I5=$J5,"一致","違う")
A6: 前月に給与の支払がない場合 | B6: はい | C6: 0 | D6: 769300 | E6: 0 | F6: 6 | G6: =IF(OR($B6="はい",$C6<=0),"前月の給与なし",IF($D6>$C6*10,"10倍超","算出率の表")) | H6: =IF($G6="算出率の表",INDEX(算出率!$A$4:$A$24,MATCH($C6,INDEX(算出率!$B$4:$I$24,0,$E6+1),1)),"") | I6: =IF($G6="算出率の表",ROUNDDOWN(ROUND($D6*$H6,4),0),IF($G6="前月の給与なし",IF(ROUNDDOWN($D6/$F6,0)<105000,0,IF(ROUNDDOWN($D6/$F6,0)<740000,INDEX(月額表!$B$4:$I$234,MATCH(ROUNDDOWN($D6/$F6,0),月額表!$A$4:$A$234,1),$E6+1),INDEX(月額表!$M$4:$T$12,MATCH(ROUNDDOWN($D6/$F6,0),月額表!$K$4:$K$12,1),$E6+1)+ROUNDDOWN(ROUND((ROUNDDOWN($D6/$F6,0)-INDEX(月額表!$K$4:$K$12,MATCH(ROUNDDOWN($D6/$F6,0),月額表!$K$4:$K$12,1)))*INDEX(月額表!$L$4:$L$12,MATCH(ROUNDDOWN($D6/$F6,0),月額表!$K$4:$K$12,1)),4),0)))*$F6,(IF((ROUNDDOWN($D6/$F6,0)+$C6)<105000,0,IF((ROUNDDOWN($D6/$F6,0)+$C6)<740000,INDEX(月額表!$B$4:$I$234,MATCH((ROUNDDOWN($D6/$F6,0)+$C6),月額表!$A$4:$A$234,1),$E6+1),INDEX(月額表!$M$4:$T$12,MATCH((ROUNDDOWN($D6/$F6,0)+$C6),月額表!$K$4:$K$12,1),$E6+1)+ROUNDDOWN(ROUND(((ROUNDDOWN($D6/$F6,0)+$C6)-INDEX(月額表!$K$4:$K$12,MATCH((ROUNDDOWN($D6/$F6,0)+$C6),月額表!$K$4:$K$12,1)))*INDEX(月額表!$L$4:$L$12,MATCH((ROUNDDOWN($D6/$F6,0)+$C6),月額表!$K$4:$K$12,1)),4),0)))-IF($C6<105000,0,IF($C6<740000,INDEX(月額表!$B$4:$I$234,MATCH($C6,月額表!$A$4:$A$234,1),$E6+1),INDEX(月額表!$M$4:$T$12,MATCH($C6,月額表!$K$4:$K$12,1),$E6+1)+ROUNDDOWN(ROUND(($C6-INDEX(月額表!$K$4:$K$12,MATCH($C6,月額表!$K$4:$K$12,1)))*INDEX(月額表!$L$4:$L$12,MATCH($C6,月額表!$K$4:$K$12,1)),4),0))))*$F6)) | J6: 7800 | K6: =IF($I6=$J6,"一致","違う")
A8: 国税庁の答えは、タックスアンサー No.2523（令和8年4月1日現在法令等）の具体例のとおり。2026年10月6日に確認

Sheet 5_使い方
A1: 使い方
A3: 1_手取り の黄色いセルを埋める。B3に賞与の額、B9とB10に前月の給与明細の課税対象額と社会保険料の計を入れる。
A4: 前月とは、賞与を払う月の前の月に払った給与のこと。12月10日に賞与が出るなら、11月に払われた給与を見る。
A5: F24に手取りが出る。下の「取り違えたとき」は、よくある間違え方で所得税がいくら違うかを出す。
A7: 社会保険料は、賞与の千円未満を切り捨てた標準賞与額に料率を掛けて半分にする。50銭以下は切り捨て、50銭を超えたら1円に切り上げる。
A8: 雇用保険料だけは、切り捨てる前の支給額に料率を掛ける。
A9: 子ども・子育て支援金は令和8年4月分から。健康保険料と別に出し、それぞれで端数を処理している。
A11: 所得税は、社会保険料を引いた賞与に、算出率の表の率を掛ける。率の行を決めるのは、前月の給与から社会保険料を引いた額と扶養親族等の数。
A12: 前月に給与の支払がない場合と、社会保険料を引いた賞与が前月の給与（社会保険料を引いた額）の10倍を超える場合は、月額表を使う。
A13: どちらも国税庁タックスアンサー No.2523 の手順どおり。4_国税庁の例で検算 で、3つの例が一致することを確かめている。
A15: 2_前月の給与別 は、A列に前月の総支給を並べて、同じ賞与の所得税と手取りを比べる。0は前月の給与なし。
A16: 3_都道府県別 は、協会けんぽの47支部の料率で同じ人の手取りを並べる。
... A31: この表は計算の確かめに使うもの。実際の控除額は勤め先の給与計算と、加入している保険者の料率で決まる。

Sheet 料率
A1: 協会けんぽ 令和8年度の料率（令和8年3月分から）と、厚生年金・雇用保険の料率。2026年10月6日に確認
A3: 都道府県 | B3: 健康保険料率 | D3: 項目 | E3: 率
A4: 北海道 | B4: 0.1028 | D4: 介護保険料率（40歳から64歳） | E4: 0.0162
A5: 青森県 | B5: 0.0985 | D5: 子ども・子育て支援金率 | E5: 0.0023
A6: 岩手県 | B6: 0.0951 | D6: 厚生年金保険料率 | E6: 0.183
A7: 宮城県 | B7: 0.101 | D7: 雇用保険料率（労働者負担）
A8: 秋田県 | B8: 0.1001 | D8: 一般の事業 | E8: 0.005
A9: 山形県 | B9: 0.0975 | D9: 農林水産・清酒製造の事業 | E9: 0.006
A10: 福島県 | B10: 0.095 | D10: 建設の事業 | E10: 0.006
A11: 茨城県 | B11: 0.0952 | D11: 健康保険の標準賞与額 年度累計の上限 | E11: 5730000
A12: 栃木県 | B12: 0.0982 | D12: 厚生年金の標準賞与額 1か月の上限 | E12: 1500000
A13: 群馬県 | B13: 0.0968
A14: 埼玉県 | B14: 0.0967
A15: 千葉県 | B15: 0.0973
A16: 東京都 | B16: 0.0985
A17: 神奈川県 | B17: 0.0992
A18: 新潟県 | B18: 0.0921
A19: 富山県 | B19: 0.0959
A20: 石川県 | B20: 0.097
A21: 福井県 | B21: 0.0971
A22: 山梨県 | B22: 0.0955
A23: 長野県 | B23: 0.0963
A24: 岐阜県 | B24: 0.098
... A50: 沖縄県 | B50: 0.0944

Sheet 算出率
A1: 賞与に対する源泉徴収税額の算出率の表（令和8年分）甲欄。B〜I列は前月の社会保険料等控除後の給与の下限（円）
A3: 率 | B3: 扶養0人 | C3: 扶養1人 | D3: 扶養2人 | E3: 扶養3人 | F3: 扶養4人 | G3: 扶養5人 | H3: 扶養6人 | I3: 扶養7人
A4: 0 | B4: 0 | C4: 0 | D4: 0 | E4: 0 | F4: 0 | G4: 0 | H4: 0 | I4: 0
A5: 0.02042 | B5: 82000 | C5: 107000 | D5: 143000 | E5: 181000 | F5: 218000 | G5: 251000 | H5: 284000 | I5: 317000
A6: 0.04084 | B6: 94000 | C6: 250000 | D6: 276000 | E6: 300000 | F6: 300000 | G6: 304000 | H6: 343000 | I6: 383000
A7: 0.06126 | B7: 260000 | C7: 289000 | D7: 321000 | E7: 354000 | F7: 387000 | G7: 412000 | H7: 438000 | I7: 463000
A8: 0.08168 | B8: 309000 | C8: 346000 | D8: 377000 | E8: 405000 | F8: 431000 | G8: 457000 | H8: 483000 | I8: 508000
A9: 0.1021 | B9: 342000 | C9: 373000 | D9: 400000 | E9: 424000 | F9: 452000 | G9: 479000 | H9: 505000 | I9: 529000
A10: 0.12252 | B10: 372000 | C10: 401000 | D10: 426000 | E10: 452000 | F10: 477000 | G10: 503000 | H10: 527000 | I10: 552000
A11: 0.14294 | B11: 402000 | C11: 430000 | D11: 457000 | E11: 484000 | F11: 509000 | G11: 531000 | H11: 553000 | I11: 578000
A12: 0.16336 | B12: 433000 | C12: 463000 | D12: 492000 | E12: 517000 | F12: 540000 | G12: 564000 | H12: 589000 | I12: 614000
A13: 0.18378 | B13: 520000 | C13: 520000 | D13: 525000 | E13: 550000 | F13: 577000 | G13: 604000 | H13: 630000 | I13: 657000
A14: 0.2042 | B14: 605000 | C14: 621000 | D14: 636000 | E14: 651000 | F14: 666000 | G14: 681000 | H14: 697000 | I14: 708000
A15: 0.22462 | B15: 684000 | C15: 705000 | D15: 728000 | E15: 751000 | F15: 774000 | G15: 798000 | H15: 821000 | I15: 845000
... A24: 0.45945 | B24: 3495000 | C24: 3527000 | D24: 3559000 | E24: 3590000 | F24: 3622000 | G24: 3654000 | H24: 3685000 | I24: 3717000

Sheet 月額表
A1: 給与所得の源泉徴収税額表 月額表（令和8年分）甲欄。A列はその行の下限。105,000円未満は0円
A3: 以上 | B3: 扶養0人 | C3: 扶養1人 | D3: 扶養2人 | E3: 扶養3人 | F3: 扶養4人 | G3: 扶養5人 | H3: 扶養6人 | I3: 扶養7人 | K3: 基準額 | L3: 超える分の率 | M3: 扶養0人 | N3: 扶養1人 | O3: 扶養2人 | P3: 扶養3人 | Q3: 扶養4人 | R3: 扶養5人 | S3: 扶養6人 | T3: 扶養7人
A4: 105000 | B4: 170 | C4: 0 | D4: 0 | E4: 0 | F4: 0 | G4: 0 | H4: 0 | I4: 0 | K4: 740000 | L4: 0.2042 | M4: 71680 | N4: 65210 | O4: 58750 | P4: 52290 | Q4: 45810 | R4: 39350 | S4: 32890 | T4: 26410
A5: 107000 | B5: 280 | C5: 0 | D5: 0 | E5: 0 | F5: 0 | G5: 0 | H5: 0 | I5: 0 | K5: 790000 | L5: 0.23483 | M5: 81890 | N5: 75420 | O5: 68960 | P5: 62500 | Q5: 56020 | R5: 49560 | S5: 43100 | T5: 36620
A6: 109000 | B6: 380 | C6: 0 | D6: 0 | E6: 0 | F6: 0 | G6: 0 | H6: 0 | I6: 0 | K6: 960000 | L6: 0.33693 | M6: 121820 | N6: 115340 | O6: 108880 | P6: 102420 | Q6: 95940 | R6: 89480 | S6: 83020 | T6: 76540
A7: 111000 | B7: 480 | C7: 0 | D7: 0 | E7: 0 | F7: 0 | G7: 0 | H7: 0 | I7: 0 | K7: 1710000 | L7: 0.4084 | M7: 374520 | N7: 368040 | O7: 361580 | P7: 355120 | Q7: 348640 | R7: 342180 | S7: 335720 | T7: 329240
A8: 113000 | B8: 580 | C8: 0 | D8: 0 | E8: 0 | F8: 0 | G8: 0 | H8: 0 | I8: 0 | K8: 2130000 | L8: 0.4084 | M8: 549440 | N8: 542970 | O8: 536500 | P8: 530040 | Q8: 523570 | R8: 517110 | S8: 510640 | T8: 504170
A9: 115000 | B9: 680 | C9: 0 | D9: 0 | E9: 0 | F9: 0 | G9: 0 | H9: 0 | I9: 0 | K9: 2170000 | L9: 0.4084 | M9: 571220 | N9: 564750 | O9: 558280 | P9: 551820 | Q9: 545350 | R9: 538880 | S9: 532420 | T9: 525950
A10: 117000 | B10: 790 | C10: 0 | D10: 0 | E10: 0 | F10: 0 | G10: 0 | H10: 0 | I10: 0 | K10: 2210000 | L10: 0.4084 | M10: 593000 | N10: 586520 | O10: 580060 | P10: 573600 | Q10: 567120 | R10: 560660 | S10: 554200 | T10: 547730
A11: 119000 | B11: 890 | C11: 0 | D11: 0 | E11: 0 | F11: 0 | G11: 0 | H11: 0 | I11: 0 | K11: 2250000 | L11: 0.4084 | M11: 614770 | N11: 608300 | O11: 601840 | P11: 595380 | Q11: 588900 | R11: 582440 | S11: 575980 | T11: 569500
A12: 121000 | B12: 990 | C12: 0 | D12: 0 | E12: 0 | F12: 0 | G12: 0 | H12: 0 | I12: 0 | K12: 3500000 | L12: 0.45945 | M12: 1125270 | N12: 1118800 | O12: 1112340 | P12: 1105880 | Q12: 1099400 | R12: 1092940 | S12: 1086480 | T12: 1080000
A13: 123000 | B13: 1090 | C13: 0 | D13: 0 | E13: 0 | F13: 0 | G13: 0 | H13: 0 | I13: 0
A14: 125000 | B14: 1190 | C14: 0 | D14: 0 | E14: 0 | F14: 0 | G14: 0 | H14: 0 | I14: 0 | K14: 740,000円以上は、基準額の税額に、基準額を超える金額にその率を掛けた額を足す（1円未満切り捨て）
A15: 127000 | B15: 1300 | C15: 0 | D15: 0 | E15: 0 | F15: 0 | G15: 0 | H15: 0 | I15: 0
A16: 129000 | B16: 1400 | C16: 0 | D16: 0 | E16: 0 | F16: 0 | G16: 0 | H16: 0 | I16: 0
A17: 131000 | B17: 1500 | C17: 0 | D17: 0 | E17: 0 | F17: 0 | G17: 0 | H17: 0 | I17: 0
A18: 133000 | B18: 1600 | C18: 0 | D18: 0 | E18: 0 | F18: 0 | G18: 0 | H18: 0 | I18: 0
A19: 135000 | B19: 1710 | C19: 0 | D19: 0 | E19: 0 | F19: 0 | G19: 0 | H19: 0 | I19: 0
A20: 137000 | B20: 1810 | C20: 190 | D20: 0 | E20: 0 | F20: 0 | G20: 0 | H20: 0 | I20: 0
A21: 139000 | B21: 1910 | C21: 300 | D21: 0 | E21: 0 | F21: 0 | G21: 0 | H21: 0 | I21: 0
A22: 141000 | B22: 2010 | C22: 400 | D22: 0 | E22: 0 | F22: 0 | G22: 0 | H22: 0 | I22: 0
A23: 143000 | B23: 2110 | C23: 500 | D23: 0 | E23: 0 | F23: 0 | G23: 0 | H23: 0 | I23: 0
A24: 145000 | B24: 2220 | C24: 600 | D24: 0 | E24: 0 | F24: 0 | G24: 0 | H24: 0 | I24: 0
A25: 147000 | B25: 2320 | C25: 700 | D25: 0 | E25: 0 | F25: 0 | G25: 0 | H25: 0 | I25: 0
A26: 149000 | B26: 2420 | C26: 810 | D26: 0 | E26: 0 | F26: 0 | G26: 0 | H26: 0 | I26: 0
... A234: 737000 | B234: 71380 | C234: 64900 | D234: 58440 | E234: 51980 | F234: 45510 | G234: 39040 | H234: 32580 | I234: 26110

Sheet 標準報酬
A1: 健康保険の標準報酬月額。報酬月額がA列以上なら、その行の標準報酬月額。厚生年金は88,000円から650,000円まで
A3: 報酬月額の下限 | B3: 標準報酬月額
A4: 0 | B4: 58000
A5: 63000 | B5: 68000
A6: 73000 | B6: 78000
A7: 83000 | B7: 88000
A8: 93000 | B8: 98000
A9: 101000 | B9: 104000
A10: 107000 | B10: 110000
A11: 114000 | B11: 118000
A12: 122000 | B12: 126000
A13: 130000 | B13: 134000
A14: 138000 | B14: 142000
A15: 146000 | B15: 150000
... A53: 1355000 | B53: 1390000
